Workbook
Name _Toc108178203: resources!$R$117
Name lessons: resources!$B:$S
Name lessons: statements!$B:$AG
Name lessons: #REF!

Sheet keystagesyllabuses
A1: Department | B1: Subject | C1: SubjectCode | D1: KeyStage | E1: Title | F1: ID
A2: Science Department | B2: Biology | C2: Bi | D2: 5 | E2: =_xlfn.CONCAT("Key Stage ",Table1315[[#This Row],[KeyStage]]," ",Table1315[[#This Row],[Subject]]) -> Key Stage 5 Biology | F2: =_xlfn.CONCAT("KS",D2,".",SUBSTITUTE(B2," ","")) -> KS5.Biology
A3: Science Department | B3: Chemistry | C3: Ch | D3: 5 | E3: =_xlfn.CONCAT("Key Stage ",Table1315[[#This Row],[KeyStage]]," ",Table1315[[#This Row],[Subject]]) -> Key Stage 5 Chemistry | F3: =_xlfn.CONCAT("KS",D3,".",SUBSTITUTE(B3," ","")) -> KS5.Chemistry
A4: Science Department | B4: Physics | C4: Ph | D4: 5 | E4: =_xlfn.CONCAT("Key Stage ",Table1315[[#This Row],[KeyStage]]," ",Table1315[[#This Row],[Subject]]) -> Key Stage 5 Physics | F4: =_xlfn.CONCAT("KS",D4,".",SUBSTITUTE(B4," ","")) -> KS5.Physics
A5: Science Department | B5: Biology | C5: Bi | D5: 4 | E5: =_xlfn.CONCAT("Key Stage ",Table1315[[#This Row],[KeyStage]]," ",Table1315[[#This Row],[Subject]]) -> Key Stage 4 Biology | F5: =_xlfn.CONCAT("KS",D5,".",SUBSTITUTE(B5," ","")) -> KS4.Biology
A6: Science Department | B6: Chemistry | C6: Ch | D6: 4 | E6: =_xlfn.CONCAT("Key Stage ",Table1315[[#This Row],[KeyStage]]," ",Table1315[[#This Row],[Subject]]) -> Key Stage 4 Chemistry | F6: =_xlfn.CONCAT("KS",D6,".",SUBSTITUTE(B6," ","")) -> KS4.Chemistry
A7: Science Department | B7: Physics | C7: Ph | D7: 4 | E7: =_xlfn.CONCAT("Key Stage ",Table1315[[#This Row],[KeyStage]]," ",Table1315[[#This Row],[Subject]]) -> Key Stage 4 Physics | F7: =_xlfn.CONCAT("KS",D7,".",SUBSTITUTE(B7," ","")) -> KS4.Physics
A8: Science Department | B8: Science | C8: Sc | D8: 3 | E8: =_xlfn.CONCAT("Key Stage ",Table1315[[#This Row],[KeyStage]]," ",Table1315[[#This Row],[Subject]]) -> Key Stage 3 Science | F8: =_xlfn.CONCAT("KS",D8,".",SUBSTITUTE(B8," ","")) -> KS3.Science
A9: Pastoral Department | B9: Form Time | C9: Rg | D9: 3 | E9: =_xlfn.CONCAT("Key Stage ",Table1315[[#This Row],[KeyStage]]," ",Table1315[[#This Row],[Subject]]) -> Key Stage 3 Form Time | F9: =_xlfn.CONCAT("KS",D9,".",SUBSTITUTE(B9," ","")) -> KS3.FormTime
A10: Pastoral Department | B10: Form Time | C10: Rg | D10: 4 | E10: =_xlfn.CONCAT("Key Stage ",Table1315[[#This Row],[KeyStage]]," ",Table1315[[#This Row],[Subject]]) -> Key Stage 4 Form Time | F10: =_xlfn.CONCAT("KS",D10,".",SUBSTITUTE(B10," ","")) -> KS4.FormTime
A11: Pastoral Department | B11: Form Time | C11: Rg | D11: 5 | E11: =_xlfn.CONCAT("Key Stage ",Table1315[[#This Row],[KeyStage]]," ",Table1315[[#This Row],[Subject]]) -> Key Stage 5 Form Time | F11: =_xlfn.CONCAT("KS",D11,".",SUBSTITUTE(B11," ","")) -> KS5.FormTime

Sheet yeargroupsyllabuses
A1: Subject | B1: SubjectCode | C1: KeyStage | D1: YearGroup | E1: Title | F1: ID
A2: Science | B2: Sc | C2: 3 | D2: 7 | E2: =IF(ISNUMBER(Table13[[#This Row],[YearGroup]]),_xlfn.CONCAT("Year ",Table13[[#This Row],[YearGroup]]," ",Table13[[#This Row],[Subject]]),_xlfn.CONCAT("Key Stage ",Table13[[#This Row],[KeyStage]]," ",Table13[[#This Row],[Subject]]," (",Table13[[#This Row],[YearGroup]],")")) -> Year 7 Science | F2: =IF(ISNUMBER(Table13[[#This Row],[YearGroup]]),_xlfn.CONCAT("Y", D2, ".", SUBSTITUTE(A2," ","")), _xlfn.CONCAT("KS",Table13[[#This Row],[KeyStage]],".",Table13[[#This Row],[Subject]],".",Table13[[#This Row],[YearGroup]])) -> Y7.Science
A3: Science | B3: Sc | C3: 3 | D3: 8 | E3: =IF(ISNUMBER(Table13[[#This Row],[YearGroup]]),_xlfn.CONCAT("Year ",Table13[[#This Row],[YearGroup]]," ",Table13[[#This Row],[Subject]]),_xlfn.CONCAT("Key Stage ",Table13[[#This Row],[KeyStage]]," ",Table13[[#This Row],[Subject]]," (",Table13[[#This Row],[YearGroup]],")")) -> Year 8 Science | F3: =IF(ISNUMBER(Table13[[#This Row],[YearGroup]]),_xlfn.CONCAT("Y", D3, ".", SUBSTITUTE(A3," ","")), _xlfn.CONCAT("KS",Table13[[#This Row],[KeyStage]],".",Table13[[#This Row],[Subject]],".",Table13[[#This Row],[YearGroup]])) -> Y8.Science
A4: Science | B4: Sc | C4: 3 | D4: Core | E4: =IF(ISNUMBER(Table13[[#This Row],[YearGroup]]),_xlfn.CONCAT("Year ",Table13[[#This Row],[YearGroup]]," ",Table13[[#This Row],[Subject]]),_xlfn.CONCAT("Key Stage ",Table13[[#This Row],[KeyStage]]," ",Table13[[#This Row],[Subject]]," (",Table13[[#This Row],[YearGroup]],")")) -> Key Stage 3 Science (Core) | F4: =IF(ISNUMBER(Table13[[#This Row],[YearGroup]]),_xlfn.CONCAT("Y", D4, ".", SUBSTITUTE(A4," ","")), _xlfn.CONCAT("KS",Table13[[#This Row],[KeyStage]],".",Table13[[#This Row],[Subject]],".",Table13[[#This Row],[YearGroup]])) -> KS3.Science.Core
A5: Science | B5: Sc | C5: 3 | D5: Special | E5: =IF(ISNUMBER(Table13[[#This Row],[YearGroup]]),_xlfn.CONCAT("Year ",Table13[[#This Row],[YearGroup]]," ",Table13[[#This Row],[Subject]]),_xlfn.CONCAT("Key Stage ",Table13[[#This Row],[KeyStage]]," ",Table13[[#This Row],[Subject]]," (",Table13[[#This Row],[YearGroup]],")")) -> Key Stage 3 Science (Special) | F5: =IF(ISNUMBER(Table13[[#This Row],[YearGroup]]),_xlfn.CONCAT("Y", D5, ".", SUBSTITUTE(A5," ","")), _xlfn.CONCAT("KS",Table13[[#This Row],[KeyStage]],".",Table13[[#This Row],[Subject]],".",Table13[[#This Row],[YearGroup]])) -> KS3.Science.Special
A6: Biology | B6: Bi | C6: 4 | D6: 9 | E6: =IF(ISNUMBER(Table13[[#This Row],[YearGroup]]),_xlfn.CONCAT("Year ",Table13[[#This Row],[YearGroup]]," ",Table13[[#This Row],[Subject]]),_xlfn.CONCAT("Key Stage ",Table13[[#This Row],[KeyStage]]," ",Table13[[#This Row],[Subject]]," (",Table13[[#This Row],[YearGroup]],")")) -> Year 9 Biology | F6: =IF(ISNUMBER(Table13[[#This Row],[YearGroup]]),_xlfn.CONCAT("Y", D6, ".", SUBSTITUTE(A6," ","")), _xlfn.CONCAT("KS",Table13[[#This Row],[KeyStage]],".",Table13[[#This Row],[Subject]],".",Table13[[#This Row],[YearGroup]])) -> Y9.Biology
A7: Biology | B7: Bi | C7: 4 | D7: 10 | E7: =IF(ISNUMBER(Table13[[#This Row],[YearGroup]]),_xlfn.CONCAT("Year ",Table13[[#This Row],[YearGroup]]," ",Table13[[#This Row],[Subject]]),_xlfn.CONCAT("Key Stage ",Table13[[#This Row],[KeyStage]]," ",Table13[[#This Row],[Subject]]," (",Table13[[#This Row],[YearGroup]],")")) -> Year 10 Biology | F7: =IF(ISNUMBER(Table13[[#This Row],[YearGroup]]),_xlfn.CONCAT("Y", D7, ".", SUBSTITUTE(A7," ","")), _xlfn.CONCAT("KS",Table13[[#This Row],[KeyStage]],".",Table13[[#This Row],[Subject]],".",Table13[[#This Row],[YearGroup]])) -> Y10.Biology
A8: Biology | B8: Bi | C8: 4 | D8: 11 | E8: =IF(ISNUMBER(Table13[[#This Row],[YearGroup]]),_xlfn.CONCAT("Year ",Table13[[#This Row],[YearGroup]]," ",Table13[[#This Row],[Subject]]),_xlfn.CONCAT("Key Stage ",Table13[[#This Row],[KeyStage]]," ",Table13[[#This Row],[Subject]]," (",Table13[[#This Row],[YearGroup]],")")) -> Year 11 Biology | F8: =IF(ISNUMBER(Table13[[#This Row],[YearGroup]]),_xlfn.CONCAT("Y", D8, ".", SUBSTITUTE(A8," ","")), _xlfn.CONCAT("KS",Table13[[#This Row],[KeyStage]],".",Table13[[#This Row],[Subject]],".",Table13[[#This Row],[YearGroup]])) -> Y11.Biology
A9: Biology | B9: Bi | C9: 4 | D9: Core | E9: =IF(ISNUMBER(Table13[[#This Row],[YearGroup]]),_xlfn.CONCAT("Year ",Table13[[#This Row],[YearGroup]]," ",Table13[[#This Row],[Subject]]),_xlfn.CONCAT("Key Stage ",Table13[[#This Row],[KeyStage]]," ",Table13[[#This Row],[Subject]]," (",Table13[[#This Row],[YearGroup]],")")) -> Key Stage 4 Biology (Core) | F9: =IF(ISNUMBER(Table13[[#This Row],[YearGroup]]),_xlfn.CONCAT("Y", D9, ".", SUBSTITUTE(A9," ","")), _xlfn.CONCAT("KS",Table13[[#This Row],[KeyStage]],".",Table13[[#This Row],[Subject]],".",Table13[[#This Row],[YearGroup]])) -> KS4.Biology.Core
A10: Biology | B10: Bi | C10: 4 | D10: Special | E10: =IF(ISNUMBER(Table13[[#This Row],[YearGroup]]),_xlfn.CONCAT("Year ",Table13[[#This Row],[YearGroup]]," ",Table13[[#This Row],[Subject]]),_xlfn.CONCAT("Key Stage ",Table13[[#This Row],[KeyStage]]," ",Table13[[#This Row],[Subject]]," (",Table13[[#This Row],[YearGroup]],")")) -> Key Stage 4 Biology (Special) | F10: =IF(ISNUMBER(Table13[[#This Row],[YearGroup]]),_xlfn.CONCAT("Y", D10, ".", SUBSTITUTE(A10," ","")), _xlfn.CONCAT("KS",Table13[[#This Row],[KeyStage]],".",Table13[[#This Row],[Subject]],".",Table13[[#This Row],[YearGroup]])) -> KS4.Biology.Special
A11: Chemistry | B11: Ch | C11: 4 | D11: 9 | E11: =IF(ISNUMBER(Table13[[#This Row],[YearGroup]]),_xlfn.CONCAT("Year ",Table13[[#This Row],[YearGroup]]," ",Table13[[#This Row],[Subject]]),_xlfn.CONCAT("Key Stage ",Table13[[#This Row],[KeyStage]]," ",Table13[[#This Row],[Subject]]," (",Table13[[#This Row],[YearGroup]],")")) -> Year 9 Chemistry | F11: =IF(ISNUMBER(Table13[[#This Row],[YearGroup]]),_xlfn.CONCAT("Y", D11, ".", SUBSTITUTE(A11," ","")), _xlfn.CONCAT("KS",Table13[[#This Row],[KeyStage]],".",Table13[[#This Row],[Subject]],".",Table13[[#This Row],[YearGroup]])) -> Y9.Chemistry
A12: Chemistry | B12: Ch | C12: 4 | D12: 10 | E12: =IF(ISNUMBER(Table13[[#This Row],[YearGroup]]),_xlfn.CONCAT("Year ",Table13[[#This Row],[YearGroup]]," ",Table13[[#This Row],[Subject]]),_xlfn.CONCAT("Key Stage ",Table13[[#This Row],[KeyStage]]," ",Table13[[#This Row],[Subject]]," (",Table13[[#This Row],[YearGroup]],")")) -> Year 10 Chemistry | F12: =IF(ISNUMBER(Table13[[#This Row],[YearGroup]]),_xlfn.CONCAT("Y", D12, ".", SUBSTITUTE(A12," ","")), _xlfn.CONCAT("KS",Table13[[#This Row],[KeyStage]],".",Table13[[#This Row],[Subject]],".",Table13[[#This Row],[YearGroup]])) -> Y10.Chemistry
A13: Chemistry | B13: Ch | C13: 4 | D13: 11 | E13: =IF(ISNUMBER(Table13[[#This Row],[YearGroup]]),_xlfn.CONCAT("Year ",Table13[[#This Row],[YearGroup]]," ",Table13[[#This Row],[Subject]]),_xlfn.CONCAT("Key Stage ",Table13[[#This Row],[KeyStage]]," ",Table13[[#This Row],[Subject]]," (",Table13[[#This Row],[YearGroup]],")")) -> Year 11 Chemistry | F13: =IF(ISNUMBER(Table13[[#This Row],[YearGroup]]),_xlfn.CONCAT("Y", D13, ".", SUBSTITUTE(A13," ","")), _xlfn.CONCAT("KS",Table13[[#This Row],[KeyStage]],".",Table13[[#This Row],[Subject]],".",Table13[[#This Row],[YearGroup]])) -> Y11.Chemistry
A14: Chemistry | B14: Ch | C14: 4 | D14: Core | E14: =IF(ISNUMBER(Table13[[#This Row],[YearGroup]]),_xlfn.CONCAT("Year ",Table13[[#This Row],[YearGroup]]," ",Table13[[#This Row],[Subject]]),_xlfn.CONCAT("Key Stage ",Table13[[#This Row],[KeyStage]]," ",Table13[[#This Row],[Subject]]," (",Table13[[#This Row],[YearGroup]],")")) -> Key Stage 4 Chemistry (Core) | F14: =IF(ISNUMBER(Table13[[#This Row],[YearGroup]]),_xlfn.CONCAT("Y", D14, ".", SUBSTITUTE(A14," ","")), _xlfn.CONCAT("KS",Table13[[#This Row],[KeyStage]],".",Table13[[#This Row],[Subject]],".",Table13[[#This Row],[YearGroup]])) -> KS4.Chemistry.Core
A15: Chemistry | B15: Ch | C15: 4 | D15: Special | E15: =IF(ISNUMBER(Table13[[#This Row],[YearGroup]]),_xlfn.CONCAT("Year ",Table13[[#This Row],[YearGroup]]," ",Table13[[#This Row],[Subject]]),_xlfn.CONCAT("Key Stage ",Table13[[#This Row],[KeyStage]]," ",Table13[[#This Row],[Subject]]," (",Table13[[#This Row],[YearGroup]],")")) -> Key Stage 4 Chemistry (Special) | F15: =IF(ISNUMBER(Table13[[#This Row],[YearGroup]]),_xlfn.CONCAT("Y", D15, ".", SUBSTITUTE(A15," ","")), _xlfn.CONCAT("KS",Table13[[#This Row],[KeyStage]],".",Table13[[#This Row],[Subject]],".",Table13[[#This Row],[YearGroup]])) -> KS4.Chemistry.Special
A16: Physics | B16: Ph | C16: 4 | D16: 9 | E16: =IF(ISNUMBER(Table13[[#This Row],[YearGroup]]),_xlfn.CONCAT("Year ",Table13[[#This Row],[YearGroup]]," ",Table13[[#This Row],[Subject]]),_xlfn.CONCAT("Key Stage ",Table13[[#This Row],[KeyStage]]," ",Table13[[#This Row],[Subject]]," (",Table13[[#This Row],[YearGroup]],")")) -> Year 9 Physics | F16: =IF(ISNUMBER(Table13[[#This Row],[YearGroup]]),_xlfn.CONCAT("Y", D16, ".", SUBSTITUTE(A16," ","")), _xlfn.CONCAT("KS",Table13[[#This Row],[KeyStage]],".",Table13[[#This Row],[Subject]],".",Table13[[#This Row],[YearGroup]])) -> Y9.Physics
A17: Physics | B17: Ph | C17: 4 | D17: 10 | E17: =IF(ISNUMBER(Table13[[#This Row],[YearGroup]]),_xlfn.CONCAT("Year ",Table13[[#This Row],[YearGroup]]," ",Table13[[#This Row],[Subject]]),_xlfn.CONCAT("Key Stage ",Table13[[#This Row],[KeyStage]]," ",Table13[[#This Row],[Subject]]," (",Table13[[#This Row],[YearGroup]],")")) -> Year 10 Physics | F17: =IF(ISNUMBER(Table13[[#This Row],[YearGroup]]),_xlfn.CONCAT("Y", D17, ".", SUBSTITUTE(A17," ","")), _xlfn.CONCAT("KS",Table13[[#This Row],[KeyStage]],".",Table13[[#This Row],[Subject]],".",Table13[[#This Row],[YearGroup]])) -> Y10.Physics
A18: Physics | B18: Ph | C18: 4 | D18: 11 | E18: =IF(ISNUMBER(Table13[[#This Row],[YearGroup]]),_xlfn.CONCAT("Year ",Table13[[#This Row],[YearGroup]]," ",Table13[[#This Row],[Subject]]),_xlfn.CONCAT("Key Stage ",Table13[[#This Row],[KeyStage]]," ",Table13[[#This Row],[Subject]]," (",Table13[[#This Row],[YearGroup]],")")) -> Year 11 Physics | F18: =IF(ISNUMBER(Table13[[#This Row],[YearGroup]]),_xlfn.CONCAT("Y", D18, ".", SUBSTITUTE(A18," ","")), _xlfn.CONCAT("KS",Table13[[#This Row],[KeyStage]],".",Table13[[#This Row],[Subject]],".",Table13[[#This Row],[YearGroup]])) -> Y11.Physics
A19: Physics | B19: Ph | C19: 4 | D19: Core | E19: =IF(ISNUMBER(Table13[[#This Row],[YearGroup]]),_xlfn.CONCAT("Year ",Table13[[#This Row],[YearGroup]]," ",Table13[[#This Row],[Subject]]),_xlfn.CONCAT("Key Stage ",Table13[[#This Row],[KeyStage]]," ",Table13[[#This Row],[Subject]]," (",Table13[[#This Row],[YearGroup]],")")) -> Key Stage 4 Physics (Core) | F19: =IF(ISNUMBER(Table13[[#This Row],[YearGroup]]),_xlfn.CONCAT("Y", D19, ".", SUBSTITUTE(A19," ","")), _xlfn.CONCAT("KS",Table13[[#This Row],[KeyStage]],".",Table13[[#This Row],[Subject]],".",Table13[[#This Row],[YearGroup]])) -> KS4.Physics.Core
A20: Physics | B20: Ph | C20: 4 | D20: Special | E20: =IF(ISNUMBER(Table13[[#This Row],[YearGroup]]),_xlfn.CONCAT("Year ",Table13[[#This Row],[YearGroup]]," ",Table13[[#This Row],[Subject]]),_xlfn.CONCAT("Key Stage ",Table13[[#This Row],[KeyStage]]," ",Table13[[#This Row],[Subject]]," (",Table13[[#This Row],[YearGroup]],")")) -> Key Stage 4 Physics (Special) | F20: =IF(ISNUMBER(Table13[[#This Row],[YearGroup]]),_xlfn.CONCAT("Y", D20, ".", SUBSTITUTE(A20," ","")), _xlfn.CONCAT("KS",Table13[[#This Row],[KeyStage]],".",Table13[[#This Row],[Subject]],".",Table13[[#This Row],[YearGroup]])) -> KS4.Physics.Special
A21: Biology | B21: Bi | C21: 5 | D21: 12 | E21: =IF(ISNUMBER(Table13[[#This Row],[YearGroup]]),_xlfn.CONCAT("Year ",Table13[[#This Row],[YearGroup]]," ",Table13[[#This Row],[Subject]]),_xlfn.CONCAT("Key Stage ",Table13[[#This Row],[KeyStage]]," ",Table13[[#This Row],[Subject]]," (",Table13[[#This Row],[YearGroup]],")")) -> Year 12 Biology | F21: =IF(ISNUMBER(Table13[[#This Row],[YearGroup]]),_xlfn.CONCAT("Y", D21, ".", SUBSTITUTE(A21," ","")), _xlfn.CONCAT("KS",Table13[[#This Row],[KeyStage]],".",Table13[[#This Row],[Subject]],".",Table13[[#This Row],[YearGroup]])) -> Y12.Biology
A22: Biology | B22: Bi | C22: 5 | D22: 13 | E22: =IF(ISNUMBER(Table13[[#This Row],[YearGroup]]),_xlfn.CONCAT("Year ",Table13[[#This Row],[YearGroup]]," ",Table13[[#This Row],[Subject]]),_xlfn.CONCAT("Key Stage ",Table13[[#This Row],[KeyStage]]," ",Table13[[#This Row],[Subject]]," (",Table13[[#This Row],[YearGroup]],")")) -> Year 13 Biology | F22: =IF(ISNUMBER(Table13[[#This Row],[YearGroup]]),_xlfn.CONCAT("Y", D22, ".", SUBSTITUTE(A22," ","")), _xlfn.CONCAT("KS",Table13[[#This Row],[KeyStage]],".",Table13[[#This Row],[Subject]],".",Table13[[#This Row],[YearGroup]])) -> Y13.Biology
A23: Biology | B23: Bi | C23: 5 | D23: Core | E23: =IF(ISNUMBER(Table13[[#This Row],[YearGroup]]),_xlfn.CONCAT("Year ",Table13[[#This Row],[YearGroup]]," ",Table13[[#This Row],[Subject]]),_xlfn.CONCAT("Key Stage ",Table13[[#This Row],[KeyStage]]," ",Table13[[#This Row],[Subject]]," (",Table13[[#This Row],[YearGroup]],")")) -> Key Stage 5 Biology (Core) | F23: =IF(ISNUMBER(Table13[[#This Row],[YearGroup]]),_xlfn.CONCAT("Y", D23, ".", SUBSTITUTE(A23," ","")), _xlfn.CONCAT("KS",Table13[[#This Row],[KeyStage]],".",Table13[[#This Row],[Subject]],".",Table13[[#This Row],[YearGroup]])) -> KS5.Biology.Core
A24: Biology | B24: Bi | C24: 5 | D24: Special | E24: =IF(ISNUMBER(Table13[[#This Row],[YearGroup]]),_xlfn.CONCAT("Year ",Table13[[#This Row],[YearGroup]]," ",Table13[[#This Row],[Subject]]),_xlfn.CONCAT("Key Stage ",Table13[[#This Row],[KeyStage]]," ",Table13[[#This Row],[Subject]]," (",Table13[[#This Row],[YearGroup]],")")) -> Key Stage 5 Biology (Special) | F24: =IF(ISNUMBER(Table13[[#This Row],[YearGroup]]),_xlfn.CONCAT("Y", D24, ".", SUBSTITUTE(A24," ","")), _xlfn.CONCAT("KS",Table13[[#This Row],[KeyStage]],".",Table13[[#This Row],[Subject]],".",Table13[[#This Row],[YearGroup]])) -> KS5.Biology.Special
A25: Chemistry | B25: Ch | C25: 5 | D25: 12 | E25: =IF(ISNUMBER(Table13[[#This Row],[YearGroup]]),_xlfn.CONCAT("Year ",Table13[[#This Row],[YearGroup]]," ",Table13[[#This Row],[Subject]]),_xlfn.CONCAT("Key Stage ",Table13[[#This Row],[KeyStage]]," ",Table13[[#This Row],[Subject]]," (",Table13[[#This Row],[YearGroup]],")")) -> Year 12 Chemistry | F25: =IF(ISNUMBER(Table13[[#This Row],[YearGroup]]),_xlfn.CONCAT("Y", D25, ".", SUBSTITUTE(A25," ","")), _xlfn.CONCAT("KS",Table13[[#This Row],[KeyStage]],".",Table13[[#This Row],[Subject]],".",Table13[[#This Row],[YearGroup]])) -> Y12.Chemistry
A26: Chemistry | B26: Ch | C26: 5 | D26: 13 | E26: =IF(ISNUMBER(Table13[[#This Row],[YearGroup]]),_xlfn.CONCAT("Year ",Table13[[#This Row],[YearGroup]]," ",Table13[[#This Row],[Subject]]),_xlfn.CONCAT("Key Stage ",Table13[[#This Row],[KeyStage]]," ",Table13[[#This Row],[Subject]]," (",Table13[[#This Row],[YearGroup]],")")) -> Year 13 Chemistry | F26: =IF(ISNUMBER(Table13[[#This Row],[YearGroup]]),_xlfn.CONCAT("Y", D26, ".", SUBSTITUTE(A26," ","")), _xlfn.CONCAT("KS",Table13[[#This Row],[KeyStage]],".",Table13[[#This Row],[Subject]],".",Table13[[#This Row],[YearGroup]])) -> Y13.Chemistry
A27: Chemistry | B27: Ch | C27: 5 | D27: Core | E27: =IF(ISNUMBER(Table13[[#This Row],[YearGroup]]),_xlfn.CONCAT("Year ",Table13[[#This Row],[YearGroup]]," ",Table13[[#This Row],[Subject]]),_xlfn.CONCAT("Key Stage ",Table13[[#This Row],[KeyStage]]," ",Table13[[#This Row],[Subject]]," (",Table13[[#This Row],[YearGroup]],")")) -> Key Stage 5 Chemistry (Core) | F27: =IF(ISNUMBER(Table13[[#This Row],[YearGroup]]),_xlfn.CONCAT("Y", D27, ".", SUBSTITUTE(A27," ","")), _xlfn.CONCAT("KS",Table13[[#This Row],[KeyStage]],".",Table13[[#This Row],[Subject]],".",Table13[[#This Row],[YearGroup]])) -> KS5.Chemistry.Core
A28: Chemistry | B28: Ch | C28: 5 | D28: Special | E28: =IF(ISNUMBER(Table13[[#This Row],[YearGroup]]),_xlfn.CONCAT("Year ",Table13[[#This Row],[YearGroup]]," ",Table13[[#This Row],[Subject]]),_xlfn.CONCAT("Key Stage ",Table13[[#This Row],[KeyStage]]," ",Table13[[#This Row],[Subject]]," (",Table13[[#This Row],[YearGroup]],")")) -> Key Stage 5 Chemistry (Special) | F28: =IF(ISNUMBER(Table13[[#This Row],[YearGroup]]),_xlfn.CONCAT("Y", D28, ".", SUBSTITUTE(A28," ","")), _xlfn.CONCAT("KS",Table13[[#This Row],[KeyStage]],".",Table13[[#This Row],[Subject]],".",Table13[[#This Row],[YearGroup]])) -> KS5.Chemistry.Special
A29: Physics | B29: Ph | C29: 5 | D29: 12 | E29: =IF(ISNUMBER(Table13[[#This Row],[YearGroup]]),_xlfn.CONCAT("Year ",Table13[[#This Row],[YearGroup]]," ",Table13[[#This Row],[Subject]]),_xlfn.CONCAT("Key Stage ",Table13[[#This Row],[KeyStage]]," ",Table13[[#This Row],[Subject]]," (",Table13[[#This Row],[YearGroup]],")")) -> Year 12 Physics | F29: =IF(ISNUMBER(Table13[[#This Row],[YearGroup]]),_xlfn.CONCAT("Y", D29, ".", SUBSTITUTE(A29," ","")), _xlfn.CONCAT("KS",Table13[[#This Row],[KeyStage]],".",Table13[[#This Row],[Subject]],".",Table13[[#This Row],[YearGroup]])) -> Y12.Physics
A30: Physics | B30: Ph | C30: 5 | D30: 13 | E30: =IF(ISNUMBER(Table13[[#This Row],[YearGroup]]),_xlfn.CONCAT("Year ",Table13[[#This Row],[YearGroup]]," ",Table13[[#This Row],[Subject]]),_xlfn.CONCAT("Key Stage ",Table13[[#This Row],[KeyStage]]," ",Table13[[#This Row],[Subject]]," (",Table13[[#This Row],[YearGroup]],")")) -> Year 13 Physics | F30: =IF(ISNUMBER(Table13[[#This Row],[YearGroup]]),_xlfn.CONCAT("Y", D30, ".", SUBSTITUTE(A30," ","")), _xlfn.CONCAT("KS",Table13[[#This Row],[KeyStage]],".",Table13[[#This Row],[Subject]],".",Table13[[#This Row],[YearGroup]])) -> Y13.Physics
A31: Physics | B31: Ph | C31: 5 | D31: Core | E31: =IF(ISNUMBER(Table13[[#This Row],[YearGroup]]),_xlfn.CONCAT("Year ",Table13[[#This Row],[YearGroup]]," ",Table13[[#This Row],[Subject]]),_xlfn.CONCAT("Key Stage ",Table13[[#This Row],[KeyStage]]," ",Table13[[#This Row],[Subject]]," (",Table13[[#This Row],[YearGroup]],")")) -> Key Stage 5 Physics (Core) | F31: =IF(ISNUMBER(Table13[[#This Row],[YearGroup]]),_xlfn.CONCAT("Y", D31, ".", SUBSTITUTE(A31," ","")), _xlfn.CONCAT("KS",Table13[[#This Row],[KeyStage]],".",Table13[[#This Row],[Subject]],".",Table13[[#This Row],[YearGroup]])) -> KS5.Physics.Core
A32: Physics | B32: Ph | C32: 5 | D32: Special | E32: =IF(ISNUMBER(Table13[[#This Row],[YearGroup]]),_xlfn.CONCAT("Year ",Table13[[#This Row],[YearGroup]]," ",Table13[[#This Row],[Subject]]),_xlfn.CONCAT("Key Stage ",Table13[[#This Row],[KeyStage]]," ",Table13[[#This Row],[Subject]]," (",Table13[[#This Row],[YearGroup]],")")) -> Key Stage 5 Physics (Special) | F32: =IF(ISNUMBER(Table13[[#This Row],[YearGroup]]),_xlfn.CONCAT("Y", D32, ".", SUBSTITUTE(A32," ","")), _xlfn.CONCAT("KS",Table13[[#This Row],[KeyStage]],".",Table13[[#This Row],[Subject]],".",Table13[[#This Row],[YearGroup]])) -> KS5.Physics.Special
A33: Form Time | B33: Rg | C33: 3 | D33: 7 | E33: =IF(ISNUMBER(Table13[[#This Row],[YearGroup]]),_xlfn.CONCAT("Year ",Table13[[#This Row],[YearGroup]]," ",Table13[[#This Row],[Subject]]),_xlfn.CONCAT("Key Stage ",Table13[[#This Row],[KeyStage]]," ",Table13[[#This Row],[Subject]]," (",Table13[[#This Row],[YearGroup]],")")) -> Year 7 Form Time | F33: =IF(ISNUMBER(Table13[[#This Row],[YearGroup]]),_xlfn.CONCAT("Y", D33, ".", SUBSTITUTE(A33," ","")), _xlfn.CONCAT("KS",Table13[[#This Row],[KeyStage]],".",Table13[[#This Row],[Subject]],".",Table13[[#This Row],[YearGroup]])) -> Y7.FormTime
A34: Form Time | B34: Rg | C34: 3 | D34: 8 | E34: =IF(ISNUMBER(Table13[[#This Row],[YearGroup]]),_xlfn.CONCAT("Year ",Table13[[#This Row],[YearGroup]]," ",Table13[[#This Row],[Subject]]),_xlfn.CONCAT("Key Stage ",Table13[[#This Row],[KeyStage]]," ",Table13[[#This Row],[Subject]]," (",Table13[[#This Row],[YearGroup]],")")) -> Year 8 Form Time | F34: =IF(ISNUMBER(Table13[[#This Row],[YearGroup]]),_xlfn.CONCAT("Y", D34, ".", SUBSTITUTE(A34," ","")), _xlfn.CONCAT("KS",Table13[[#This Row],[KeyStage]],".",Table13[[#This Row],[Subject]],".",Table13[[#This Row],[YearGroup]])) -> Y8.FormTime
A35: Form Time | B35: Rg | C35: 3 | D35: 9 | E35: =IF(ISNUMBER(Table13[[#This Row],[YearGroup]]),_xlfn.CONCAT("Year ",Table13[[#This Row],[YearGroup]]," ",Table13[[#This Row],[Subject]]),_xlfn.CONCAT("Key Stage ",Table13[[#This Row],[KeyStage]]," ",Table13[[#This Row],[Subject]]," (",Table13[[#This Row],[YearGroup]],")")) -> Year 9 Form Time | F35: =IF(ISNUMBER(Table13[[#This Row],[YearGroup]]),_xlfn.CONCAT("Y", D35, ".", SUBSTITUTE(A35," ","")), _xlfn.CONCAT("KS",Table13[[#This Row],[KeyStage]],".",Table13[[#This Row],[Subject]],".",Table13[[#This Row],[YearGroup]])) -> Y9.FormTime
A36: Form Time | B36: Rg | C36: 4 | D36: 10 | E36: =IF(ISNUMBER(Table13[[#This Row],[YearGroup]]),_xlfn.CONCAT("Year ",Table13[[#This Row],[YearGroup]]," ",Table13[[#This Row],[Subject]]),_xlfn.CONCAT("Key Stage ",Table13[[#This Row],[KeyStage]]," ",Table13[[#This Row],[Subject]]," (",Table13[[#This Row],[YearGroup]],")")) -> Year 10 Form Time | F36: =IF(ISNUMBER(Table13[[#This Row],[YearGroup]]),_xlfn.CONCAT("Y", D36, ".", SUBSTITUTE(A36," ","")), _xlfn.CONCAT("KS",Table13[[#This Row],[KeyStage]],".",Table13[[#This Row],[Subject]],".",Table13[[#This Row],[YearGroup]])) -> Y10.FormTime
A37: Form Time | B37: Rg | C37: 4 | D37: 11 | E37: =IF(ISNUMBER(Table13[[#This Row],[YearGroup]]),_xlfn.CONCAT("Year ",Table13[[#This Row],[YearGroup]]," ",Table13[[#This Row],[Subject]]),_xlfn.CONCAT("Key Stage ",Table13[[#This Row],[KeyStage]]," ",Table13[[#This Row],[Subject]]," (",Table13[[#This Row],[YearGroup]],")")) -> Year 11 Form Time | F37: =IF(ISNUMBER(Table13[[#This Row],[YearGroup]]),_xlfn.CONCAT("Y", D37, ".", SUBSTITUTE(A37," ","")), _xlfn.CONCAT("KS",Table13[[#This Row],[KeyStage]],".",Table13[[#This Row],[Subject]],".",Table13[[#This Row],[YearGroup]])) -> Y11.FormTime
A38: Form Time | B38: Rg | C38: 5 | D38: 12 | E38: =IF(ISNUMBER(Table13[[#This Row],[YearGroup]]),_xlfn.CONCAT("Year ",Table13[[#This Row],[YearGroup]]," ",Table13[[#This Row],[Subject]]),_xlfn.CONCAT("Key Stage ",Table13[[#This Row],[KeyStage]]," ",Table13[[#This Row],[Subject]]," (",Table13[[#This Row],[YearGroup]],")")) -> Year 12 Form Time | F38: =IF(ISNUMBER(Table13[[#This Row],[YearGroup]]),_xlfn.CONCAT("Y", D38, ".", SUBSTITUTE(A38," ","")), _xlfn.CONCAT("KS",Table13[[#This Row],[KeyStage]],".",Table13[[#This Row],[Subject]],".",Table13[[#This Row],[YearGroup]])) -> Y12.FormTime
A39: Form Time | B39: Rg | C39: 5 | D39: 13 | E39: =IF(ISNUMBER(Table13[[#This Row],[YearGroup]]),_xlfn.CONCAT("Year ",Table13[[#This Row],[YearGroup]]," ",Table13[[#This Row],[Subject]]),_xlfn.CONCAT("Key Stage ",Table13[[#This Row],[KeyStage]]," ",Table13[[#This Row],[Subject]]," (",Table13[[#This Row],[YearGroup]],")")) -> Year 13 Form Time | F39: =IF(ISNUMBER(Table13[[#This Row],[YearGroup]]),_xlfn.CONCAT("Y", D39, ".", SUBSTITUTE(A39," ","")), _xlfn.CONCAT("KS",Table13[[#This Row],[KeyStage]],".",Table13[[#This Row],[Subject]],".",Table13[[#This Row],[YearGroup]])) -> Y13.FormTime

Sheet topics
A1: SyllabusSubject | B1: SyllabusKeyStage | C1: SyllabusYear | D1: SyllabusStageID | E1: SyllabusYearID | F1: TopicStage | G1: TopicSubjectCode | H1: Topic | I1: TopicID | J1: TopicTitle | K1: TotalNumberOfLessonsForTopic | L1: TopicType | M1: TopicAssessmentType
A2: Science | B2: 3 | C2: 7 | D2: =_xlfn.CONCAT("KS",TopicLookup[[#This Row],[SyllabusKeyStage]],".",TopicLookup[[#This Row],[SyllabusSubject]]) -> KS3.Science | E2: =IF(ISNUMBER(TopicLookup[[#This Row],[SyllabusYear]]),_xlfn.CONCAT("Y",TopicLookup[[#This Row],[SyllabusYear]],".",TopicLookup[[#This Row],[SyllabusSubject]]),_xlfn.CONCAT("KS",TopicLookup[[#This Row],[SyllabusKeyStage]],".",TopicLookup[[#This Row],[SyllabusSubject]],".",TopicLookup[[#This Row],[SyllabusYear]])) -> Y7.Science | F2: I | G2: B | H2: 1 | I2: =IF(OR(TopicLookup[[#This Row],[SyllabusYear]]=7,TopicLookup[[#This Row],[SyllabusYear]]=8),_xlfn.CONCAT(TopicLookup[[#This Row],[SyllabusYear]],TopicLookup[[#This Row],[TopicSubjectCode]],TopicLookup[[#This Row],[Topic]]),IF(TopicLookup[[#This Row],[TopicStage]]="G",_xlfn.CONCAT(TopicLookup[[#This Row],[TopicSubjectCode]],TopicLookup[[#This Row],[Topic]]),IF(TopicLookup[[#This Row],[TopicStage]]="A",_xlfn.CONCAT(TopicLookup[[#This Row],[TopicStage]],TopicLookup[[#This Row],[TopicSubjectCode]],".",TopicLookup[[#This Row],[Topic]]),_xlfn.CONCAT(TopicLookup[[#This Row],[TopicStage]]&"."&TopicLookup[[#This Row],[TopicSubjectCode]]&"."&TopicLookup[[#This Row],[Topic]])))) -> 7B1 | J2: Life Processes | K2: {=SUMPRODUCT((LessonLookup[TopicID]=TopicLookup[[#This Row],[TopicID]])*(LessonLookup[SuggestedNumberOfPeriodsForLesson]))} -> 11 | L2: Standard | M2: Test
A3: Science | B3: 3 | C3: 7 | D3: =_xlfn.CONCAT("KS",TopicLookup[[#This Row],[SyllabusKeyStage]],".",TopicLookup[[#This Row],[SyllabusSubject]]) -> KS3.Science | E3: =IF(ISNUMBER(TopicLookup[[#This Row],[SyllabusYear]]),_xlfn.CONCAT("Y",TopicLookup[[#This Row],[SyllabusYear]],".",TopicLookup[[#This Row],[SyllabusSubject]]),_xlfn.CONCAT("KS",TopicLookup[[#This Row],[SyllabusKeyStage]],".",TopicLookup[[#This Row],[SyllabusSubject]],".",TopicLookup[[#This Row],[SyllabusYear]])) -> Y7.Science | F3: I | G3: B | H3: 2 | I3: =IF(OR(TopicLookup[[#This Row],[SyllabusYear]]=7,TopicLookup[[#This Row],[SyllabusYear]]=8),_xlfn.CONCAT(TopicLookup[[#This Row],[SyllabusYear]],TopicLookup[[#This Row],[TopicSubjectCode]],TopicLookup[[#This Row],[Topic]]),IF(TopicLookup[[#This Row],[TopicStage]]="G",_xlfn.CONCAT(TopicLookup[[#This Row],[TopicSubjectCode]],TopicLookup[[#This Row],[Topic]]),IF(TopicLookup[[#This Row],[TopicStage]]="A",_xlfn.CONCAT(TopicLookup[[#This Row],[TopicStage]],TopicLookup[[#This Row],[TopicSubjectCode]],".",TopicLookup[[#This Row],[Topic]]),_xlfn.CONCAT(TopicLookup[[#This Row],[TopicStage]]&"."&TopicLookup[[#This Row],[TopicSubjectCode]]&"."&TopicLookup[[#This Row],[Topic]])))) -> 7B2 | J3: Respiration And Circulation | K3: {=SUMPRODUCT((LessonLookup[TopicID]=TopicLookup[[#This Row],[TopicID]])*(LessonLookup[SuggestedNumberOfPeriodsForLesson]))} -> 11 | L3: Standard | M3: Test
A4: Science | B4: 3 | C4: 7 | D4: =_xlfn.CONCAT("KS",TopicLookup[[#This Row],[SyllabusKeyStage]],".",TopicLookup[[#This Row],[SyllabusSubject]]) -> KS3.Science | E4: =IF(ISNUMBER(TopicLookup[[#This Row],[SyllabusYear]]),_xlfn.CONCAT("Y",TopicLookup[[#This Row],[SyllabusYear]],".",TopicLookup[[#This Row],[SyllabusSubject]]),_xlfn.CONCAT("KS",TopicLookup[[#This Row],[SyllabusKeyStage]],".",TopicLookup[[#This Row],[SyllabusSubject]],".",TopicLookup[[#This Row],[SyllabusYear]])) -> Y7.Science | F4: I | G4: B | H4: 3 | I4: =IF(OR(TopicLookup[[#This Row],[SyllabusYear]]=7,TopicLookup[[#This Row],[SyllabusYear]]=8),_xlfn.CONCAT(TopicLookup[[#This Row],[SyllabusYear]],TopicLookup[[#This Row],[TopicSubjectCode]],TopicLookup[[#This Row],[Topic]]),IF(TopicLookup[[#This Row],[TopicStage]]="G",_xlfn.CONCAT(TopicLookup[[#This Row],[TopicSubjectCode]],TopicLookup[[#This Row],[Topic]]),IF(TopicLookup[[#This Row],[TopicStage]]="A",_xlfn.CONCAT(TopicLookup[[#This Row],[TopicStage]],TopicLookup[[#This Row],[TopicSubjectCode]],".",TopicLookup[[#This Row],[Topic]]),_xlfn.CONCAT(TopicLookup[[#This Row],[TopicStage]]&"."&TopicLookup[[#This Row],[TopicSubjectCode]]&"."&TopicLookup[[#This Row],[Topic]])))) -> 7B3 | J4: Variation | K4: {=SUMPRODUCT((LessonLookup[TopicID]=TopicLookup[[#This Row],[TopicID]])*(LessonLookup[SuggestedNumberOfPeriodsForLesson]))} -> 11 | L4: Standard | M4: Test
A5: Science | B5: 3 | C5: 7 | D5: =_xlfn.CONCAT("KS",TopicLookup[[#This Row],[SyllabusKeyStage]],".",TopicLookup[[#This Row],[SyllabusSubject]]) -> KS3.Science | E5: =IF(ISNUMBER(TopicLookup[[#This Row],[SyllabusYear]]),_xlfn.CONCAT("Y",TopicLookup[[#This Row],[SyllabusYear]],".",TopicLookup[[#This Row],[SyllabusSubject]]),_xlfn.CONCAT("KS",TopicLookup[[#This Row],[SyllabusKeyStage]],".",TopicLookup[[#This Row],[SyllabusSubject]],".",TopicLookup[[#This Row],[SyllabusYear]])) -> Y7.Science | F5: I | G5: B | H5: 4 | I5: =IF(OR(TopicLookup[[#This Row],[SyllabusYear]]=7,TopicLookup[[#This Row],[SyllabusYear]]=8),_xlfn.CONCAT(TopicLookup[[#This Row],[SyllabusYear]],TopicLookup[[#This Row],[TopicSubjectCode]],TopicLookup[[#This Row],[Topic]]),IF(TopicLookup[[#This Row],[TopicStage]]="G",_xlfn.CONCAT(TopicLookup[[#This Row],[TopicSubjectCode]],TopicLookup[[#This Row],[Topic]]),IF(TopicLookup[[#This Row],[TopicStage]]="A",_xlfn.CONCAT(TopicLookup[[#This Row],[TopicStage]],TopicLookup[[#This Row],[TopicSubjectCode]],".",TopicLookup[[#This Row],[Topic]]),_xlfn.CONCAT(TopicLookup[[#This Row],[TopicStage]]&"."&TopicLookup[[#This Row],[TopicSubjectCode]]&"."&TopicLookup[[#This Row],[Topic]])))) -> 7B4 | J5: Food And Digestion | K5: {=SUMPRODUCT((LessonLookup[TopicID]=TopicLookup[[#This Row],[TopicID]])*(LessonLookup[SuggestedNumberOfPeriodsForLesson]))} -> 12 | L5: Standard | M5: Test
A6: Science | B6: 3 | C6: 7 | D6: =_xlfn.CONCAT("KS",TopicLookup[[#This Row],[SyllabusKeyStage]],".",TopicLookup[[#This Row],[SyllabusSubject]]) -> KS3.Science | E6: =IF(ISNUMBER(TopicLookup[[#This Row],[SyllabusYear]]),_xlfn.CONCAT("Y",TopicLookup[[#This Row],[SyllabusYear]],".",TopicLookup[[#This Row],[SyllabusSubject]]),_xlfn.CONCAT("KS",TopicLookup[[#This Row],[SyllabusKeyStage]],".",TopicLookup[[#This Row],[SyllabusSubject]],".",TopicLookup[[#This Row],[SyllabusYear]])) -> Y7.Science | F6: I | G6: B | H6: 5 | I6: =IF(OR(TopicLookup[[#This Row],[SyllabusYear]]=7,TopicLookup[[#This Row],[SyllabusYear]]=8),_xlfn.CONCAT(TopicLookup[[#This Row],[SyllabusYear]],TopicLookup[[#This Row],[TopicSubjectCode]],TopicLookup[[#This Row],[Topic]]),IF(TopicLookup[[#This Row],[TopicStage]]="G",_xlfn.CONCAT(TopicLookup[[#This Row],[TopicSubjectCode]],TopicLookup[[#This Row],[Topic]]),IF(TopicLookup[[#This Row],[TopicStage]]="A",_xlfn.CONCAT(TopicLookup[[#This Row],[TopicStage]],TopicLookup[[#This Row],[TopicSubjectCode]],".",TopicLookup[[#This Row],[Topic]]),_xlfn.CONCAT(TopicLookup[[#This Row],[TopicStage]]&"."&TopicLookup[[#This Row],[TopicSubjectCode]]&"."&TopicLookup[[#This Row],[Topic]])))) -> 7B5 | J6: Reproduction | K6: {=SUMPRODUCT((LessonLookup[TopicID]=TopicLookup[[#This Row],[TopicID]])*(LessonLookup[SuggestedNumberOfPeriodsForLesson]))} -> 11 | L6: Standard | M6: Test
A7: Science | B7: 3 | C7: 7 | D7: =_xlfn.CONCAT("KS",TopicLookup[[#This Row],[SyllabusKeyStage]],".",TopicLookup[[#This Row],[SyllabusSubject]]) -> KS3.Science | E7: =IF(ISNUMBER(TopicLookup[[#This Row],[SyllabusYear]]),_xlfn.CONCAT("Y",TopicLookup[[#This Row],[SyllabusYear]],".",TopicLookup[[#This Row],[SyllabusSubject]]),_xlfn.CONCAT("KS",TopicLookup[[#This Row],[SyllabusKeyStage]],".",TopicLookup[[#This Row],[SyllabusSubject]],".",TopicLookup[[#This Row],[SyllabusYear]])) -> Y7.Science | F7: I | G7: B | H7: 6 | I7: =IF(OR(TopicLookup[[#This Row],[SyllabusYear]]=7,TopicLookup[[#This Row],[SyllabusYear]]=8),_xlfn.CONCAT(TopicLookup[[#This Row],[SyllabusYear]],TopicLookup[[#This Row],[TopicSubjectCode]],TopicLookup[[#This Row],[Topic]]),IF(TopicLookup[[#This Row],[TopicStage]]="G",_xlfn.CONCAT(TopicLookup[[#This Row],[TopicSubjectCode]],TopicLookup[[#This Row],[Topic]]),IF(TopicLookup[[#This Row],[TopicStage]]="A",_xlfn.CONCAT(TopicLookup[[#This Row],[TopicStage]],TopicLookup[[#This Row],[TopicSubjectCode]],".",TopicLookup[[#This Row],[Topic]]),_xlfn.CONCAT(TopicLookup[[#This Row],[TopicStage]]&"."&TopicLookup[[#This Row],[TopicSubjectCode]]&"."&TopicLookup[[#This Row],[Topic]])))) -> 7B6 | J7: Body Systems And Health | K7: {=SUMPRODUCT((LessonLookup[TopicID]=TopicLookup[[#This Row],[TopicID]])*(LessonLookup[SuggestedNumberOfPeriodsForLesson]))} -> 11 | L7: Standard | M7: Test
A8: Science | B8: 3 | C8: 7 | D8: =_xlfn.CONCAT("KS",TopicLookup[[#This Row],[SyllabusKeyStage]],".",TopicLookup[[#This Row],[SyllabusSubject]]) -> KS3.Science | E8: =IF(ISNUMBER(TopicLookup[[#This Row],[SyllabusYear]]),_xlfn.CONCAT("Y",TopicLookup[[#This Row],[SyllabusYear]],".",TopicLookup[[#This Row],[SyllabusSubject]]),_xlfn.CONCAT("KS",TopicLookup[[#This Row],[SyllabusKeyStage]],".",TopicLookup[[#This Row],[SyllabusSubject]],".",TopicLookup[[#This Row],[SyllabusYear]])) -> Y7.Science | F8: I | G8: C | H8: 1 | I8: =IF(OR(TopicLookup[[#This Row],[SyllabusYear]]=7,TopicLookup[[#This Row],[SyllabusYear]]=8),_xlfn.CONCAT(TopicLookup[[#This Row],[SyllabusYear]],TopicLookup[[#This Row],[TopicSubjectCode]],TopicLookup[[#This Row],[Topic]]),IF(TopicLookup[[#This Row],[TopicStage]]="G",_xlfn.CONCAT(TopicLookup[[#This Row],[TopicSubjectCode]],TopicLookup[[#This Row],[Topic]]),IF(TopicLookup[[#This Row],[TopicStage]]="A",_xlfn.CONCAT(TopicLookup[[#This Row],[TopicStage]],TopicLookup[[#This Row],[TopicSubjectCode]],".",TopicLookup[[#This Row],[Topic]]),_xlfn.CONCAT(TopicLookup[[#This Row],[TopicStage]]&"."&TopicLookup[[#This Row],[TopicSubjectCode]]&"."&TopicLookup[[#This Row],[Topic]])))) -> 7C1 | J8: Introduction To Science | K8: {=SUMPRODUCT((LessonLookup[TopicID]=TopicLookup[[#This Row],[TopicID]])*(LessonLookup[SuggestedNumberOfPeriodsForLesson]))} -> 14 | L8: Standard | M8: Test
A9: Science | B9: 3 | C9: 7 | D9: =_xlfn.CONCAT("KS",TopicLookup[[#This Row],[SyllabusKeyStage]],".",TopicLookup[[#This Row],[SyllabusSubject]]) -> KS3.Science | E9: =IF(ISNUMBER(TopicLookup[[#This Row],[SyllabusYear]]),_xlfn.CONCAT("Y",TopicLookup[[#This Row],[SyllabusYear]],".",TopicLookup[[#This Row],[SyllabusSubject]]),_xlfn.CONCAT("KS",TopicLookup[[#This Row],[SyllabusKeyStage]],".",TopicLookup[[#This Row],[SyllabusSubject]],".",TopicLookup[[#This Row],[SyllabusYear]])) -> Y7.Science | F9: I | G9: C | H9: 2 | I9: =IF(OR(TopicLookup[[#This Row],[SyllabusYear]]=7,TopicLookup[[#This Row],[SyllabusYear]]=8),_xlfn.CONCAT(TopicLookup[[#This Row],[SyllabusYear]],TopicLookup[[#This Row],[TopicSubjectCode]],TopicLookup[[#This Row],[Topic]]),IF(TopicLookup[[#This Row],[TopicStage]]="G",_xlfn.CONCAT(TopicLookup[[#This Row],[TopicSubjectCode]],TopicLookup[[#This Row],[Topic]]),IF(TopicLookup[[#This Row],[TopicStage]]="A",_xlfn.CONCAT(TopicLookup[[#This Row],[TopicStage]],TopicLookup[[#This Row],[TopicSubjectCode]],".",TopicLookup[[#This Row],[Topic]]),_xlfn.CONCAT(TopicLookup[[#This Row],[TopicStage]]&"."&TopicLookup[[#This Row],[TopicSubjectCode]]&"."&TopicLookup[[#This Row],[Topic]])))) -> 7C2 | J9: States Of Matter And Dissolving | K9: {=SUMPRODUCT((LessonLookup[TopicID]=TopicLookup[[#This Row],[TopicID]])*(LessonLookup[SuggestedNumberOfPeriodsForLesson]))} -> 10 | L9: Standard | M9: Test
A10: Science | B10: 3 | C10: 7 | D10: =_xlfn.CONCAT("KS",TopicLookup[[#This Row],[SyllabusKeyStage]],".",TopicLookup[[#This Row],[SyllabusSubject]]) -> KS3.Science | E10: =IF(ISNUMBER(TopicLookup[[#This Row],[SyllabusYear]]),_xlfn.CONCAT("Y",TopicLookup[[#This Row],[SyllabusYear]],".",TopicLookup[[#This Row],[SyllabusSubject]]),_xlfn.CONCAT("KS",TopicLookup[[#This Row],[SyllabusKeyStage]],".",TopicLookup[[#This Row],[SyllabusSubject]],".",TopicLookup[[#This Row],[SyllabusYear]])) -> Y7.Science | F10: I | G10: C | H10: 3 | I10: =IF(OR(TopicLookup[[#This Row],[SyllabusYear]]=7,TopicLookup[[#This Row],[SyllabusYear]]=8),_xlfn.CONCAT(TopicLookup[[#This Row],[SyllabusYear]],TopicLookup[[#This Row],[TopicSubjectCode]],TopicLookup[[#This Row],[Topic]]),IF(TopicLookup[[#This Row],[TopicStage]]="G",_xlfn.CONCAT(TopicLookup[[#This Row],[TopicSubjectCode]],TopicLookup[[#This Row],[Topic]]),IF(TopicLookup[[#This Row],[TopicStage]]="A",_xlfn.CONCAT(TopicLookup[[#This Row],[TopicStage]],TopicLookup[[#This Row],[TopicSubjectCode]],".",TopicLookup[[#This Row],[Topic]]),_xlfn.CONCAT(TopicLookup[[#This Row],[TopicStage]]&"."&TopicLookup[[#This Row],[TopicSubjectCode]]&"."&TopicLookup[[#This Row],[Topic]])))) -> 7C3 | J10: Elements And Compounds | K10: {=SUMPRODUCT((LessonLookup[TopicID]=TopicLookup[[#This Row],[TopicID]])*(LessonLookup[SuggestedNumberOfPeriodsForLesson]))} -> 10 | L10: Standard | M10: Test
A11: Science | B11: 3 | C11: 7 | D11: =_xlfn.CONCAT("KS",TopicLookup[[#This Row],[SyllabusKeyStage]],".",TopicLookup[[#This Row],[SyllabusSubject]]) -> KS3.Science | E11: =IF(ISNUMBER(TopicLookup[[#This Row],[SyllabusYear]]),_xlfn.CONCAT("Y",TopicLookup[[#This Row],[SyllabusYear]],".",TopicLookup[[#This Row],[SyllabusSubject]]),_xlfn.CONCAT("KS",TopicLookup[[#This Row],[SyllabusKeyStage]],".",TopicLookup[[#This Row],[SyllabusSubject]],".",TopicLookup[[#This Row],[SyllabusYear]])) -> Y7.Science | F11: I | G11: C | H11: 4 | I11: =IF(OR(TopicLookup[[#This Row],[SyllabusYear]]=7,TopicLookup[[#This Row],[SyllabusYear]]=8),_xlfn.CONCAT(TopicLookup[[#This Row],[SyllabusYear]],TopicLookup[[#This Row],[TopicSubjectCode]],TopicLookup[[#This Row],[Topic]]),IF(TopicLookup[[#This Row],[TopicStage]]="G",_xlfn.CONCAT(TopicLookup[[#This Row],[TopicSubjectCode]],TopicLookup[[#This Row],[Topic]]),IF(TopicLookup[[#This Row],[TopicStage]]="A",_xlfn.CONCAT(TopicLookup[[#This Row],[TopicStage]],TopicLookup[[#This Row],[TopicSubjectCode]],".",TopicLookup[[#This Row],[Topic]]),_xlfn.CONCAT(TopicLookup[[#This Row],[TopicStage]]&"."&TopicLookup[[#This Row],[TopicSubjectCode]]&"."&TopicLookup[[#This Row],[Topic]])))) -> 7C4 | J11: Mixtures And Separation Techniques | K11: {=SUMPRODUCT((LessonLookup[TopicID]=TopicLookup[[#This Row],[TopicID]])*(LessonLookup[SuggestedNumberOfPeriodsForLesson]))} -> 10 | L11: Standard | M11: Test
A12: Science | B12: 3 | C12: 7 | D12: =_xlfn.CONCAT("KS",TopicLookup[[#This Row],[SyllabusKeyStage]],".",TopicLookup[[#This Row],[SyllabusSubject]]) -> KS3.Science | E12: =IF(ISNUMBER(TopicLookup[[#This Row],[SyllabusYear]]),_xlfn.CONCAT("Y",TopicLookup[[#This Row],[SyllabusYear]],".",TopicLookup[[#This Row],[SyllabusSubject]]),_xlfn.CONCAT("KS",TopicLookup[[#This Row],[SyllabusKeyStage]],".",TopicLookup[[#This Row],[SyllabusSubject]],".",TopicLookup[[#This Row],[SyllabusYear]])) -> Y7.Science | F12: I | G12: C | H12: 5 | I12: =IF(OR(TopicLookup[[#This Row],[SyllabusYear]]=7,TopicLookup[[#This Row],[SyllabusYear]]=8),_xlfn.CONCAT(TopicLookup[[#This Row],[SyllabusYear]],TopicLookup[[#This Row],[TopicSubjectCode]],TopicLookup[[#This Row],[Topic]]),IF(TopicLookup[[#This Row],[TopicStage]]="G",_xlfn.CONCAT(TopicLookup[[#This Row],[TopicSubjectCode]],TopicLookup[[#This Row],[Topic]]),IF(TopicLookup[[#This Row],[TopicStage]]="A",_xlfn.CONCAT(TopicLookup[[#This Row],[TopicStage]],TopicLookup[[#This Row],[TopicSubjectCode]],".",TopicLookup[[#This Row],[Topic]]),_xlfn.CONCAT(TopicLookup[[#This Row],[TopicStage]]&"."&TopicLookup[[#This Row],[TopicSubjectCode]]&"."&TopicLookup[[#This Row],[Topic]])))) -> 7C5 | J12: The Earth's Structure | K12: {=SUMPRODUCT((LessonLookup[TopicID]=TopicLookup[[#This Row],[TopicID]])*(LessonLookup[SuggestedNumberOfPeriodsForLesson]))} -> 10 | L12: Standard | M12: Test
A13: Science | B13: 3 | C13: 7 | D13: =_xlfn.CONCAT("KS",TopicLookup[[#This Row],[SyllabusKeyStage]],".",TopicLookup[[#This Row],[SyllabusSubject]]) -> KS3.Science | E13: =IF(ISNUMBER(TopicLookup[[#This Row],[SyllabusYear]]),_xlfn.CONCAT("Y",TopicLookup[[#This Row],[SyllabusYear]],".",TopicLookup[[#This Row],[SyllabusSubject]]),_xlfn.CONCAT("KS",TopicLookup[[#This Row],[SyllabusKeyStage]],".",TopicLookup[[#This Row],[SyllabusSubject]],".",TopicLookup[[#This Row],[SyllabusYear]])) -> Y7.Science | F13: I | G13: C | H13: 6 | I13: =IF(OR(TopicLookup[[#This Row],[SyllabusYear]]=7,TopicLookup[[#This Row],[SyllabusYear]]=8),_xlfn.CONCAT(TopicLookup[[#This Row],[SyllabusYear]],TopicLookup[[#This Row],[TopicSubjectCode]],TopicLookup[[#This Row],[Topic]]),IF(TopicLookup[[#This Row],[TopicStage]]="G",_xlfn.CONCAT(TopicLookup[[#This Row],[TopicSubjectCode]],TopicLookup[[#This Row],[Topic]]),IF(TopicLookup[[#This Row],[TopicStage]]="A",_xlfn.CONCAT(TopicLookup[[#This Row],[TopicStage]],TopicLookup[[#This Row],[TopicSubjectCode]],".",TopicLookup[[#This Row],[Topic]]),_xlfn.CONCAT(TopicLookup[[#This Row],[TopicStage]]&"."&TopicLookup[[#This Row],[TopicSubjectCode]]&"."&TopicLookup[[#This Row],[Topic]])))) -> 7C6 | J13: Fuels | K13: {=SUMPRODUCT((LessonLookup[TopicID]=TopicLookup[[#This Row],[TopicID]])*(LessonLookup[SuggestedNumberOfPeriodsForLesson]))} -> 10 | L13: Standard | M13: Test
... A37: Science | B37: 3 | C37: 8 | D37: =_xlfn.CONCAT("KS",TopicLookup[[#This Row],[SyllabusKeyStage]],".",TopicLookup[[#This Row],[SyllabusSubject]]) -> KS3.Science | E37: =IF(ISNUMBER(TopicLookup[[#This Row],[SyllabusYear]]),_xlfn.CONCAT("Y",TopicLookup[[#This Row],[SyllabusYear]],".",TopicLookup[[#This Row],[SyllabusSubject]]),_xlfn.CONCAT("KS",TopicLookup[[#This Row],[SyllabusKeyStage]],".",TopicLookup[[#This Row],[SyllabusSubject]],".",TopicLookup[[#This Row],[SyllabusYear]])) -> Y8.Science | F37: I | G37: P | H37: 6 | I37: =IF(OR(TopicLookup[[#This Row],[SyllabusYear]]=7,TopicLookup[[#This Row],[SyllabusYear]]=8),_xlfn.CONCAT(TopicLookup[[#This Row],[SyllabusYear]],TopicLookup[[#This Row],[TopicSubjectCode]],TopicLookup[[#This Row],[Topic]]),IF(TopicLookup[[#This Row],[TopicStage]]="G",_xlfn.CONCAT(TopicLookup[[#This Row],[TopicSubjectCode]],TopicLookup[[#This Row],[Topic]]),IF(TopicLookup[[#This Row],[TopicStage]]="A",_xlfn.CONCAT(TopicLookup[[#This Row],[TopicStage]],TopicLookup[[#This Row],[TopicSubjectCode]],".",TopicLookup[[#This Row],[Topic]]),_xlfn.CONCAT(TopicLookup[[#This Row],[TopicStage]]&"."&TopicLookup[[#This Row],[TopicSubjectCode]]&"."&TopicLookup[[#This Row],[Topic]])))) -> 8P6 | J37: Maths Skills For Scientists | K37: {=SUMPRODUCT((LessonLookup[TopicID]=TopicLookup[[#This Row],[TopicID]])*(LessonLookup[SuggestedNumberOfPeriodsForLesson]))} -> 10 | L37: Standard | M37: Quiz
A38: Physics | B38: 4 | C38: Core | D38: =_xlfn.CONCAT("KS",TopicLookup[[#This Row],[SyllabusKeyStage]],".",TopicLookup[[#This Row],[SyllabusSubject]]) -> KS4.Physics | E38: =IF(ISNUMBER(TopicLookup[[#This Row],[SyllabusYear]]),_xlfn.CONCAT("Y",TopicLookup[[#This Row],[SyllabusYear]],".",TopicLookup[[#This Row],[SyllabusSubject]]),_xlfn.CONCAT("KS",TopicLookup[[#This Row],[SyllabusKeyStage]],".",TopicLookup[[#This Row],[SyllabusSubject]],".",TopicLookup[[#This Row],[SyllabusYear]])) -> KS4.Physics.Core | F38: G | G38: P | H38: 1 | I38: =IF(OR(TopicLookup[[#This Row],[SyllabusYear]]=7,TopicLookup[[#This Row],[SyllabusYear]]=8),_xlfn.CONCAT(TopicLookup[[#This Row],[SyllabusYear]],TopicLookup[[#This Row],[TopicSubjectCode]],TopicLookup[[#This Row],[Topic]]),IF(TopicLookup[[#This Row],[TopicStage]]="G",_xlfn.CONCAT(TopicLookup[[#This Row],[TopicSubjectCode]],TopicLookup[[#This Row],[Topic]]),IF(TopicLookup[[#This Row],[TopicStage]]="A",_xlfn.CONCAT(TopicLookup[[#This Row],[TopicStage]],TopicLookup[[#This Row],[TopicSubjectCode]],".",TopicLookup[[#This Row],[Topic]]),_xlfn.CONCAT(TopicLookup[[#This Row],[TopicStage]]&"."&TopicLookup[[#This Row],[TopicSubjectCode]]&"."&TopicLookup[[#This Row],[Topic]])))) -> P1 | J38: Key Concepts In Physics | K38: {=SUMPRODUCT((LessonLookup[TopicID]=TopicLookup[[#This Row],[TopicID]])*(LessonLookup[SuggestedNumberOfPeriodsForLesson]))} -> 2 | L38: Core | M38: Quiz
A39: Physics | B39: 4 | C39: 10 | D39: =_xlfn.CONCAT("KS",TopicLookup[[#This Row],[SyllabusKeyStage]],".",TopicLookup[[#This Row],[SyllabusSubject]]) -> KS4.Physics | E39: =IF(ISNUMBER(TopicLookup[[#This Row],[SyllabusYear]]),_xlfn.CONCAT("Y",TopicLookup[[#This Row],[SyllabusYear]],".",TopicLookup[[#This Row],[SyllabusSubject]]),_xlfn.CONCAT("KS",TopicLookup[[#This Row],[SyllabusKeyStage]],".",TopicLookup[[#This Row],[SyllabusSubject]],".",TopicLookup[[#This Row],[SyllabusYear]])) -> Y10.Physics | F39: G | G39: P | H39: 2 | I39: =IF(OR(TopicLookup[[#This Row],[SyllabusYear]]=7,TopicLookup[[#This Row],[SyllabusYear]]=8),_xlfn.CONCAT(TopicLookup[[#This Row],[SyllabusYear]],TopicLookup[[#This Row],[TopicSubjectCode]],TopicLookup[[#This Row],[Topic]]),IF(TopicLookup[[#This Row],[TopicStage]]="G",_xlfn.CONCAT(TopicLookup[[#This Row],[TopicSubjectCode]],TopicLookup[[#This Row],[Topic]]),IF(TopicLookup[[#This Row],[TopicStage]]="A",_xlfn.CONCAT(TopicLookup[[#This Row],[TopicStage]],TopicLookup[[#This Row],[TopicSubjectCode]],".",TopicLookup[[#This Row],[Topic]]),_xlfn.CONCAT(TopicLookup[[#This Row],[TopicStage]]&"."&TopicLookup[[#This Row],[TopicSubjectCode]]&"."&TopicLookup[[#This Row],[Topic]])))) -> P2 | J39: Motion And Forces | K39: {=SUMPRODUCT((LessonLookup[TopicID]=TopicLookup[[#This Row],[TopicID]])*(LessonLookup[SuggestedNumberOfPeriodsForLesson]))} -> 16 | L39: Standard | M39: Test
A40: Physics | B40: 4 | C40: 9 | D40: =_xlfn.CONCAT("KS",TopicLookup[[#This Row],[SyllabusKeyStage]],".",TopicLookup[[#This Row],[SyllabusSubject]]) -> KS4.Physics | E40: =IF(ISNUMBER(TopicLookup[[#This Row],[SyllabusYear]]),_xlfn.CONCAT("Y",TopicLookup[[#This Row],[SyllabusYear]],".",TopicLookup[[#This Row],[SyllabusSubject]]),_xlfn.CONCAT("KS",TopicLookup[[#This Row],[SyllabusKeyStage]],".",TopicLookup[[#This Row],[SyllabusSubject]],".",TopicLookup[[#This Row],[SyllabusYear]])) -> Y9.Physics | F40: G | G40: P | H40: 3 | I40: =IF(OR(TopicLookup[[#This Row],[SyllabusYear]]=7,TopicLookup[[#This Row],[SyllabusYear]]=8),_xlfn.CONCAT(TopicLookup[[#This Row],[SyllabusYear]],TopicLookup[[#This Row],[TopicSubjectCode]],TopicLookup[[#This Row],[Topic]]),IF(TopicLookup[[#This Row],[TopicStage]]="G",_xlfn.CONCAT(TopicLookup[[#This Row],[TopicSubjectCode]],TopicLookup[[#This Row],[Topic]]),IF(TopicLookup[[#This Row],[TopicStage]]="A",_xlfn.CONCAT(TopicLookup[[#This Row],[TopicStage]],TopicLookup[[#This Row],[TopicSubjectCode]],".",TopicLookup[[#This Row],[Topic]]),_xlfn.CONCAT(TopicLookup[[#This Row],[TopicStage]]&"."&TopicLookup[[#This Row],[TopicSubjectCode]]&"."&TopicLookup[[#This Row],[Topic]])))) -> P3 | J40: Conservation Of Energy | K40: {=SUMPRODUCT((LessonLookup[TopicID]=TopicLookup[[#This Row],[TopicID]])*(LessonLookup[SuggestedNumberOfPeriodsForLesson]))} -> 9 | L40: Standard | M40: Test
A41: Physics | B41: 4 | C41: 9 | D41: =_xlfn.CONCAT("KS",TopicLookup[[#This Row],[SyllabusKeyStage]],".",TopicLookup[[#This Row],[SyllabusSubject]]) -> KS4.Physics | E41: =IF(ISNUMBER(TopicLookup[[#This Row],[SyllabusYear]]),_xlfn.CONCAT("Y",TopicLookup[[#This Row],[SyllabusYear]],".",TopicLookup[[#This Row],[SyllabusSubject]]),_xlfn.CONCAT("KS",TopicLookup[[#This Row],[SyllabusKeyStage]],".",TopicLookup[[#This Row],[SyllabusSubject]],".",TopicLookup[[#This Row],[SyllabusYear]])) -> Y9.Physics | F41: G | G41: P | H41: 4 | I41: =IF(OR(TopicLookup[[#This Row],[SyllabusYear]]=7,TopicLookup[[#This Row],[SyllabusYear]]=8),_xlfn.CONCAT(TopicLookup[[#This Row],[SyllabusYear]],TopicLookup[[#This Row],[TopicSubjectCode]],TopicLookup[[#This Row],[Topic]]),IF(TopicLookup[[#This Row],[TopicStage]]="G",_xlfn.CONCAT(TopicLookup[[#This Row],[TopicSubjectCode]],TopicLookup[[#This Row],[Topic]]),IF(TopicLookup[[#This Row],[TopicStage]]="A",_xlfn.CONCAT(TopicLookup[[#This Row],[TopicStage]],TopicLookup[[#This Row],[TopicSubjectCode]],".",TopicLookup[[#This Row],[Topic]]),_xlfn.CONCAT(TopicLookup[[#This Row],[TopicStage]]&"."&TopicLookup[[#This Row],[TopicSubjectCode]]&"."&TopicLookup[[#This Row],[Topic]])))) -> P4 | J41: Waves | K41: {=SUMPRODUCT((LessonLookup[TopicID]=TopicLookup[[#This Row],[TopicID]])*(LessonLookup[SuggestedNumberOfPeriodsForLesson]))} -> 10 | L41: Standard | M41: Test
A42: Physics | B42: 4 | C42: 9 | D42: =_xlfn.CONCAT("KS",TopicLookup[[#This Row],[SyllabusKeyStage]],".",TopicLookup[[#This Row],[SyllabusSubject]]) -> KS4.Physics | E42: =IF(ISNUMBER(TopicLookup[[#This Row],[SyllabusYear]]),_xlfn.CONCAT("Y",TopicLookup[[#This Row],[SyllabusYear]],".",TopicLookup[[#This Row],[SyllabusSubject]]),_xlfn.CONCAT("KS",TopicLookup[[#This Row],[SyllabusKeyStage]],".",TopicLookup[[#This Row],[SyllabusSubject]],".",TopicLookup[[#This Row],[SyllabusYear]])) -> Y9.Physics | F42: G | G42: P | H42: 5 | I42: =IF(OR(TopicLookup[[#This Row],[SyllabusYear]]=7,TopicLookup[[#This Row],[SyllabusYear]]=8),_xlfn.CONCAT(TopicLookup[[#This Row],[SyllabusYear]],TopicLookup[[#This Row],[TopicSubjectCode]],TopicLookup[[#This Row],[Topic]]),IF(TopicLookup[[#This Row],[TopicStage]]="G",_xlfn.CONCAT(TopicLookup[[#This Row],[TopicSubjectCode]],TopicLookup[[#This Row],[Topic]]),IF(TopicLookup[[#This Row],[TopicStage]]="A",_xlfn.CONCAT(TopicLookup[[#This Row],[TopicStage]],TopicLookup[[#This Row],[TopicSubjectCode]],".",TopicLookup[[#This Row],[Topic]]),_xlfn.CONCAT(TopicLookup[[#This Row],[TopicStage]]&"."&TopicLookup[[#This Row],[TopicSubjectCode]]&"."&TopicLookup[[#This Row],[Topic]])))) -> P5 | J42: Light And The Electromagnetic Spectrum | K42: {=SUMPRODUCT((LessonLookup[TopicID]=TopicLookup[[#This Row],[TopicID]])*(LessonLookup[SuggestedNumberOfPeriodsForLesson]))} -> 12 | L42: Standard | M42: Test
A43: Physics | B43: 4 | C43: 9 | D43: =_xlfn.CONCAT("KS",TopicLookup[[#This Row],[SyllabusKeyStage]],".",TopicLookup[[#This Row],[SyllabusSubject]]) -> KS4.Physics | E43: =IF(ISNUMBER(TopicLookup[[#This Row],[SyllabusYear]]),_xlfn.CONCAT("Y",TopicLookup[[#This Row],[SyllabusYear]],".",TopicLookup[[#This Row],[SyllabusSubject]]),_xlfn.CONCAT("KS",TopicLookup[[#This Row],[SyllabusKeyStage]],".",TopicLookup[[#This Row],[SyllabusSubject]],".",TopicLookup[[#This Row],[SyllabusYear]])) -> Y9.Physics | F43: G | G43: P | H43: 6 | I43: =IF(OR(TopicLookup[[#This Row],[SyllabusYear]]=7,TopicLookup[[#This Row],[SyllabusYear]]=8),_xlfn.CONCAT(TopicLookup[[#This Row],[SyllabusYear]],TopicLookup[[#This Row],[TopicSubjectCode]],TopicLookup[[#This Row],[Topic]]),IF(TopicLookup[[#This Row],[TopicStage]]="G",_xlfn.CONCAT(TopicLookup[[#This Row],[TopicSubjectCode]],TopicLookup[[#This Row],[Topic]]),IF(TopicLookup[[#This Row],[TopicStage]]="A",_xlfn.CONCAT(TopicLookup[[#This Row],[TopicStage]],TopicLookup[[#This Row],[TopicSubjectCode]],".",TopicLookup[[#This Row],[Topic]]),_xlfn.CONCAT(TopicLookup[[#This Row],[TopicStage]]&"."&TopicLookup[[#This Row],[TopicSubjectCode]]&"."&TopicLookup[[#This Row],[Topic]])))) -> P6 | J43: Radioactivity | K43: {=SUMPRODUCT((LessonLookup[TopicID]=TopicLookup[[#This Row],[TopicID]])*(LessonLookup[SuggestedNumberOfPeriodsForLesson]))} -> 16 | L43: Standard | M43: Test
A44: Physics | B44: 4 | C44: 11 | D44: =_xlfn.CONCAT("KS",TopicLookup[[#This Row],[SyllabusKeyStage]],".",TopicLookup[[#This Row],[SyllabusSubject]]) -> KS4.Physics | E44: =IF(ISNUMBER(TopicLookup[[#This Row],[SyllabusYear]]),_xlfn.CONCAT("Y",TopicLookup[[#This Row],[SyllabusYear]],".",TopicLookup[[#This Row],[SyllabusSubject]]),_xlfn.CONCAT("KS",TopicLookup[[#This Row],[SyllabusKeyStage]],".",TopicLookup[[#This Row],[SyllabusSubject]],".",TopicLookup[[#This Row],[SyllabusYear]])) -> Y11.Physics | F44: G | G44: P | H44: 6s | I44: =IF(OR(TopicLookup[[#This Row],[SyllabusYear]]=7,TopicLookup[[#This Row],[SyllabusYear]]=8),_xlfn.CONCAT(TopicLookup[[#This Row],[SyllabusYear]],TopicLookup[[#This Row],[TopicSubjectCode]],TopicLookup[[#This Row],[Topic]]),IF(TopicLookup[[#This Row],[TopicStage]]="G",_xlfn.CONCAT(TopicLookup[[#This Row],[TopicSubjectCode]],TopicLookup[[#This Row],[Topic]]),IF(TopicLookup[[#This Row],[TopicStage]]="A",_xlfn.CONCAT(TopicLookup[[#This Row],[TopicStage]],TopicLookup[[#This Row],[TopicSubjectCode]],".",TopicLookup[[#This Row],[Topic]]),_xlfn.CONCAT(TopicLookup[[#This Row],[TopicStage]]&"."&TopicLookup[[#This Row],[TopicSubjectCode]]&"."&TopicLookup[[#This Row],[Topic]])))) -> P6s | J44: Radioactivity (separate) | K44: {=SUMPRODUCT((LessonLookup[TopicID]=TopicLookup[[#This Row],[TopicID]])*(LessonLookup[SuggestedNumberOfPeriodsForLesson]))} -> 0 | L44: Standard | M44: Test
A45: Physics | B45: 4 | C45: 11 | D45: =_xlfn.CONCAT("KS",TopicLookup[[#This Row],[SyllabusKeyStage]],".",TopicLookup[[#This Row],[SyllabusSubject]]) -> KS4.Physics | E45: =IF(ISNUMBER(TopicLookup[[#This Row],[SyllabusYear]]),_xlfn.CONCAT("Y",TopicLookup[[#This Row],[SyllabusYear]],".",TopicLookup[[#This Row],[SyllabusSubject]]),_xlfn.CONCAT("KS",TopicLookup[[#This Row],[SyllabusKeyStage]],".",TopicLookup[[#This Row],[SyllabusSubject]],".",TopicLookup[[#This Row],[SyllabusYear]])) -> Y11.Physics | F45: G | G45: P | H45: 7 | I45: =IF(OR(TopicLookup[[#This Row],[SyllabusYear]]=7,TopicLookup[[#This Row],[SyllabusYear]]=8),_xlfn.CONCAT(TopicLookup[[#This Row],[SyllabusYear]],TopicLookup[[#This Row],[TopicSubjectCode]],TopicLookup[[#This Row],[Topic]]),IF(TopicLookup[[#This Row],[TopicStage]]="G",_xlfn.CONCAT(TopicLookup[[#This Row],[TopicSubjectCode]],TopicLookup[[#This Row],[Topic]]),IF(TopicLookup[[#This Row],[TopicStage]]="A",_xlfn.CONCAT(TopicLookup[[#This Row],[TopicStage]],TopicLookup[[#This Row],[TopicSubjectCode]],".",TopicLookup[[#This Row],[Topic]]),_xlfn.CONCAT(TopicLookup[[#This Row],[TopicStage]]&"."&TopicLookup[[#This Row],[TopicSubjectCode]]&"."&TopicLookup[[#This Row],[Topic]])))) -> P7 | J45: Astronomy | K45: {=SUMPRODUCT((LessonLookup[TopicID]=TopicLookup[[#This Row],[TopicID]])*(LessonLookup[SuggestedNumberOfPeriodsForLesson]))} -> 8 | L45: Standard | M45: Test
A46: Physics | B46: 4 | C46: 9 | D46: =_xlfn.CONCAT("KS",TopicLookup[[#This Row],[SyllabusKeyStage]],".",TopicLookup[[#This Row],[SyllabusSubject]]) -> KS4.Physics | E46: =IF(ISNUMBER(TopicLookup[[#This Row],[SyllabusYear]]),_xlfn.CONCAT("Y",TopicLookup[[#This Row],[SyllabusYear]],".",TopicLookup[[#This Row],[SyllabusSubject]]),_xlfn.CONCAT("KS",TopicLookup[[#This Row],[SyllabusKeyStage]],".",TopicLookup[[#This Row],[SyllabusSubject]],".",TopicLookup[[#This Row],[SyllabusYear]])) -> Y9.Physics | F46: G | G46: P | H46: 8 | I46: =IF(OR(TopicLookup[[#This Row],[SyllabusYear]]=7,TopicLookup[[#This Row],[SyllabusYear]]=8),_xlfn.CONCAT(TopicLookup[[#This Row],[SyllabusYear]],TopicLookup[[#This Row],[TopicSubjectCode]],TopicLookup[[#This Row],[Topic]]),IF(TopicLookup[[#This Row],[TopicStage]]="G",_xlfn.CONCAT(TopicLookup[[#This Row],[TopicSubjectCode]],TopicLookup[[#This Row],[Topic]]),IF(TopicLookup[[#This Row],[TopicStage]]="A",_xlfn.CONCAT(TopicLookup[[#This Row],[TopicStage]],TopicLookup[[#This Row],[TopicSubjectCode]],".",TopicLookup[[#This Row],[Topic]]),_xlfn.CONCAT(TopicLookup[[#This Row],[TopicStage]]&"."&TopicLookup[[#This Row],[TopicSubjectCode]]&"."&TopicLookup[[#This Row],[Topic]])))) -> P8 | J46: Energy - Forces Doing Work | K46: {=SUMPRODUCT((LessonLookup[TopicID]=TopicLookup[[#This Row],[TopicID]])*(LessonLookup[SuggestedNumberOfPeriodsForLesson]))} -> 1 | L46: Standard | M46: Test
A47: Physics | B47: 4 | C47: 11 | D47: =_xlfn.CONCAT("KS",TopicLookup[[#This Row],[SyllabusKeyStage]],".",TopicLookup[[#This Row],[SyllabusSubject]]) -> KS4.Physics | E47: =IF(ISNUMBER(TopicLookup[[#This Row],[SyllabusYear]]),_xlfn.CONCAT("Y",TopicLookup[[#This Row],[SyllabusYear]],".",TopicLookup[[#This Row],[SyllabusSubject]]),_xlfn.CONCAT("KS",TopicLookup[[#This Row],[SyllabusKeyStage]],".",TopicLookup[[#This Row],[SyllabusSubject]],".",TopicLookup[[#This Row],[SyllabusYear]])) -> Y11.Physics | F47: G | G47: P | H47: 9 | I47: =IF(OR(TopicLookup[[#This Row],[SyllabusYear]]=7,TopicLookup[[#This Row],[SyllabusYear]]=8),_xlfn.CONCAT(TopicLookup[[#This Row],[SyllabusYear]],TopicLookup[[#This Row],[TopicSubjectCode]],TopicLookup[[#This Row],[Topic]]),IF(TopicLookup[[#This Row],[TopicStage]]="G",_xlfn.CONCAT(TopicLookup[[#This Row],[TopicSubjectCode]],TopicLookup[[#This Row],[Topic]]),IF(TopicLookup[[#This Row],[TopicStage]]="A",_xlfn.CONCAT(TopicLookup[[#This Row],[TopicStage]],TopicLookup[[#This Row],[TopicSubjectCode]],".",TopicLookup[[#This Row],[Topic]]),_xlfn.CONCAT(TopicLookup[[#This Row],[TopicStage]]&"."&TopicLookup[[#This Row],[TopicSubjectCode]]&"."&TopicLookup[[#This Row],[Topic]])))) -> P9 | J47: Forces And Their Effects | K47: {=SUMPRODUCT((LessonLookup[TopicID]=TopicLookup[[#This Row],[TopicID]])*(LessonLookup[SuggestedNumberOfPeriodsForLesson]))} -> 6 | L47: Standard | M47: Test
A48: Physics | B48: 4 | C48: 10 | D48: =_xlfn.CONCAT("KS",TopicLookup[[#This Row],[SyllabusKeyStage]],".",TopicLookup[[#This Row],[SyllabusSubject]]) -> KS4.Physics | E48: =IF(ISNUMBER(TopicLookup[[#This Row],[SyllabusYear]]),_xlfn.CONCAT("Y",TopicLookup[[#This Row],[SyllabusYear]],".",TopicLookup[[#This Row],[SyllabusSubject]]),_xlfn.CONCAT("KS",TopicLookup[[#This Row],[SyllabusKeyStage]],".",TopicLookup[[#This Row],[SyllabusSubject]],".",TopicLookup[[#This Row],[SyllabusYear]])) -> Y10.Physics | F48: G | G48: P | H48: 10 | I48: =IF(OR(TopicLookup[[#This Row],[SyllabusYear]]=7,TopicLookup[[#This Row],[SyllabusYear]]=8),_xlfn.CONCAT(TopicLookup[[#This Row],[SyllabusYear]],TopicLookup[[#This Row],[TopicSubjectCode]],TopicLookup[[#This Row],[Topic]]),IF(TopicLookup[[#This Row],[TopicStage]]="G",_xlfn.CONCAT(TopicLookup[[#This Row],[TopicSubjectCode]],TopicLookup[[#This Row],[Topic]]),IF(TopicLookup[[#This Row],[TopicStage]]="A",_xlfn.CONCAT(TopicLookup[[#This Row],[TopicStage]],TopicLookup[[#This Row],[TopicSubjectCode]],".",TopicLookup[[#This Row],[Topic]]),_xlfn.CONCAT(TopicLookup[[#This Row],[TopicStage]]&"."&TopicLookup[[#This Row],[TopicSubjectCode]]&"."&TopicLookup[[#This Row],[Topic]])))) -> P10 | J48: Electricity And Circuits | K48: {=SUMPRODUCT((LessonLookup[TopicID]=TopicLookup[[#This Row],[TopicID]])*(LessonLookup[SuggestedNumberOfPeriodsForLesson]))} -> 21 | L48: Standard | M48: Test
A49: Physics | B49: 4 | C49: 10 | D49: =_xlfn.CONCAT("KS",TopicLookup[[#This Row],[SyllabusKeyStage]],".",TopicLookup[[#This Row],[SyllabusSubject]]) -> KS4.Physics | E49: =IF(ISNUMBER(TopicLookup[[#This Row],[SyllabusYear]]),_xlfn.CONCAT("Y",TopicLookup[[#This Row],[SyllabusYear]],".",TopicLookup[[#This Row],[SyllabusSubject]]),_xlfn.CONCAT("KS",TopicLookup[[#This Row],[SyllabusKeyStage]],".",TopicLookup[[#This Row],[SyllabusSubject]],".",TopicLookup[[#This Row],[SyllabusYear]])) -> Y10.Physics | F49: G | G49: P | H49: 11 | I49: =IF(OR(TopicLookup[[#This Row],[SyllabusYear]]=7,TopicLookup[[#This Row],[SyllabusYear]]=8),_xlfn.CONCAT(TopicLookup[[#This Row],[SyllabusYear]],TopicLookup[[#This Row],[TopicSubjectCode]],TopicLookup[[#This Row],[Topic]]),IF(TopicLookup[[#This Row],[TopicStage]]="G",_xlfn.CONCAT(TopicLookup[[#This Row],[TopicSubjectCode]],TopicLookup[[#This Row],[Topic]]),IF(TopicLookup[[#This Row],[TopicStage]]="A",_xlfn.CONCAT(TopicLookup[[#This Row],[TopicStage]],TopicLookup[[#This Row],[TopicSubjectCode]],".",TopicLookup[[#This Row],[Topic]]),_xlfn.CONCAT(TopicLookup[[#This Row],[TopicStage]]&"."&TopicLookup[[#This Row],[TopicSubjectCode]]&"."&TopicLookup[[#This Row],[Topic]])))) -> P11 | J49: Static Electricity | K49: {=SUMPRODUCT((LessonLookup[TopicID]=TopicLookup[[#This Row],[TopicID]])*(LessonLookup[SuggestedNumberOfPeriodsForLesson]))} -> 9 | L49: Standard | M49: Test
A50: Physics | B50: 4 | C50: 10 | D50: =_xlfn.CONCAT("KS",TopicLookup[[#This Row],[SyllabusKeyStage]],".",TopicLookup[[#This Row],[SyllabusSubject]]) -> KS4.Physics | E50: =IF(ISNUMBER(TopicLookup[[#This Row],[SyllabusYear]]),_xlfn.CONCAT("Y",TopicLookup[[#This Row],[SyllabusYear]],".",TopicLookup[[#This Row],[SyllabusSubject]]),_xlfn.CONCAT("KS",TopicLookup[[#This Row],[SyllabusKeyStage]],".",TopicLookup[[#This Row],[SyllabusSubject]],".",TopicLookup[[#This Row],[SyllabusYear]])) -> Y10.Physics | F50: G | G50: P | H50: 12 | I50: =IF(OR(TopicLookup[[#This Row],[SyllabusYear]]=7,TopicLookup[[#This Row],[SyllabusYear]]=8),_xlfn.CONCAT(TopicLookup[[#This Row],[SyllabusYear]],TopicLookup[[#This Row],[TopicSubjectCode]],TopicLookup[[#This Row],[Topic]]),IF(TopicLookup[[#This Row],[TopicStage]]="G",_xlfn.CONCAT(TopicLookup[[#This Row],[TopicSubjectCode]],TopicLookup[[#This Row],[Topic]]),IF(TopicLookup[[#This Row],[TopicStage]]="A",_xlfn.CONCAT(TopicLookup[[#This Row],[TopicStage]],TopicLookup[[#This Row],[TopicSubjectCode]],".",TopicLookup[[#This Row],[Topic]]),_xlfn.CONCAT(TopicLookup[[#This Row],[TopicStage]]&"."&TopicLookup[[#This Row],[TopicSubjectCode]]&"."&TopicLookup[[#This Row],[Topic]])))) -> P12 | J50: Magnetism And The Motor Effect | K50: {=SUMPRODUCT((LessonLookup[TopicID]=TopicLookup[[#This Row],[TopicID]])*(LessonLookup[SuggestedNumberOfPeriodsForLesson]))} -> 6 | L50: Standard | M50: Test
A51: Physics | B51: 4 | C51: 11 | D51: =_xlfn.CONCAT("KS",TopicLookup[[#This Row],[SyllabusKeyStage]],".",TopicLookup[[#This Row],[SyllabusSubject]]) -> KS4.Physics | E51: =IF(ISNUMBER(TopicLookup[[#This Row],[SyllabusYear]]),_xlfn.CONCAT("Y",TopicLookup[[#This Row],[SyllabusYear]],".",TopicLookup[[#This Row],[SyllabusSubject]]),_xlfn.CONCAT("KS",TopicLookup[[#This Row],[SyllabusKeyStage]],".",TopicLookup[[#This Row],[SyllabusSubject]],".",TopicLookup[[#This Row],[SyllabusYear]])) -> Y11.Physics | F51: G | G51: P | H51: 13 | I51: =IF(OR(TopicLookup[[#This Row],[SyllabusYear]]=7,TopicLookup[[#This Row],[SyllabusYear]]=8),_xlfn.CONCAT(TopicLookup[[#This Row],[SyllabusYear]],TopicLookup[[#This Row],[TopicSubjectCode]],TopicLookup[[#This Row],[Topic]]),IF(TopicLookup[[#This Row],[TopicStage]]="G",_xlfn.CONCAT(TopicLookup[[#This Row],[TopicSubjectCode]],TopicLookup[[#This Row],[Topic]]),IF(TopicLookup[[#This Row],[TopicStage]]="A",_xlfn.CONCAT(TopicLookup[[#This Row],[TopicStage]],TopicLookup[[#This Row],[TopicSubjectCode]],".",TopicLookup[[#This Row],[Topic]]),_xlfn.CONCAT(TopicLookup[[#This Row],[TopicStage]]&"."&TopicLookup[[#This Row],[TopicSubjectCode]]&"."&TopicLookup[[#This Row],[Topic]])))) -> P13 | J51: Electromagnetic Induction | K51: {=SUMPRODUCT((LessonLookup[TopicID]=TopicLookup[[#This Row],[TopicID]])*(LessonLookup[SuggestedNumberOfPeriodsForLesson]))} -> 6 | L51: Standard | M51: Test
A52: Physics | B52: 4 | C52: 10 | D52: =_xlfn.CONCAT("KS",TopicLookup[[#This Row],[SyllabusKeyStage]],".",TopicLookup[[#This Row],[SyllabusSubject]]) -> KS4.Physics | E52: =IF(ISNUMBER(TopicLookup[[#This Row],[SyllabusYear]]),_xlfn.CONCAT("Y",TopicLookup[[#This Row],[SyllabusYear]],".",TopicLookup[[#This Row],[SyllabusSubject]]),_xlfn.CONCAT("KS",TopicLookup[[#This Row],[SyllabusKeyStage]],".",TopicLookup[[#This Row],[SyllabusSubject]],".",TopicLookup[[#This Row],[SyllabusYear]])) -> Y10.Physics | F52: G | G52: P | H52: 14 | I52: =IF(OR(TopicLookup[[#This Row],[SyllabusYear]]=7,TopicLookup[[#This Row],[SyllabusYear]]=8),_xlfn.CONCAT(TopicLookup[[#This Row],[SyllabusYear]],TopicLookup[[#This Row],[TopicSubjectCode]],TopicLookup[[#This Row],[Topic]]),IF(TopicLookup[[#This Row],[TopicStage]]="G",_xlfn.CONCAT(TopicLookup[[#This Row],[TopicSubjectCode]],TopicLookup[[#This Row],[Topic]]),IF(TopicLookup[[#This Row],[TopicStage]]="A",_xlfn.CONCAT(TopicLookup[[#This Row],[TopicStage]],TopicLookup[[#This Row],[TopicSubjectCode]],".",TopicLookup[[#This Row],[Topic]]),_xlfn.CONCAT(TopicLookup[[#This Row],[TopicStage]]&"."&TopicLookup[[#This Row],[TopicSubjectCode]]&"."&TopicLookup[[#This Row],[Topic]])))) -> P14 | J52: Particle Model | K52: {=SUMPRODUCT((LessonLookup[TopicID]=TopicLookup[[#This Row],[TopicID]])*(LessonLookup[SuggestedNumberOfPeriodsForLesson]))} -> 8 | L52: Standard | M52: Test
A53: Physics | B53: 4 | C53: 11 | D53: =_xlfn.CONCAT("KS",TopicLookup[[#This Row],[SyllabusKeyStage]],".",TopicLookup[[#This Row],[SyllabusSubject]]) -> KS4.Physics | E53: =IF(ISNUMBER(TopicLookup[[#This Row],[SyllabusYear]]),_xlfn.CONCAT("Y",TopicLookup[[#This Row],[SyllabusYear]],".",TopicLookup[[#This Row],[SyllabusSubject]]),_xlfn.CONCAT("KS",TopicLookup[[#This Row],[SyllabusKeyStage]],".",TopicLookup[[#This Row],[SyllabusSubject]],".",TopicLookup[[#This Row],[SyllabusYear]])) -> Y11.Physics | F53: G | G53: P | H53: 15 | I53: =IF(OR(TopicLookup[[#This Row],[SyllabusYear]]=7,TopicLookup[[#This Row],[SyllabusYear]]=8),_xlfn.CONCAT(TopicLookup[[#This Row],[SyllabusYear]],TopicLookup[[#This Row],[TopicSubjectCode]],TopicLookup[[#This Row],[Topic]]),IF(TopicLookup[[#This Row],[TopicStage]]="G",_xlfn.CONCAT(TopicLookup[[#This Row],[TopicSubjectCode]],TopicLookup[[#This Row],[Topic]]),IF(TopicLookup[[#This Row],[TopicStage]]="A",_xlfn.CONCAT(TopicLookup[[#This Row],[TopicStage]],TopicLookup[[#This Row],[TopicSubjectCode]],".",TopicLookup[[#This Row],[Topic]]),_xlfn.CONCAT(TopicLookup[[#This Row],[TopicStage]]&"."&TopicLookup[[#This Row],[TopicSubjectCode]]&"."&TopicLookup[[#This Row],[Topic]])))) -> P15 | J53: Forces And Matter | K53: {=SUMPRODUCT((LessonLookup[TopicID]=TopicLookup[[#This Row],[TopicID]])*(LessonLookup[SuggestedNumberOfPeriodsForLesson]))} -> 7 | L53: Standard | M53: Test
A54: Physics | B54: 4 | C54: Special | D54: =_xlfn.CONCAT("KS",TopicLookup[[#This Row],[SyllabusKeyStage]],".",TopicLookup[[#This Row],[SyllabusSubject]]) -> KS4.Physics | E54: =IF(ISNUMBER(TopicLookup[[#This Row],[SyllabusYear]]),_xlfn.CONCAT("Y",TopicLookup[[#This Row],[SyllabusYear]],".",TopicLookup[[#This Row],[SyllabusSubject]]),_xlfn.CONCAT("KS",TopicLookup[[#This Row],[SyllabusKeyStage]],".",TopicLookup[[#This Row],[SyllabusSubject]],".",TopicLookup[[#This Row],[SyllabusYear]])) -> KS4.Physics.Special | F54: G | G54: P | H54: CP | I54: =IF(OR(TopicLookup[[#This Row],[SyllabusYear]]=7,TopicLookup[[#This Row],[SyllabusYear]]=8),_xlfn.CONCAT(TopicLookup[[#This Row],[SyllabusYear]],TopicLookup[[#This Row],[TopicSubjectCode]],TopicLookup[[#This Row],[Topic]]),IF(TopicLookup[[#This Row],[TopicStage]]="G",_xlfn.CONCAT(TopicLookup[[#This Row],[TopicSubjectCode]],TopicLookup[[#This Row],[Topic]]),IF(TopicLookup[[#This Row],[TopicStage]]="A",_xlfn.CONCAT(TopicLookup[[#This Row],[TopicStage]],TopicLookup[[#This Row],[TopicSubjectCode]],".",TopicLookup[[#This Row],[Topic]]),_xlfn.CONCAT(TopicLookup[[#This Row],[TopicStage]]&"."&TopicLookup[[#This Row],[TopicSubjectCode]]&"."&TopicLookup[[#This Row],[Topic]])))) -> PCP | J54: Physics Core Practical List | K54: {=SUMPRODUCT((LessonLookup[TopicID]=TopicLookup[[#This Row],[TopicID]])*(LessonLookup[SuggestedNumberOfPeriodsForLesson]))} -> 14 | L54: Special | M54: Report
A55: Physics | B55: 5 | C55: Core | D55: =_xlfn.CONCAT("KS",TopicLookup[[#This Row],[SyllabusKeyStage]],".",TopicLookup[[#This Row],[SyllabusSubject]]) -> KS5.Physics | E55: =IF(ISNUMBER(TopicLookup[[#This Row],[SyllabusYear]]),_xlfn.CONCAT("Y",TopicLookup[[#This Row],[SyllabusYear]],".",TopicLookup[[#This Row],[SyllabusSubject]]),_xlfn.CONCAT("KS",TopicLookup[[#This Row],[SyllabusKeyStage]],".",TopicLookup[[#This Row],[SyllabusSubject]],".",TopicLookup[[#This Row],[SyllabusYear]])) -> KS5.Physics.Core | F55: A | G55: P | H55: 1 | I55: =IF(OR(TopicLookup[[#This Row],[SyllabusYear]]=7,TopicLookup[[#This Row],[SyllabusYear]]=8),_xlfn.CONCAT(TopicLookup[[#This Row],[SyllabusYear]],TopicLookup[[#This Row],[TopicSubjectCode]],TopicLookup[[#This Row],[Topic]]),IF(TopicLookup[[#This Row],[TopicStage]]="G",_xlfn.CONCAT(TopicLookup[[#This Row],[TopicSubjectCode]],TopicLookup[[#This Row],[Topic]]),IF(TopicLookup[[#This Row],[TopicStage]]="A",_xlfn.CONCAT(TopicLookup[[#This Row],[TopicStage]],TopicLookup[[#This Row],[TopicSubjectCode]],".",TopicLookup[[#This Row],[Topic]]),_xlfn.CONCAT(TopicLookup[[#This Row],[TopicStage]]&"."&TopicLookup[[#This Row],[TopicSubjectCode]]&"."&TopicLookup[[#This Row],[Topic]])))) -> AP.1 | J55: Development of practical skills in physics | K55: {=SUMPRODUCT((LessonLookup[TopicID]=TopicLookup[[#This Row],[TopicID]])*(LessonLookup[SuggestedNumberOfPeriodsForLesson]))} -> 7 | L55: Core | M55: Quiz
A56: Physics | B56: 5 | C56: Core | D56: =_xlfn.CONCAT("KS",TopicLookup[[#This Row],[SyllabusKeyStage]],".",TopicLookup[[#This Row],[SyllabusSubject]]) -> KS5.Physics | E56: =IF(ISNUMBER(TopicLookup[[#This Row],[SyllabusYear]]),_xlfn.CONCAT("Y",TopicLookup[[#This Row],[SyllabusYear]],".",TopicLookup[[#This Row],[SyllabusSubject]]),_xlfn.CONCAT("KS",TopicLookup[[#This Row],[SyllabusKeyStage]],".",TopicLookup[[#This Row],[SyllabusSubject]],".",TopicLookup[[#This Row],[SyllabusYear]])) -> KS5.Physics.Core | F56: A | G56: P | H56: 2 | I56: =IF(OR(TopicLookup[[#This Row],[SyllabusYear]]=7,TopicLookup[[#This Row],[SyllabusYear]]=8),_xlfn.CONCAT(TopicLookup[[#This Row],[SyllabusYear]],TopicLookup[[#This Row],[TopicSubjectCode]],TopicLookup[[#This Row],[Topic]]),IF(TopicLookup[[#This Row],[TopicStage]]="G",_xlfn.CONCAT(TopicLookup[[#This Row],[TopicSubjectCode]],TopicLookup[[#This Row],[Topic]]),IF(TopicLookup[[#This Row],[TopicStage]]="A",_xlfn.CONCAT(TopicLookup[[#This Row],[TopicStage]],TopicLookup[[#This Row],[TopicSubjectCode]],".",TopicLookup[[#This Row],[Topic]]),_xlfn.CONCAT(TopicLookup[[#This Row],[TopicStage]]&"."&TopicLookup[[#This Row],[TopicSubjectCode]]&"."&TopicLookup[[#This Row],[Topic]])))) -> AP.2 | J56: Foundations of physics | K56: {=SUMPRODUCT((LessonLookup[TopicID]=TopicLookup[[#This Row],[TopicID]])*(LessonLookup[SuggestedNumberOfPeriodsForLesson]))} -> 1 | L56: Core | M56: Quiz
A57: Physics | B57: 5 | C57: 12 | D57: =_xlfn.CONCAT("KS",TopicLookup[[#This Row],[SyllabusKeyStage]],".",TopicLookup[[#This Row],[SyllabusSubject]]) -> KS5.Physics | E57: =IF(ISNUMBER(TopicLookup[[#This Row],[SyllabusYear]]),_xlfn.CONCAT("Y",TopicLookup[[#This Row],[SyllabusYear]],".",TopicLookup[[#This Row],[SyllabusSubject]]),_xlfn.CONCAT("KS",TopicLookup[[#This Row],[SyllabusKeyStage]],".",TopicLookup[[#This Row],[SyllabusSubject]],".",TopicLookup[[#This Row],[SyllabusYear]])) -> Y12.Physics | F57: A | G57: P | H57: 3 | I57: =IF(OR(TopicLookup[[#This Row],[SyllabusYear]]=7,TopicLookup[[#This Row],[SyllabusYear]]=8),_xlfn.CONCAT(TopicLookup[[#This Row],[SyllabusYear]],TopicLookup[[#This Row],[TopicSubjectCode]],TopicLookup[[#This Row],[Topic]]),IF(TopicLookup[[#This Row],[TopicStage]]="G",_xlfn.CONCAT(TopicLookup[[#This Row],[TopicSubjectCode]],TopicLookup[[#This Row],[Topic]]),IF(TopicLookup[[#This Row],[TopicStage]]="A",_xlfn.CONCAT(TopicLookup[[#This Row],[TopicStage]],TopicLookup[[#This Row],[TopicSubjectCode]],".",TopicLookup[[#This Row],[Topic]]),_xlfn.CONCAT(TopicLookup[[#This Row],[TopicStage]]&"."&TopicLookup[[#This Row],[TopicSubjectCode]]&"."&TopicLookup[[#This Row],[Topic]])))) -> AP.3 | J57: Motion | K57: {=SUMPRODUCT((LessonLookup[TopicID]=TopicLookup[[#This Row],[TopicID]])*(LessonLookup[SuggestedNumberOfPeriodsForLesson]))} -> 5 | L57: Standard | M57: Test
A58: Physics | B58: 5 | C58: 12 | D58: =_xlfn.CONCAT("KS",TopicLookup[[#This Row],[SyllabusKeyStage]],".",TopicLookup[[#This Row],[SyllabusSubject]]) -> KS5.Physics | E58: =IF(ISNUMBER(TopicLookup[[#This Row],[SyllabusYear]]),_xlfn.CONCAT("Y",TopicLookup[[#This Row],[SyllabusYear]],".",TopicLookup[[#This Row],[SyllabusSubject]]),_xlfn.CONCAT("KS",TopicLookup[[#This Row],[SyllabusKeyStage]],".",TopicLookup[[#This Row],[SyllabusSubject]],".",TopicLookup[[#This Row],[SyllabusYear]])) -> Y12.Physics | F58: A | G58: P | H58: 4 | I58: =IF(OR(TopicLookup[[#This Row],[SyllabusYear]]=7,TopicLookup[[#This Row],[SyllabusYear]]=8),_xlfn.CONCAT(TopicLookup[[#This Row],[SyllabusYear]],TopicLookup[[#This Row],[TopicSubjectCode]],TopicLookup[[#This Row],[Topic]]),IF(TopicLookup[[#This Row],[TopicStage]]="G",_xlfn.CONCAT(TopicLookup[[#This Row],[TopicSubjectCode]],TopicLookup[[#This Row],[Topic]]),IF(TopicLookup[[#This Row],[TopicStage]]="A",_xlfn.CONCAT(TopicLookup[[#This Row],[TopicStage]],TopicLookup[[#This Row],[TopicSubjectCode]],".",TopicLookup[[#This Row],[Topic]]),_xlfn.CONCAT(TopicLookup[[#This Row],[TopicStage]]&"."&TopicLookup[[#This Row],[TopicSubjectCode]]&"."&TopicLookup[[#This Row],[Topic]])))) -> AP.4 | J58: Forces | K58: {=SUMPRODUCT((LessonLookup[TopicID]=TopicLookup[[#This Row],[TopicID]])*(LessonLookup[SuggestedNumberOfPeriodsForLesson]))} -> 5 | L58: Standard | M58: Test
A59: Physics | B59: 5 | C59: 12 | D59: =_xlfn.CONCAT("KS",TopicLookup[[#This Row],[SyllabusKeyStage]],".",TopicLookup[[#This Row],[SyllabusSubject]]) -> KS5.Physics | E59: =IF(ISNUMBER(TopicLookup[[#This Row],[SyllabusYear]]),_xlfn.CONCAT("Y",TopicLookup[[#This Row],[SyllabusYear]],".",TopicLookup[[#This Row],[SyllabusSubject]]),_xlfn.CONCAT("KS",TopicLookup[[#This Row],[SyllabusKeyStage]],".",TopicLookup[[#This Row],[SyllabusSubject]],".",TopicLookup[[#This Row],[SyllabusYear]])) -> Y12.Physics | F59: A | G59: P | H59: 5 | I59: =IF(OR(TopicLookup[[#This Row],[SyllabusYear]]=7,TopicLookup[[#This Row],[SyllabusYear]]=8),_xlfn.CONCAT(TopicLookup[[#This Row],[SyllabusYear]],TopicLookup[[#This Row],[TopicSubjectCode]],TopicLookup[[#This Row],[Topic]]),IF(TopicLookup[[#This Row],[TopicStage]]="G",_xlfn.CONCAT(TopicLookup[[#This Row],[TopicSubjectCode]],TopicLookup[[#This Row],[Topic]]),IF(TopicLookup[[#This Row],[TopicStage]]="A",_xlfn.CONCAT(TopicLookup[[#This Row],[TopicStage]],TopicLookup[[#This Row],[TopicSubjectCode]],".",TopicLookup[[#This Row],[Topic]]),_xlfn.CONCAT(TopicLookup[[#This Row],[TopicStage]]&"."&TopicLookup[[#This Row],[TopicSubjectCode]]&"."&TopicLookup[[#This Row],[Topic]])))) -> AP.5 | J59: Work, Energy and Power | K59: {=SUMPRODUCT((LessonLookup[TopicID]=TopicLookup[[#This Row],[TopicID]])*(LessonLookup[SuggestedNumberOfPeriodsForLesson]))} -> 5 | L59: Standard | M59: Test
A60: Physics | B60: 5 | C60: 12 | D60: =_xlfn.CONCAT("KS",TopicLookup[[#This Row],[SyllabusKeyStage]],".",TopicLookup[[#This Row],[SyllabusSubject]]) -> KS5.Physics | E60: =IF(ISNUMBER(TopicLookup[[#This Row],[SyllabusYear]]),_xlfn.CONCAT("Y",TopicLookup[[#This Row],[SyllabusYear]],".",TopicLookup[[#This Row],[SyllabusSubject]]),_xlfn.CONCAT("KS",TopicLookup[[#This Row],[SyllabusKeyStage]],".",TopicLookup[[#This Row],[SyllabusSubject]],".",TopicLookup[[#This Row],[SyllabusYear]])) -> Y12.Physics | F60: A | G60: P | H60: 6 | I60: =IF(OR(TopicLookup[[#This Row],[SyllabusYear]]=7,TopicLookup[[#This Row],[SyllabusYear]]=8),_xlfn.CONCAT(TopicLookup[[#This Row],[SyllabusYear]],TopicLookup[[#This Row],[TopicSubjectCode]],TopicLookup[[#This Row],[Topic]]),IF(TopicLookup[[#This Row],[TopicStage]]="G",_xlfn.CONCAT(TopicLookup[[#This Row],[TopicSubjectCode]],TopicLookup[[#This Row],[Topic]]),IF(TopicLookup[[#This Row],[TopicStage]]="A",_xlfn.CONCAT(TopicLookup[[#This Row],[TopicStage]],TopicLookup[[#This Row],[TopicSubjectCode]],".",TopicLookup[[#This Row],[Topic]]),_xlfn.CONCAT(TopicLookup[[#This Row],[TopicStage]]&"."&TopicLookup[[#This Row],[TopicSubjectCode]]&"."&TopicLookup[[#This Row],[Topic]])))) -> AP.6 | J60: Materials | K60: {=SUMPRODUCT((LessonLookup[TopicID]=TopicLookup[[#This Row],[TopicID]])*(LessonLookup[SuggestedNumberOfPeriodsForLesson]))} -> 5 | L60: Standard | M60: Test
A61: Physics | B61: 5 | C61: 12 | D61: =_xlfn.CONCAT("KS",TopicLookup[[#This Row],[SyllabusKeyStage]],".",TopicLookup[[#This Row],[SyllabusSubject]]) -> KS5.Physics | E61: =IF(ISNUMBER(TopicLookup[[#This Row],[SyllabusYear]]),_xlfn.CONCAT("Y",TopicLookup[[#This Row],[SyllabusYear]],".",TopicLookup[[#This Row],[SyllabusSubject]]),_xlfn.CONCAT("KS",TopicLookup[[#This Row],[SyllabusKeyStage]],".",TopicLookup[[#This Row],[SyllabusSubject]],".",TopicLookup[[#This Row],[SyllabusYear]])) -> Y12.Physics | F61: A | G61: P | H61: 7 | I61: =IF(OR(TopicLookup[[#This Row],[SyllabusYear]]=7,TopicLookup[[#This Row],[SyllabusYear]]=8),_xlfn.CONCAT(TopicLookup[[#This Row],[SyllabusYear]],TopicLookup[[#This Row],[TopicSubjectCode]],TopicLookup[[#This Row],[Topic]]),IF(TopicLookup[[#This Row],[TopicStage]]="G",_xlfn.CONCAT(TopicLookup[[#This Row],[TopicSubjectCode]],TopicLookup[[#This Row],[Topic]]),IF(TopicLookup[[#This Row],[TopicStage]]="A",_xlfn.CONCAT(TopicLookup[[#This Row],[TopicStage]],TopicLookup[[#This Row],[TopicSubjectCode]],".",TopicLookup[[#This Row],[Topic]]),_xlfn.CONCAT(TopicLookup[[#This Row],[TopicStage]]&"."&TopicLookup[[#This Row],[TopicSubjectCode]]&"."&TopicLookup[[#This Row],[Topic]])))) -> AP.7 | J61: Laws of Motion and Momentum | K61: {=SUMPRODUCT((LessonLookup[TopicID]=TopicLookup[[#This Row],[TopicID]])*(LessonLookup[SuggestedNumberOfPeriodsForLesson]))} -> 5 | L61: Standard | M61: Test
A62: Physics | B62: 5 | C62: 12 | D62: =_xlfn.CONCAT("KS",TopicLookup[[#This Row],[SyllabusKeyStage]],".",TopicLookup[[#This Row],[SyllabusSubject]]) -> KS5.Physics | E62: =IF(ISNUMBER(TopicLookup[[#This Row],[SyllabusYear]]),_xlfn.CONCAT("Y",TopicLookup[[#This Row],[SyllabusYear]],".",TopicLookup[[#This Row],[SyllabusSubject]]),_xlfn.CONCAT("KS",TopicLookup[[#This Row],[SyllabusKeyStage]],".",TopicLookup[[#This Row],[SyllabusSubject]],".",TopicLookup[[#This Row],[SyllabusYear]])) -> Y12.Physics | F62: A | G62: P | H62: 8 | I62: =IF(OR(TopicLookup[[#This Row],[SyllabusYear]]=7,TopicLookup[[#This Row],[SyllabusYear]]=8),_xlfn.CONCAT(TopicLookup[[#This Row],[SyllabusYear]],TopicLookup[[#This Row],[TopicSubjectCode]],TopicLookup[[#This Row],[Topic]]),IF(TopicLookup[[#This Row],[TopicStage]]="G",_xlfn.CONCAT(TopicLookup[[#This Row],[TopicSubjectCode]],TopicLookup[[#This Row],[Topic]]),IF(TopicLookup[[#This Row],[TopicStage]]="A",_xlfn.CONCAT(TopicLookup[[#This Row],[TopicStage]],TopicLookup[[#This Row],[TopicSubjectCode]],".",TopicLookup[[#This Row],[Topic]]),_xlfn.CONCAT(TopicLookup[[#This Row],[TopicStage]]&"."&TopicLookup[[#This Row],[TopicSubjectCode]]&"."&TopicLookup[[#This Row],[Topic]])))) -> AP.8 | J62: Charge And Current | K62: {=SUMPRODUCT((LessonLookup[TopicID]=TopicLookup[[#This Row],[TopicID]])*(LessonLookup[SuggestedNumberOfPeriodsForLesson]))} -> 8 | L62: Standard | M62: Test
A63: Physics | B63: 5 | C63: 12 | D63: =_xlfn.CONCAT("KS",TopicLookup[[#This Row],[SyllabusKeyStage]],".",TopicLookup[[#This Row],[SyllabusSubject]]) -> KS5.Physics | E63: =IF(ISNUMBER(TopicLookup[[#This Row],[SyllabusYear]]),_xlfn.CONCAT("Y",TopicLookup[[#This Row],[SyllabusYear]],".",TopicLookup[[#This Row],[SyllabusSubject]]),_xlfn.CONCAT("KS",TopicLookup[[#This Row],[SyllabusKeyStage]],".",TopicLookup[[#This Row],[SyllabusSubject]],".",TopicLookup[[#This Row],[SyllabusYear]])) -> Y12.Physics | F63: A | G63: P | H63: 9 | I63: =IF(OR(TopicLookup[[#This Row],[SyllabusYear]]=7,TopicLookup[[#This Row],[SyllabusYear]]=8),_xlfn.CONCAT(TopicLookup[[#This Row],[SyllabusYear]],TopicLookup[[#This Row],[TopicSubjectCode]],TopicLookup[[#This Row],[Topic]]),IF(TopicLookup[[#This Row],[TopicStage]]="G",_xlfn.CONCAT(TopicLookup[[#This Row],[TopicSubjectCode]],TopicLookup[[#This Row],[Topic]]),IF(TopicLookup[[#This Row],[TopicStage]]="A",_xlfn.CONCAT(TopicLookup[[#This Row],[TopicStage]],TopicLookup[[#This Row],[TopicSubjectCode]],".",TopicLookup[[#This Row],[Topic]]),_xlfn.CONCAT(TopicLookup[[#This Row],[TopicStage]]&"."&TopicLookup[[#This Row],[TopicSubjectCode]]&"."&TopicLookup[[#This Row],[Topic]])))) -> AP.9 | J63: Energy, Power and Resistance | K63: {=SUMPRODUCT((LessonLookup[TopicID]=TopicLookup[[#This Row],[TopicID]])*(LessonLookup[SuggestedNumberOfPeriodsForLesson]))} -> 13 | L63: Standard | M63: Test
A64: Physics | B64: 5 | C64: 12 | D64: =_xlfn.CONCAT("KS",TopicLookup[[#This Row],[SyllabusKeyStage]],".",TopicLookup[[#This Row],[SyllabusSubject]]) -> KS5.Physics | E64: =IF(ISNUMBER(TopicLookup[[#This Row],[SyllabusYear]]),_xlfn.CONCAT("Y",TopicLookup[[#This Row],[SyllabusYear]],".",TopicLookup[[#This Row],[SyllabusSubject]]),_xlfn.CONCAT("KS",TopicLookup[[#This Row],[SyllabusKeyStage]],".",TopicLookup[[#This Row],[SyllabusSubject]],".",TopicLookup[[#This Row],[SyllabusYear]])) -> Y12.Physics | F64: A | G64: P | H64: 10 | I64: =IF(OR(TopicLookup[[#This Row],[SyllabusYear]]=7,TopicLookup[[#This Row],[SyllabusYear]]=8),_xlfn.CONCAT(TopicLookup[[#This Row],[SyllabusYear]],TopicLookup[[#This Row],[TopicSubjectCode]],TopicLookup[[#This Row],[Topic]]),IF(TopicLookup[[#This Row],[TopicStage]]="G",_xlfn.CONCAT(TopicLookup[[#This Row],[TopicSubjectCode]],TopicLookup[[#This Row],[Topic]]),IF(TopicLookup[[#This Row],[TopicStage]]="A",_xlfn.CONCAT(TopicLookup[[#This Row],[TopicStage]],TopicLookup[[#This Row],[TopicSubjectCode]],".",TopicLookup[[#This Row],[Topic]]),_xlfn.CONCAT(TopicLookup[[#This Row],[TopicStage]]&"."&TopicLookup[[#This Row],[TopicSubjectCode]]&"."&TopicLookup[[#This Row],[Topic]])))) -> AP.10 | J64: Electrical Circuits | K64: {=SUMPRODUCT((LessonLookup[TopicID]=TopicLookup[[#This Row],[TopicID]])*(LessonLookup[SuggestedNumberOfPeriodsForLesson]))} -> 11 | L64: Standard | M64: Test
A65: Physics | B65: 5 | C65: 12 | D65: =_xlfn.CONCAT("KS",TopicLookup[[#This Row],[SyllabusKeyStage]],".",TopicLookup[[#This Row],[SyllabusSubject]]) -> KS5.Physics | E65: =IF(ISNUMBER(TopicLookup[[#This Row],[SyllabusYear]]),_xlfn.CONCAT("Y",TopicLookup[[#This Row],[SyllabusYear]],".",TopicLookup[[#This Row],[SyllabusSubject]]),_xlfn.CONCAT("KS",TopicLookup[[#This Row],[SyllabusKeyStage]],".",TopicLookup[[#This Row],[SyllabusSubject]],".",TopicLookup[[#This Row],[SyllabusYear]])) -> Y12.Physics | F65: A | G65: P | H65: 11 | I65: =IF(OR(TopicLookup[[#This Row],[SyllabusYear]]=7,TopicLookup[[#This Row],[SyllabusYear]]=8),_xlfn.CONCAT(TopicLookup[[#This Row],[SyllabusYear]],TopicLookup[[#This Row],[TopicSubjectCode]],TopicLookup[[#This Row],[Topic]]),IF(TopicLookup[[#This Row],[TopicStage]]="G",_xlfn.CONCAT(TopicLookup[[#This Row],[TopicSubjectCode]],TopicLookup[[#This Row],[Topic]]),IF(TopicLookup[[#This Row],[TopicStage]]="A",_xlfn.CONCAT(TopicLookup[[#This Row],[TopicStage]],TopicLookup[[#This Row],[TopicSubjectCode]],".",TopicLookup[[#This Row],[Topic]]),_xlfn.CONCAT(TopicLookup[[#This Row],[TopicStage]]&"."&TopicLookup[[#This Row],[TopicSubjectCode]]&"."&TopicLookup[[#This Row],[Topic]])))) -> AP.11 | J65: Waves 1 | K65: {=SUMPRODUCT((LessonLookup[TopicID]=TopicLookup[[#This Row],[TopicID]])*(LessonLookup[SuggestedNumberOfPeriodsForLesson]))} -> 13 | L65: Standard | M65: Test
A66: Physics | B66: 5 | C66: 12 | D66: =_xlfn.CONCAT("KS",TopicLookup[[#This Row],[SyllabusKeyStage]],".",TopicLookup[[#This Row],[SyllabusSubject]]) -> KS5.Physics | E66: =IF(ISNUMBER(TopicLookup[[#This Row],[SyllabusYear]]),_xlfn.CONCAT("Y",TopicLookup[[#This Row],[SyllabusYear]],".",TopicLookup[[#This Row],[SyllabusSubject]]),_xlfn.CONCAT("KS",TopicLookup[[#This Row],[SyllabusKeyStage]],".",TopicLookup[[#This Row],[SyllabusSubject]],".",TopicLookup[[#This Row],[SyllabusYear]])) -> Y12.Physics | F66: A | G66: P | H66: 12 | I66: =IF(OR(TopicLookup[[#This Row],[SyllabusYear]]=7,TopicLookup[[#This Row],[SyllabusYear]]=8),_xlfn.CONCAT(TopicLookup[[#This Row],[SyllabusYear]],TopicLookup[[#This Row],[TopicSubjectCode]],TopicLookup[[#This Row],[Topic]]),IF(TopicLookup[[#This Row],[TopicStage]]="G",_xlfn.CONCAT(TopicLookup[[#This Row],[TopicSubjectCode]],TopicLookup[[#This Row],[Topic]]),IF(TopicLookup[[#This Row],[TopicStage]]="A",_xlfn.CONCAT(TopicLookup[[#This Row],[TopicStage]],TopicLookup[[#This Row],[TopicSubjectCode]],".",TopicLookup[[#This Row],[Topic]]),_xlfn.CONCAT(TopicLookup[[#This Row],[TopicStage]]&"."&TopicLookup[[#This Row],[TopicSubjectCode]]&"."&TopicLookup[[#This Row],[Topic]])))) -> AP.12 | J66: Waves 2 | K66: {=SUMPRODUCT((LessonLookup[TopicID]=TopicLookup[[#This Row],[TopicID]])*(LessonLookup[SuggestedNumberOfPeriodsForLesson]))} -> 10 | L66: Standard | M66: Test
A67: Physics | B67: 5 | C67: 12 | D67: =_xlfn.CONCAT("KS",TopicLookup[[#This Row],[SyllabusKeyStage]],".",TopicLookup[[#This Row],[SyllabusSubject]]) -> KS5.Physics | E67: =IF(ISNUMBER(TopicLookup[[#This Row],[SyllabusYear]]),_xlfn.CONCAT("Y",TopicLookup[[#This Row],[SyllabusYear]],".",TopicLookup[[#This Row],[SyllabusSubject]]),_xlfn.CONCAT("KS",TopicLookup[[#This Row],[SyllabusKeyStage]],".",TopicLookup[[#This Row],[SyllabusSubject]],".",TopicLookup[[#This Row],[SyllabusYear]])) -> Y12.Physics | F67: A | G67: P | H67: 13 | I67: =IF(OR(TopicLookup[[#This Row],[SyllabusYear]]=7,TopicLookup[[#This Row],[SyllabusYear]]=8),_xlfn.CONCAT(TopicLookup[[#This Row],[SyllabusYear]],TopicLookup[[#This Row],[TopicSubjectCode]],TopicLookup[[#This Row],[Topic]]),IF(TopicLookup[[#This Row],[TopicStage]]="G",_xlfn.CONCAT(TopicLookup[[#This Row],[TopicSubjectCode]],TopicLookup[[#This Row],[Topic]]),IF(TopicLookup[[#This Row],[TopicStage]]="A",_xlfn.CONCAT(TopicLookup[[#This Row],[TopicStage]],TopicLookup[[#This Row],[TopicSubjectCode]],".",TopicLookup[[#This Row],[Topic]]),_xlfn.CONCAT(TopicLookup[[#This Row],[TopicStage]]&"."&TopicLookup[[#This Row],[TopicSubjectCode]]&"."&TopicLookup[[#This Row],[Topic]])))) -> AP.13 | J67: Quantum Physics | K67: {=SUMPRODUCT((LessonLookup[TopicID]=TopicLookup[[#This Row],[TopicID]])*(LessonLookup[SuggestedNumberOfPeriodsForLesson]))} -> 8 | L67: Standard | M67: Test
A68: Physics | B68: 5 | C68: 13 | D68: =_xlfn.CONCAT("KS",TopicLookup[[#This Row],[SyllabusKeyStage]],".",TopicLookup[[#This Row],[SyllabusSubject]]) -> KS5.Physics | E68: =IF(ISNUMBER(TopicLookup[[#This Row],[SyllabusYear]]),_xlfn.CONCAT("Y",TopicLookup[[#This Row],[SyllabusYear]],".",TopicLookup[[#This Row],[SyllabusSubject]]),_xlfn.CONCAT("KS",TopicLookup[[#This Row],[SyllabusKeyStage]],".",TopicLookup[[#This Row],[SyllabusSubject]],".",TopicLookup[[#This Row],[SyllabusYear]])) -> Y13.Physics | F68: A | G68: P | H68: 14 | I68: =IF(OR(TopicLookup[[#This Row],[SyllabusYear]]=7,TopicLookup[[#This Row],[SyllabusYear]]=8),_xlfn.CONCAT(TopicLookup[[#This Row],[SyllabusYear]],TopicLookup[[#This Row],[TopicSubjectCode]],TopicLookup[[#This Row],[Topic]]),IF(TopicLookup[[#This Row],[TopicStage]]="G",_xlfn.CONCAT(TopicLookup[[#This Row],[TopicSubjectCode]],TopicLookup[[#This Row],[Topic]]),IF(TopicLookup[[#This Row],[TopicStage]]="A",_xlfn.CONCAT(TopicLookup[[#This Row],[TopicStage]],TopicLookup[[#This Row],[TopicSubjectCode]],".",TopicLookup[[#This Row],[Topic]]),_xlfn.CONCAT(TopicLookup[[#This Row],[TopicStage]]&"."&TopicLookup[[#This Row],[TopicSubjectCode]]&"."&TopicLookup[[#This Row],[Topic]])))) -> AP.14 | J68: Thermal Physics | K68: {=SUMPRODUCT((LessonLookup[TopicID]=TopicLookup[[#This Row],[TopicID]])*(LessonLookup[SuggestedNumberOfPeriodsForLesson]))} -> 5 | L68: Standard | M68: Test
A69: Physics | B69: 5 | C69: 13 | D69: =_xlfn.CONCAT("KS",TopicLookup[[#This Row],[SyllabusKeyStage]],".",TopicLookup[[#This Row],[SyllabusSubject]]) -> KS5.Physics | E69: =IF(ISNUMBER(TopicLookup[[#This Row],[SyllabusYear]]),_xlfn.CONCAT("Y",TopicLookup[[#This Row],[SyllabusYear]],".",TopicLookup[[#This Row],[SyllabusSubject]]),_xlfn.CONCAT("KS",TopicLookup[[#This Row],[SyllabusKeyStage]],".",TopicLookup[[#This Row],[SyllabusSubject]],".",TopicLookup[[#This Row],[SyllabusYear]])) -> Y13.Physics | F69: A | G69: P | H69: 15 | I69: =IF(OR(TopicLookup[[#This Row],[SyllabusYear]]=7,TopicLookup[[#This Row],[SyllabusYear]]=8),_xlfn.CONCAT(TopicLookup[[#This Row],[SyllabusYear]],TopicLookup[[#This Row],[TopicSubjectCode]],TopicLookup[[#This Row],[Topic]]),IF(TopicLookup[[#This Row],[TopicStage]]="G",_xlfn.CONCAT(TopicLookup[[#This Row],[TopicSubjectCode]],TopicLookup[[#This Row],[Topic]]),IF(TopicLookup[[#This Row],[TopicStage]]="A",_xlfn.CONCAT(TopicLookup[[#This Row],[TopicStage]],TopicLookup[[#This Row],[TopicSubjectCode]],".",TopicLookup[[#This Row],[Topic]]),_xlfn.CONCAT(TopicLookup[[#This Row],[TopicStage]]&"."&TopicLookup[[#This Row],[TopicSubjectCode]]&"."&TopicLookup[[#This Row],[Topic]])))) -> AP.15 | J69: Ideal Gases | K69: {=SUMPRODUCT((LessonLookup[TopicID]=TopicLookup[[#This Row],[TopicID]])*(LessonLookup[SuggestedNumberOfPeriodsForLesson]))} -> 5 | L69: Standard | M69: Test
A70: Physics | B70: 5 | C70: 13 | D70: =_xlfn.CONCAT("KS",TopicLookup[[#This Row],[SyllabusKeyStage]],".",TopicLookup[[#This Row],[SyllabusSubject]]) -> KS5.Physics | E70: =IF(ISNUMBER(TopicLookup[[#This Row],[SyllabusYear]]),_xlfn.CONCAT("Y",TopicLookup[[#This Row],[SyllabusYear]],".",TopicLookup[[#This Row],[SyllabusSubject]]),_xlfn.CONCAT("KS",TopicLookup[[#This Row],[SyllabusKeyStage]],".",TopicLookup[[#This Row],[SyllabusSubject]],".",TopicLookup[[#This Row],[SyllabusYear]])) -> Y13.Physics | F70: A | G70: P | H70: 16 | I70: =IF(OR(TopicLookup[[#This Row],[SyllabusYear]]=7,TopicLookup[[#This Row],[SyllabusYear]]=8),_xlfn.CONCAT(TopicLookup[[#This Row],[SyllabusYear]],TopicLookup[[#This Row],[TopicSubjectCode]],TopicLookup[[#This Row],[Topic]]),IF(TopicLookup[[#This Row],[TopicStage]]="G",_xlfn.CONCAT(TopicLookup[[#This Row],[TopicSubjectCode]],TopicLookup[[#This Row],[Topic]]),IF(TopicLookup[[#This Row],[TopicStage]]="A",_xlfn.CONCAT(TopicLookup[[#This Row],[TopicStage]],TopicLookup[[#This Row],[TopicSubjectCode]],".",TopicLookup[[#This Row],[Topic]]),_xlfn.CONCAT(TopicLookup[[#This Row],[TopicStage]]&"."&TopicLookup[[#This Row],[TopicSubjectCode]]&"."&TopicLookup[[#This Row],[Topic]])))) -> AP.16 | J70: Circular Motion | K70: {=SUMPRODUCT((LessonLookup[TopicID]=TopicLookup[[#This Row],[TopicID]])*(LessonLookup[SuggestedNumberOfPeriodsForLesson]))} -> 5 | L70: Standard | M70: Test
A71: Physics | B71: 5 | C71: 13 | D71: =_xlfn.CONCAT("KS",TopicLookup[[#This Row],[SyllabusKeyStage]],".",TopicLookup[[#This Row],[SyllabusSubject]]) -> KS5.Physics | E71: =IF(ISNUMBER(TopicLookup[[#This Row],[SyllabusYear]]),_xlfn.CONCAT("Y",TopicLookup[[#This Row],[SyllabusYear]],".",TopicLookup[[#This Row],[SyllabusSubject]]),_xlfn.CONCAT("KS",TopicLookup[[#This Row],[SyllabusKeyStage]],".",TopicLookup[[#This Row],[SyllabusSubject]],".",TopicLookup[[#This Row],[SyllabusYear]])) -> Y13.Physics | F71: A | G71: P | H71: 17 | I71: =IF(OR(TopicLookup[[#This Row],[SyllabusYear]]=7,TopicLookup[[#This Row],[SyllabusYear]]=8),_xlfn.CONCAT(TopicLookup[[#This Row],[SyllabusYear]],TopicLookup[[#This Row],[TopicSubjectCode]],TopicLookup[[#This Row],[Topic]]),IF(TopicLookup[[#This Row],[TopicStage]]="G",_xlfn.CONCAT(TopicLookup[[#This Row],[TopicSubjectCode]],TopicLookup[[#This Row],[Topic]]),IF(TopicLookup[[#This Row],[TopicStage]]="A",_xlfn.CONCAT(TopicLookup[[#This Row],[TopicStage]],TopicLookup[[#This Row],[TopicSubjectCode]],".",TopicLookup[[#This Row],[Topic]]),_xlfn.CONCAT(TopicLookup[[#This Row],[TopicStage]]&"."&TopicLookup[[#This Row],[TopicSubjectCode]]&"."&TopicLookup[[#This Row],[Topic]])))) -> AP.17 | J71: Oscillations | K71: {=SUMPRODUCT((LessonLookup[TopicID]=TopicLookup[[#This Row],[TopicID]])*(LessonLookup[SuggestedNumberOfPeriodsForLesson]))} -> 5 | L71: Standard | M71: Test
A72: Physics | B72: 5 | C72: 13 | D72: =_xlfn.CONCAT("KS",TopicLookup[[#This Row],[SyllabusKeyStage]],".",TopicLookup[[#This Row],[SyllabusSubject]]) -> KS5.Physics | E72: =IF(ISNUMBER(TopicLookup[[#This Row],[SyllabusYear]]),_xlfn.CONCAT("Y",TopicLookup[[#This Row],[SyllabusYear]],".",TopicLookup[[#This Row],[SyllabusSubject]]),_xlfn.CONCAT("KS",TopicLookup[[#This Row],[SyllabusKeyStage]],".",TopicLookup[[#This Row],[SyllabusSubject]],".",TopicLookup[[#This Row],[SyllabusYear]])) -> Y13.Physics | F72: A | G72: P | H72: 18 | I72: =IF(OR(TopicLookup[[#This Row],[SyllabusYear]]=7,TopicLookup[[#This Row],[SyllabusYear]]=8),_xlfn.CONCAT(TopicLookup[[#This Row],[SyllabusYear]],TopicLookup[[#This Row],[TopicSubjectCode]],TopicLookup[[#This Row],[Topic]]),IF(TopicLookup[[#This Row],[TopicStage]]="G",_xlfn.CONCAT(TopicLookup[[#This Row],[TopicSubjectCode]],TopicLookup[[#This Row],[Topic]]),IF(TopicLookup[[#This Row],[TopicStage]]="A",_xlfn.CONCAT(TopicLookup[[#This Row],[TopicStage]],TopicLookup[[#This Row],[TopicSubjectCode]],".",TopicLookup[[#This Row],[Topic]]),_xlfn.CONCAT(TopicLookup[[#This Row],[TopicStage]]&"."&TopicLookup[[#This Row],[TopicSubjectCode]]&"."&TopicLookup[[#This Row],[Topic]])))) -> AP.18 | J72: Gravitational Fields | K72: {=SUMPRODUCT((LessonLookup[TopicID]=TopicLookup[[#This Row],[TopicID]])*(LessonLookup[SuggestedNumberOfPeriodsForLesson]))} -> 5 | L72: Standard | M72: Test
A73: Physics | B73: 5 | C73: 13 | D73: =_xlfn.CONCAT("KS",TopicLookup[[#This Row],[SyllabusKeyStage]],".",TopicLookup[[#This Row],[SyllabusSubject]]) -> KS5.Physics | E73: =IF(ISNUMBER(TopicLookup[[#This Row],[SyllabusYear]]),_xlfn.CONCAT("Y",TopicLookup[[#This Row],[SyllabusYear]],".",TopicLookup[[#This Row],[SyllabusSubject]]),_xlfn.CONCAT("KS",TopicLookup[[#This Row],[SyllabusKeyStage]],".",TopicLookup[[#This Row],[SyllabusSubject]],".",TopicLookup[[#This Row],[SyllabusYear]])) -> Y13.Physics | F73: A | G73: P | H73: 19 | I73: =IF(OR(TopicLookup[[#This Row],[SyllabusYear]]=7,TopicLookup[[#This Row],[SyllabusYear]]=8),_xlfn.CONCAT(TopicLookup[[#This Row],[SyllabusYear]],TopicLookup[[#This Row],[TopicSubjectCode]],TopicLookup[[#This Row],[Topic]]),IF(TopicLookup[[#This Row],[TopicStage]]="G",_xlfn.CONCAT(TopicLookup[[#This Row],[TopicSubjectCode]],TopicLookup[[#This Row],[Topic]]),IF(TopicLookup[[#This Row],[TopicStage]]="A",_xlfn.CONCAT(TopicLookup[[#This Row],[TopicStage]],TopicLookup[[#This Row],[TopicSubjectCode]],".",TopicLookup[[#This Row],[Topic]]),_xlfn.CONCAT(TopicLookup[[#This Row],[TopicStage]]&"."&TopicLookup[[#This Row],[TopicSubjectCode]]&"."&TopicLookup[[#This Row],[Topic]])))) -> AP.19 | J73: Stars | K73: {=SUMPRODUCT((LessonLookup[TopicID]=TopicLookup[[#This Row],[TopicID]])*(LessonLookup[SuggestedNumberOfPeriodsForLesson]))} -> 5 | L73: Standard | M73: Test
A74: Physics | B74: 5 | C74: 13 | D74: =_xlfn.CONCAT("KS",TopicLookup[[#This Row],[SyllabusKeyStage]],".",TopicLookup[[#This Row],[SyllabusSubject]]) -> KS5.Physics | E74: =IF(ISNUMBER(TopicLookup[[#This Row],[SyllabusYear]]),_xlfn.CONCAT("Y",TopicLookup[[#This Row],[SyllabusYear]],".",TopicLookup[[#This Row],[SyllabusSubject]]),_xlfn.CONCAT("KS",TopicLookup[[#This Row],[SyllabusKeyStage]],".",TopicLookup[[#This Row],[SyllabusSubject]],".",TopicLookup[[#This Row],[SyllabusYear]])) -> Y13.Physics | F74: A | G74: P | H74: 20 | I74: =IF(OR(TopicLookup[[#This Row],[SyllabusYear]]=7,TopicLookup[[#This Row],[SyllabusYear]]=8),_xlfn.CONCAT(TopicLookup[[#This Row],[SyllabusYear]],TopicLookup[[#This Row],[TopicSubjectCode]],TopicLookup[[#This Row],[Topic]]),IF(TopicLookup[[#This Row],[TopicStage]]="G",_xlfn.CONCAT(TopicLookup[[#This Row],[TopicSubjectCode]],TopicLookup[[#This Row],[Topic]]),IF(TopicLookup[[#This Row],[TopicStage]]="A",_xlfn.CONCAT(TopicLookup[[#This Row],[TopicStage]],TopicLookup[[#This Row],[TopicSubjectCode]],".",TopicLookup[[#This Row],[Topic]]),_xlfn.CONCAT(TopicLookup[[#This Row],[TopicStage]]&"."&TopicLookup[[#This Row],[TopicSubjectCode]]&"."&TopicLookup[[#This Row],[Topic]])))) -> AP.20 | J74: Cosmology | K74: {=SUMPRODUCT((LessonLookup[TopicID]=TopicLookup[[#This Row],[TopicID]])*(LessonLookup[SuggestedNumberOfPeriodsForLesson]))} -> 5 | L74: Standard | M74: Test
A75: Physics | B75: 5 | C75: 13 | D75: =_xlfn.CONCAT("KS",TopicLookup[[#This Row],[SyllabusKeyStage]],".",TopicLookup[[#This Row],[SyllabusSubject]]) -> KS5.Physics | E75: =IF(ISNUMBER(TopicLookup[[#This Row],[SyllabusYear]]),_xlfn.CONCAT("Y",TopicLookup[[#This Row],[SyllabusYear]],".",TopicLookup[[#This Row],[SyllabusSubject]]),_xlfn.CONCAT("KS",TopicLookup[[#This Row],[SyllabusKeyStage]],".",TopicLookup[[#This Row],[SyllabusSubject]],".",TopicLookup[[#This Row],[SyllabusYear]])) -> Y13.Physics | F75: A | G75: P | H75: 21 | I75: =IF(OR(TopicLookup[[#This Row],[SyllabusYear]]=7,TopicLookup[[#This Row],[SyllabusYear]]=8),_xlfn.CONCAT(TopicLookup[[#This Row],[SyllabusYear]],TopicLookup[[#This Row],[TopicSubjectCode]],TopicLookup[[#This Row],[Topic]]),IF(TopicLookup[[#This Row],[TopicStage]]="G",_xlfn.CONCAT(TopicLookup[[#This Row],[TopicSubjectCode]],TopicLookup[[#This Row],[Topic]]),IF(TopicLookup[[#This Row],[TopicStage]]="A",_xlfn.CONCAT(TopicLookup[[#This Row],[TopicStage]],TopicLookup[[#This Row],[TopicSubjectCode]],".",TopicLookup[[#This Row],[Topic]]),_xlfn.CONCAT(TopicLookup[[#This Row],[TopicStage]]&"."&TopicLookup[[#This Row],[TopicSubjectCode]]&"."&TopicLookup[[#This Row],[Topic]])))) -> AP.21 | J75: Capacitors | K75: {=SUMPRODUCT((LessonLookup[TopicID]=TopicLookup[[#This Row],[TopicID]])*(LessonLookup[SuggestedNumberOfPeriodsForLesson]))} -> 5 | L75: Standard | M75: Test
A76: Physics | B76: 5 | C76: 13 | D76: =_xlfn.CONCAT("KS",TopicLookup[[#This Row],[SyllabusKeyStage]],".",TopicLookup[[#This Row],[SyllabusSubject]]) -> KS5.Physics | E76: =IF(ISNUMBER(TopicLookup[[#This Row],[SyllabusYear]]),_xlfn.CONCAT("Y",TopicLookup[[#This Row],[SyllabusYear]],".",TopicLookup[[#This Row],[SyllabusSubject]]),_xlfn.CONCAT("KS",TopicLookup[[#This Row],[SyllabusKeyStage]],".",TopicLookup[[#This Row],[SyllabusSubject]],".",TopicLookup[[#This Row],[SyllabusYear]])) -> Y13.Physics | F76: A | G76: P | H76: 22 | I76: =IF(OR(TopicLookup[[#This Row],[SyllabusYear]]=7,TopicLookup[[#This Row],[SyllabusYear]]=8),_xlfn.CONCAT(TopicLookup[[#This Row],[SyllabusYear]],TopicLookup[[#This Row],[TopicSubjectCode]],TopicLookup[[#This Row],[Topic]]),IF(TopicLookup[[#This Row],[TopicStage]]="G",_xlfn.CONCAT(TopicLookup[[#This Row],[TopicSubjectCode]],TopicLookup[[#This Row],[Topic]]),IF(TopicLookup[[#This Row],[TopicStage]]="A",_xlfn.CONCAT(TopicLookup[[#This Row],[TopicStage]],TopicLookup[[#This Row],[TopicSubjectCode]],".",TopicLookup[[#This Row],[Topic]]),_xlfn.CONCAT(TopicLookup[[#This Row],[TopicStage]]&"."&TopicLookup[[#This Row],[TopicSubjectCode]]&"."&TopicLookup[[#This Row],[Topic]])))) -> AP.22 | J76: Electric Fields | K76: {=SUMPRODUCT((LessonLookup[TopicID]=TopicLookup[[#This Row],[TopicID]])*(LessonLookup[SuggestedNumberOfPeriodsForLesson]))} -> 5 | L76: Standard | M76: Test
... A81: Physics | B81: 5 | C81: 13 | D81: =_xlfn.CONCAT("KS",TopicLookup[[#This Row],[SyllabusKeyStage]],".",TopicLookup[[#This Row],[SyllabusSubject]]) -> KS5.Physics | E81: =IF(ISNUMBER(TopicLookup[[#This Row],[SyllabusYear]]),_xlfn.CONCAT("Y",TopicLookup[[#This Row],[SyllabusYear]],".",TopicLookup[[#This Row],[SyllabusSubject]]),_xlfn.CONCAT("KS",TopicLookup[[#This Row],[SyllabusKeyStage]],".",TopicLookup[[#This Row],[SyllabusSubject]],".",TopicLookup[[#This Row],[SyllabusYear]])) -> Y13.Physics | F81: A | G81: P | H81: 27 | I81: =IF(OR(TopicLookup[[#This Row],[SyllabusYear]]=7,TopicLookup[[#This Row],[SyllabusYear]]=8),_xlfn.CONCAT(TopicLookup[[#This Row],[SyllabusYear]],TopicLookup[[#This Row],[TopicSubjectCode]],TopicLookup[[#This Row],[Topic]]),IF(TopicLookup[[#This Row],[TopicStage]]="G",_xlfn.CONCAT(TopicLookup[[#This Row],[TopicSubjectCode]],TopicLookup[[#This Row],[Topic]]),IF(TopicLookup[[#This Row],[TopicStage]]="A",_xlfn.CONCAT(TopicLookup[[#This Row],[TopicStage]],TopicLookup[[#This Row],[TopicSubjectCode]],".",TopicLookup[[#This Row],[Topic]]),_xlfn.CONCAT(TopicLookup[[#This Row],[TopicStage]]&"."&TopicLookup[[#This Row],[TopicSubjectCode]]&"."&TopicLookup[[#This Row],[Topic]])))) -> AP.27 | J81: Medical Physics | K81: {=SUMPRODUCT((LessonLookup[TopicID]=TopicLookup[[#This Row],[TopicID]])*(LessonLookup[SuggestedNumberOfPeriodsForLesson]))} -> 5 | L81: Standard | M81: Test
A82: Physics | B82: 5 | C82: Special | D82: =_xlfn.CONCAT("KS",TopicLookup[[#This Row],[SyllabusKeyStage]],".",TopicLookup[[#This Row],[SyllabusSubject]]) -> KS5.Physics | E82: =IF(ISNUMBER(TopicLookup[[#This Row],[SyllabusYear]]),_xlfn.CONCAT("Y",TopicLookup[[#This Row],[SyllabusYear]],".",TopicLookup[[#This Row],[SyllabusSubject]]),_xlfn.CONCAT("KS",TopicLookup[[#This Row],[SyllabusKeyStage]],".",TopicLookup[[#This Row],[SyllabusSubject]],".",TopicLookup[[#This Row],[SyllabusYear]])) -> KS5.Physics.Special | F82: A | G82: P | H82: PAG | I82: =IF(OR(TopicLookup[[#This Row],[SyllabusYear]]=7,TopicLookup[[#This Row],[SyllabusYear]]=8),_xlfn.CONCAT(TopicLookup[[#This Row],[SyllabusYear]],TopicLookup[[#This Row],[TopicSubjectCode]],TopicLookup[[#This Row],[Topic]]),IF(TopicLookup[[#This Row],[TopicStage]]="G",_xlfn.CONCAT(TopicLookup[[#This Row],[TopicSubjectCode]],TopicLookup[[#This Row],[Topic]]),IF(TopicLookup[[#This Row],[TopicStage]]="A",_xlfn.CONCAT(TopicLookup[[#This Row],[TopicStage]],TopicLookup[[#This Row],[TopicSubjectCode]],".",TopicLookup[[#This Row],[Topic]]),_xlfn.CONCAT(TopicLookup[[#This Row],[TopicStage]]&"."&TopicLookup[[#This Row],[TopicSubjectCode]]&"."&TopicLookup[[#This Row],[Topic]])))) -> AP.PAG | J82: A-level Physics PAG | K82: {=SUMPRODUCT((LessonLookup[TopicID]=TopicLookup[[#This Row],[TopicID]])*(LessonLookup[SuggestedNumberOfPeriodsForLesson]))} -> 37 | L82: Special | M82: Report

Sheet lessons
A1: SyllabusSubject | B1: SyllabusKeyStage | C1: SyllabusStageID | D1: SyllabusYearID | E1: TopicStage | F1: TopicSubjectCode | G1: Topic | H1: Lesson | I1: TopicID | J1: LessonID | K1: LessonTitle | L1: LessonTitleEnter | M1: LessonType | N1: NumberOfLearningOutcomes | O1: SuggestedNumberOfPeriodsForLesson | P1: LessonLearningObjectiveEnter | Q1: SuggestedActivities | R1: WebLinks | S1: SkillsLearned | T1: TopicTitle | U1: LessonTitleAuto
A2: =_xlfn.XLOOKUP(LessonLookup[[#This Row],[TopicID]],TopicLookup[TopicID],TopicLookup[SyllabusSubject]) -> Science | B2: =_xlfn.XLOOKUP(LessonLookup[[#This Row],[TopicID]],TopicLookup[TopicID],TopicLookup[SyllabusKeyStage]) -> 3 | C2: =_xlfn.XLOOKUP(LessonLookup[[#This Row],[TopicID]],topics!I:I,topics!D:D) -> KS3.Science | D2: =_xlfn.XLOOKUP(LessonLookup[[#This Row],[TopicID]],topics!I:I,topics!E:E) -> Y7.Science | E2: 7 | F2: B | G2: 1 | H2: 1 | I2: =IF(OR(LessonLookup[[#This Row],[TopicStage]]=7,LessonLookup[[#This Row],[TopicStage]]=8),_xlfn.CONCAT(LessonLookup[[#This Row],[TopicStage]],LessonLookup[[#This Row],[TopicSubjectCode]],LessonLookup[[#This Row],[Topic]]),IF(LessonLookup[[#This Row],[TopicStage]]="G",_xlfn.CONCAT(LessonLookup[[#This Row],[TopicSubjectCode]],LessonLookup[[#This Row],[Topic]]),IF(LessonLookup[[#This Row],[TopicStage]]="A",_xlfn.CONCAT(LessonLookup[[#This Row],[TopicStage]],LessonLookup[[#This Row],[TopicSubjectCode]],".",LessonLookup[[#This Row],[Topic]]),_xlfn.CONCAT(LessonLookup[[#This Row],[TopicStage]],".",LessonLookup[[#This Row],[TopicSubjectCode]],".",LessonLookup[[#This Row],[Topic]])))) -> 7B1 | J2: =IF(OR(LessonLookup[[#This Row],[TopicStage]]=7,LessonLookup[[#This Row],[TopicStage]]=8),_xlfn.CONCAT(LessonLookup[[#This Row],[TopicStage]],LessonLookup[[#This Row],[TopicSubjectCode]],LessonLookup[[#This Row],[Topic]],".",LessonLookup[[#This Row],[Lesson]]),IF(LessonLookup[[#This Row],[TopicStage]]="G",_xlfn.CONCAT(LessonLookup[[#This Row],[TopicSubjectCode]],LessonLookup[[#This Row],[Topic]],".",LessonLookup[[#This Row],[Lesson]]),IF(LessonLookup[[#This Row],[TopicStage]]="A",_xlfn.CONCAT(LessonLookup[[#This Row],[TopicStage]]&LessonLookup[[#This Row],[TopicSubjectCode]]&"."&LessonLookup[[#This Row],[Topic]]&"."&LessonLookup[[#This Row],[Lesson]]),_xlfn.CONCAT(LessonLookup[[#This Row],[TopicStage]],".",LessonLookup[[#This Row],[TopicSubjectCode]],LessonLookup[[#This Row],[Topic]],".",LessonLookup[[#This Row],[Lesson]])))) -> 7B1.1 | K2: =IF(LessonLookup[[#This Row],[LessonTitleAuto]]="",LessonLookup[[#This Row],[LessonTitleEnter]],LessonLookup[[#This Row],[LessonTitleAuto]]) -> Living, dead and never been alive | L2: Living, dead and never been alive | M2: Standard | N2: =COUNTIF(StatementLookup[LessonID],LessonLookup[[#This Row],[LessonID]]) -> 3 | O2: 1 | P2: Describe the features of living organisms | Q2: Class Prac: Have student carry out mini actions - use these to deduce MRS GRENDiscuss: What determines whether something is alive or not? Use objects/images to help with this.Worksheets: 7Aa1 | T2: =IF(ISERROR(_xlfn.XLOOKUP(LessonLookup[[#This Row],[TopicID]],TopicLookup[TopicID],TopicLookup[TopicTitle])),"",_xlfn.XLOOKUP(LessonLookup[[#This Row],[TopicID]],TopicLookup[TopicID],TopicLookup[TopicTitle])) -> Life Processes | U2: =IF(LessonLookup[[#This Row],[Lesson]]="R",_xlfn.CONCAT("Revision of topic "&LessonLookup[[#This Row],[TopicID]]&" "&LessonLookup[[#This Row],[TopicTitle]]),IF(LessonLookup[[#This Row],[Lesson]]="T",_xlfn.CONCAT("Topic test: "&LessonLookup[[#This Row],[TopicID]]&" "&LessonLookup[[#This Row],[TopicTitle]]), IF(LessonLookup[[#This Row],[Lesson]]="F",_xlfn.CONCAT("Test feedback: "&LessonLookup[[#This Row],[TopicID]]&" "&LessonLookup[[#This Row],[TopicTitle]]),"")))
A3: =_xlfn.XLOOKUP(LessonLookup[[#This Row],[TopicID]],TopicLookup[TopicID],TopicLookup[SyllabusSubject]) -> Science | B3: =_xlfn.XLOOKUP(LessonLookup[[#This Row],[TopicID]],TopicLookup[TopicID],TopicLookup[SyllabusKeyStage]) -> 3 | C3: =_xlfn.XLOOKUP(LessonLookup[[#This Row],[TopicID]],topics!I:I,topics!D:D) -> KS3.Science | D3: =_xlfn.XLOOKUP(LessonLookup[[#This Row],[TopicID]],topics!I:I,topics!E:E) -> Y7.Science | E3: 7 | F3: B | G3: 1 | H3: 2 | I3: =IF(OR(LessonLookup[[#This Row],[TopicStage]]=7,LessonLookup[[#This Row],[TopicStage]]=8),_xlfn.CONCAT(LessonLookup[[#This Row],[TopicStage]],LessonLookup[[#This Row],[TopicSubjectCode]],LessonLookup[[#This Row],[Topic]]),IF(LessonLookup[[#This Row],[TopicStage]]="G",_xlfn.CONCAT(LessonLookup[[#This Row],[TopicSubjectCode]],LessonLookup[[#This Row],[Topic]]),IF(LessonLookup[[#This Row],[TopicStage]]="A",_xlfn.CONCAT(LessonLookup[[#This Row],[TopicStage]],LessonLookup[[#This Row],[TopicSubjectCode]],".",LessonLookup[[#This Row],[Topic]]),_xlfn.CONCAT(LessonLookup[[#This Row],[TopicStage]],".",LessonLookup[[#This Row],[TopicSubjectCode]],".",LessonLookup[[#This Row],[Topic]])))) -> 7B1 | J3: =IF(OR(LessonLookup[[#This Row],[TopicStage]]=7,LessonLookup[[#This Row],[TopicStage]]=8),_xlfn.CONCAT(LessonLookup[[#This Row],[TopicStage]],LessonLookup[[#This Row],[TopicSubjectCode]],LessonLookup[[#This Row],[Topic]],".",LessonLookup[[#This Row],[Lesson]]),IF(LessonLookup[[#This Row],[TopicStage]]="G",_xlfn.CONCAT(LessonLookup[[#This Row],[TopicSubjectCode]],LessonLookup[[#This Row],[Topic]],".",LessonLookup[[#This Row],[Lesson]]),IF(LessonLookup[[#This Row],[TopicStage]]="A",_xlfn.CONCAT(LessonLookup[[#This Row],[TopicStage]]&LessonLookup[[#This Row],[TopicSubjectCode]]&"."&LessonLookup[[#This Row],[Topic]]&"."&LessonLookup[[#This Row],[Lesson]]),_xlfn.CONCAT(LessonLookup[[#This Row],[TopicStage]],".",LessonLookup[[#This Row],[TopicSubjectCode]],LessonLookup[[#This Row],[Topic]],".",LessonLookup[[#This Row],[Lesson]])))) -> 7B1.2 | K3: =IF(LessonLookup[[#This Row],[LessonTitleAuto]]="",LessonLookup[[#This Row],[LessonTitleEnter]],LessonLookup[[#This Row],[LessonTitleAuto]]) -> Plant and animal cells | L3: Plant and animal cells | M3: Standard | N3: =COUNTIF(StatementLookup[LessonID],LessonLookup[[#This Row],[LessonID]]) -> 3 | O3: 1 | P3: Identify the main parts of animal cells and describe their functions. | Q3: Class Prac: Use bio-viewers to look at simple animal and plants cells. Sketch cells. Label cells. Describe their functions. Venn diagram - Compare plant and animal cells. Highlight differences.Worksheet: 7Ad1 | T3: =IF(ISERROR(_xlfn.XLOOKUP(LessonLookup[[#This Row],[TopicID]],TopicLookup[TopicID],TopicLookup[TopicTitle])),"",_xlfn.XLOOKUP(LessonLookup[[#This Row],[TopicID]],TopicLookup[TopicID],TopicLookup[TopicTitle])) -> Life Processes | U3: =IF(LessonLookup[[#This Row],[Lesson]]="R",_xlfn.CONCAT("Revision of topic "&LessonLookup[[#This Row],[TopicID]]&" "&LessonLookup[[#This Row],[TopicTitle]]),IF(LessonLookup[[#This Row],[Lesson]]="T",_xlfn.CONCAT("Topic test: "&LessonLookup[[#This Row],[TopicID]]&" "&LessonLookup[[#This Row],[TopicTitle]]), IF(LessonLookup[[#This Row],[Lesson]]="F",_xlfn.CONCAT("Test feedback: "&LessonLookup[[#This Row],[TopicID]]&" "&LessonLookup[[#This Row],[TopicTitle]]),"")))
A4: =_xlfn.XLOOKUP(LessonLookup[[#This Row],[TopicID]],TopicLookup[TopicID],TopicLookup[SyllabusSubject]) -> Science | B4: =_xlfn.XLOOKUP(LessonLookup[[#This Row],[TopicID]],TopicLookup[TopicID],TopicLookup[SyllabusKeyStage]) -> 3 | C4: =_xlfn.XLOOKUP(LessonLookup[[#This Row],[TopicID]],topics!I:I,topics!D:D) -> KS3.Science | D4: =_xlfn.XLOOKUP(LessonLookup[[#This Row],[TopicID]],topics!I:I,topics!E:E) -> Y7.Science | E4: 7 | F4: B | G4: 1 | H4: 3 | I4: =IF(OR(LessonLookup[[#This Row],[TopicStage]]=7,LessonLookup[[#This Row],[TopicStage]]=8),_xlfn.CONCAT(LessonLookup[[#This Row],[TopicStage]],LessonLookup[[#This Row],[TopicSubjectCode]],LessonLookup[[#This Row],[Topic]]),IF(LessonLookup[[#This Row],[TopicStage]]="G",_xlfn.CONCAT(LessonLookup[[#This Row],[TopicSubjectCode]],LessonLookup[[#This Row],[Topic]]),IF(LessonLookup[[#This Row],[TopicStage]]="A",_xlfn.CONCAT(LessonLookup[[#This Row],[TopicStage]],LessonLookup[[#This Row],[TopicSubjectCode]],".",LessonLookup[[#This Row],[Topic]]),_xlfn.CONCAT(LessonLookup[[#This Row],[TopicStage]],".",LessonLookup[[#This Row],[TopicSubjectCode]],".",LessonLookup[[#This Row],[Topic]])))) -> 7B1 | J4: =IF(OR(LessonLookup[[#This Row],[TopicStage]]=7,LessonLookup[[#This Row],[TopicStage]]=8),_xlfn.CONCAT(LessonLookup[[#This Row],[TopicStage]],LessonLookup[[#This Row],[TopicSubjectCode]],LessonLookup[[#This Row],[Topic]],".",LessonLookup[[#This Row],[Lesson]]),IF(LessonLookup[[#This Row],[TopicStage]]="G",_xlfn.CONCAT(LessonLookup[[#This Row],[TopicSubjectCode]],LessonLookup[[#This Row],[Topic]],".",LessonLookup[[#This Row],[Lesson]]),IF(LessonLookup[[#This Row],[TopicStage]]="A",_xlfn.CONCAT(LessonLookup[[#This Row],[TopicStage]]&LessonLookup[[#This Row],[TopicSubjectCode]]&"."&LessonLookup[[#This Row],[Topic]]&"."&LessonLookup[[#This Row],[Lesson]]),_xlfn.CONCAT(LessonLookup[[#This Row],[TopicStage]],".",LessonLookup[[#This Row],[TopicSubjectCode]],LessonLookup[[#This Row],[Topic]],".",LessonLookup[[#This Row],[Lesson]])))) -> 7B1.3 | K4: =IF(LessonLookup[[#This Row],[LessonTitleAuto]]="",LessonLookup[[#This Row],[LessonTitleEnter]],LessonLookup[[#This Row],[LessonTitleAuto]]) -> Specialised cells | L4: Specialised cells | M4: Standard | N4: =COUNTIF(StatementLookup[LessonID],LessonLookup[[#This Row],[LessonID]]) -> 3 | O4: 1 | P4: Describe how specialised cells are adapted to their functions | Q4: Class Prac: Use bio-viewers to look at specialised animal and plants cells. Video: Cells - BBC Curriculum Bites | T4: =IF(ISERROR(_xlfn.XLOOKUP(LessonLookup[[#This Row],[TopicID]],TopicLookup[TopicID],TopicLookup[TopicTitle])),"",_xlfn.XLOOKUP(LessonLookup[[#This Row],[TopicID]],TopicLookup[TopicID],TopicLookup[TopicTitle])) -> Life Processes | U4: =IF(LessonLookup[[#This Row],[Lesson]]="R",_xlfn.CONCAT("Revision of topic "&LessonLookup[[#This Row],[TopicID]]&" "&LessonLookup[[#This Row],[TopicTitle]]),IF(LessonLookup[[#This Row],[Lesson]]="T",_xlfn.CONCAT("Topic test: "&LessonLookup[[#This Row],[TopicID]]&" "&LessonLookup[[#This Row],[TopicTitle]]), IF(LessonLookup[[#This Row],[Lesson]]="F",_xlfn.CONCAT("Test feedback: "&LessonLookup[[#This Row],[TopicID]]&" "&LessonLookup[[#This Row],[TopicTitle]]),"")))
A5: =_xlfn.XLOOKUP(LessonLookup[[#This Row],[TopicID]],TopicLookup[TopicID],TopicLookup[SyllabusSubject]) -> Science | B5: =_xlfn.XLOOKUP(LessonLookup[[#This Row],[TopicID]],TopicLookup[TopicID],TopicLookup[SyllabusKeyStage]) -> 3 | C5: =_xlfn.XLOOKUP(LessonLookup[[#This Row],[TopicID]],topics!I:I,topics!D:D) -> KS3.Science | D5: =_xlfn.XLOOKUP(LessonLookup[[#This Row],[TopicID]],topics!I:I,topics!E:E) -> Y7.Science | E5: 7 | F5: B | G5: 1 | H5: 4 | I5: =IF(OR(LessonLookup[[#This Row],[TopicStage]]=7,LessonLookup[[#This Row],[TopicStage]]=8),_xlfn.CONCAT(LessonLookup[[#This Row],[TopicStage]],LessonLookup[[#This Row],[TopicSubjectCode]],LessonLookup[[#This Row],[Topic]]),IF(LessonLookup[[#This Row],[TopicStage]]="G",_xlfn.CONCAT(LessonLookup[[#This Row],[TopicSubjectCode]],LessonLookup[[#This Row],[Topic]]),IF(LessonLookup[[#This Row],[TopicStage]]="A",_xlfn.CONCAT(LessonLookup[[#This Row],[TopicStage]],LessonLookup[[#This Row],[TopicSubjectCode]],".",LessonLookup[[#This Row],[Topic]]),_xlfn.CONCAT(LessonLookup[[#This Row],[TopicStage]],".",LessonLookup[[#This Row],[TopicSubjectCode]],".",LessonLookup[[#This Row],[Topic]])))) -> 7B1 | J5: =IF(OR(LessonLookup[[#This Row],[TopicStage]]=7,LessonLookup[[#This Row],[TopicStage]]=8),_xlfn.CONCAT(LessonLookup[[#This Row],[TopicStage]],LessonLookup[[#This Row],[TopicSubjectCode]],LessonLookup[[#This Row],[Topic]],".",LessonLookup[[#This Row],[Lesson]]),IF(LessonLookup[[#This Row],[TopicStage]]="G",_xlfn.CONCAT(LessonLookup[[#This Row],[TopicSubjectCode]],LessonLookup[[#This Row],[Topic]],".",LessonLookup[[#This Row],[Lesson]]),IF(LessonLookup[[#This Row],[TopicStage]]="A",_xlfn.CONCAT(LessonLookup[[#This Row],[TopicStage]]&LessonLookup[[#This Row],[TopicSubjectCode]]&"."&LessonLookup[[#This Row],[Topic]]&"."&LessonLookup[[#This Row],[Lesson]]),_xlfn.CONCAT(LessonLookup[[#This Row],[TopicStage]],".",LessonLookup[[#This Row],[TopicSubjectCode]],LessonLookup[[#This Row],[Topic]],".",LessonLookup[[#This Row],[Lesson]])))) -> 7B1.4 | K5: =IF(LessonLookup[[#This Row],[LessonTitleAuto]]="",LessonLookup[[#This Row],[LessonTitleEnter]],LessonLookup[[#This Row],[LessonTitleAuto]]) -> Microscopes and plant cells | L5: Microscopes and plant cells | M5: Standard | N5: =COUNTIF(StatementLookup[LessonID],LessonLookup[[#This Row],[LessonID]]) -> 3 | O5: 1 | P5: Describe how to use a microscope to observe plant cells | Q5: Demo: Show parts of the microscope, how to carry and how to focus. Class Prac: Prepare red onion slides. Students complete biological drawings of slides (could take photo) – pencil, no shading, no label lines crossing, no arrow heads, label lines drawn with a ruler.Calculate magnification.Worksheet: 7Ab1 | T5: =IF(ISERROR(_xlfn.XLOOKUP(LessonLookup[[#This Row],[TopicID]],TopicLookup[TopicID],TopicLookup[TopicTitle])),"",_xlfn.XLOOKUP(LessonLookup[[#This Row],[TopicID]],TopicLookup[TopicID],TopicLookup[TopicTitle])) -> Life Processes | U5: =IF(LessonLookup[[#This Row],[Lesson]]="R",_xlfn.CONCAT("Revision of topic "&LessonLookup[[#This Row],[TopicID]]&" "&LessonLookup[[#This Row],[TopicTitle]]),IF(LessonLookup[[#This Row],[Lesson]]="T",_xlfn.CONCAT("Topic test: "&LessonLookup[[#This Row],[TopicID]]&" "&LessonLookup[[#This Row],[TopicTitle]]), IF(LessonLookup[[#This Row],[Lesson]]="F",_xlfn.CONCAT("Test feedback: "&LessonLookup[[#This Row],[TopicID]]&" "&LessonLookup[[#This Row],[TopicTitle]]),"")))
A6: =_xlfn.XLOOKUP(LessonLookup[[#This Row],[TopicID]],TopicLookup[TopicID],TopicLookup[SyllabusSubject]) -> Science | B6: =_xlfn.XLOOKUP(LessonLookup[[#This Row],[TopicID]],TopicLookup[TopicID],TopicLookup[SyllabusKeyStage]) -> 3 | C6: =_xlfn.XLOOKUP(LessonLookup[[#This Row],[TopicID]],topics!I:I,topics!D:D) -> KS3.Science | D6: =_xlfn.XLOOKUP(LessonLookup[[#This Row],[TopicID]],topics!I:I,topics!E:E) -> Y7.Science | E6: 7 | F6: B | G6: 1 | H6: 5 | I6: =IF(OR(LessonLookup[[#This Row],[TopicStage]]=7,LessonLookup[[#This Row],[TopicStage]]=8),_xlfn.CONCAT(LessonLookup[[#This Row],[TopicStage]],LessonLookup[[#This Row],[TopicSubjectCode]],LessonLookup[[#This Row],[Topic]]),IF(LessonLookup[[#This Row],[TopicStage]]="G",_xlfn.CONCAT(LessonLookup[[#This Row],[TopicSubjectCode]],LessonLookup[[#This Row],[Topic]]),IF(LessonLookup[[#This Row],[TopicStage]]="A",_xlfn.CONCAT(LessonLookup[[#This Row],[TopicStage]],LessonLookup[[#This Row],[TopicSubjectCode]],".",LessonLookup[[#This Row],[Topic]]),_xlfn.CONCAT(LessonLookup[[#This Row],[TopicStage]],".",LessonLookup[[#This Row],[TopicSubjectCode]],".",LessonLookup[[#This Row],[Topic]])))) -> 7B1 | J6: =IF(OR(LessonLookup[[#This Row],[TopicStage]]=7,LessonLookup[[#This Row],[TopicStage]]=8),_xlfn.CONCAT(LessonLookup[[#This Row],[TopicStage]],LessonLookup[[#This Row],[TopicSubjectCode]],LessonLookup[[#This Row],[Topic]],".",LessonLookup[[#This Row],[Lesson]]),IF(LessonLookup[[#This Row],[TopicStage]]="G",_xlfn.CONCAT(LessonLookup[[#This Row],[TopicSubjectCode]],LessonLookup[[#This Row],[Topic]],".",LessonLookup[[#This Row],[Lesson]]),IF(LessonLookup[[#This Row],[TopicStage]]="A",_xlfn.CONCAT(LessonLookup[[#This Row],[TopicStage]]&LessonLookup[[#This Row],[TopicSubjectCode]]&"."&LessonLookup[[#This Row],[Topic]]&"."&LessonLookup[[#This Row],[Lesson]]),_xlfn.CONCAT(LessonLookup[[#This Row],[TopicStage]],".",LessonLookup[[#This Row],[TopicSubjectCode]],LessonLookup[[#This Row],[Topic]],".",LessonLookup[[#This Row],[Lesson]])))) -> 7B1.5 | K6: =IF(LessonLookup[[#This Row],[LessonTitleAuto]]="",LessonLookup[[#This Row],[LessonTitleEnter]],LessonLookup[[#This Row],[LessonTitleAuto]]) -> Microscopes and animal cells | L6: Microscopes and animal cells | M6: Standard | N6: =COUNTIF(StatementLookup[LessonID],LessonLookup[[#This Row],[LessonID]]) -> 3 | O6: 1 | P6: Describe how to use a microscope to observe animal cells | Q6: Starter: Match labels and functions to parts of a microscope. Class Prac: Prepare cheek cell slides. Draw image and label. Calculate magnification.Magnification calculation problems. Worksheet: 7Ab6 | T6: =IF(ISERROR(_xlfn.XLOOKUP(LessonLookup[[#This Row],[TopicID]],TopicLookup[TopicID],TopicLookup[TopicTitle])),"",_xlfn.XLOOKUP(LessonLookup[[#This Row],[TopicID]],TopicLookup[TopicID],TopicLookup[TopicTitle])) -> Life Processes | U6: =IF(LessonLookup[[#This Row],[Lesson]]="R",_xlfn.CONCAT("Revision of topic "&LessonLookup[[#This Row],[TopicID]]&" "&LessonLookup[[#This Row],[TopicTitle]]),IF(LessonLookup[[#This Row],[Lesson]]="T",_xlfn.CONCAT("Topic test: "&LessonLookup[[#This Row],[TopicID]]&" "&LessonLookup[[#This Row],[TopicTitle]]), IF(LessonLookup[[#This Row],[Lesson]]="F",_xlfn.CONCAT("Test feedback: "&LessonLookup[[#This Row],[TopicID]]&" "&LessonLookup[[#This Row],[TopicTitle]]),"")))
A7: =_xlfn.XLOOKUP(LessonLookup[[#This Row],[TopicID]],TopicLookup[TopicID],TopicLookup[SyllabusSubject]) -> Science | B7: =_xlfn.XLOOKUP(LessonLookup[[#This Row],[TopicID]],TopicLookup[TopicID],TopicLookup[SyllabusKeyStage]) -> 3 | C7: =_xlfn.XLOOKUP(LessonLookup[[#This Row],[TopicID]],topics!I:I,topics!D:D) -> KS3.Science | D7: =_xlfn.XLOOKUP(LessonLookup[[#This Row],[TopicID]],topics!I:I,topics!E:E) -> Y7.Science | E7: 7 | F7: B | G7: 1 | H7: 6 | I7: =IF(OR(LessonLookup[[#This Row],[TopicStage]]=7,LessonLookup[[#This Row],[TopicStage]]=8),_xlfn.CONCAT(LessonLookup[[#This Row],[TopicStage]],LessonLookup[[#This Row],[TopicSubjectCode]],LessonLookup[[#This Row],[Topic]]),IF(LessonLookup[[#This Row],[TopicStage]]="G",_xlfn.CONCAT(LessonLookup[[#This Row],[TopicSubjectCode]],LessonLookup[[#This Row],[Topic]]),IF(LessonLookup[[#This Row],[TopicStage]]="A",_xlfn.CONCAT(LessonLookup[[#This Row],[TopicStage]],LessonLookup[[#This Row],[TopicSubjectCode]],".",LessonLookup[[#This Row],[Topic]]),_xlfn.CONCAT(LessonLookup[[#This Row],[TopicStage]],".",LessonLookup[[#This Row],[TopicSubjectCode]],".",LessonLookup[[#This Row],[Topic]])))) -> 7B1 | J7: =IF(OR(LessonLookup[[#This Row],[TopicStage]]=7,LessonLookup[[#This Row],[TopicStage]]=8),_xlfn.CONCAT(LessonLookup[[#This Row],[TopicStage]],LessonLookup[[#This Row],[TopicSubjectCode]],LessonLookup[[#This Row],[Topic]],".",LessonLookup[[#This Row],[Lesson]]),IF(LessonLookup[[#This Row],[TopicStage]]="G",_xlfn.CONCAT(LessonLookup[[#This Row],[TopicSubjectCode]],LessonLookup[[#This Row],[Topic]],".",LessonLookup[[#This Row],[Lesson]]),IF(LessonLookup[[#This Row],[TopicStage]]="A",_xlfn.CONCAT(LessonLookup[[#This Row],[TopicStage]]&LessonLookup[[#This Row],[TopicSubjectCode]]&"."&LessonLookup[[#This Row],[Topic]]&"."&LessonLookup[[#This Row],[Lesson]]),_xlfn.CONCAT(LessonLookup[[#This Row],[TopicStage]],".",LessonLookup[[#This Row],[TopicSubjectCode]],LessonLookup[[#This Row],[Topic]],".",LessonLookup[[#This Row],[Lesson]])))) -> 7B1.6 | K7: =IF(LessonLookup[[#This Row],[LessonTitleAuto]]="",LessonLookup[[#This Row],[LessonTitleEnter]],LessonLookup[[#This Row],[LessonTitleAuto]]) -> Organs and Tissues | L7: Organs and Tissues | M7: Standard | N7: =COUNTIF(StatementLookup[LessonID],LessonLookup[[#This Row],[LessonID]]) -> 3 | O7: 1 | P7: Describe how different tissues combine to form organs | Q7: Use pictures to define tissue. Use pictures to define organs. Human body map- identify organs and functions. Worksheet: 7Ac7 | T7: =IF(ISERROR(_xlfn.XLOOKUP(LessonLookup[[#This Row],[TopicID]],TopicLookup[TopicID],TopicLookup[TopicTitle])),"",_xlfn.XLOOKUP(LessonLookup[[#This Row],[TopicID]],TopicLookup[TopicID],TopicLookup[TopicTitle])) -> Life Processes | U7: =IF(LessonLookup[[#This Row],[Lesson]]="R",_xlfn.CONCAT("Revision of topic "&LessonLookup[[#This Row],[TopicID]]&" "&LessonLookup[[#This Row],[TopicTitle]]),IF(LessonLookup[[#This Row],[Lesson]]="T",_xlfn.CONCAT("Topic test: "&LessonLookup[[#This Row],[TopicID]]&" "&LessonLookup[[#This Row],[TopicTitle]]), IF(LessonLookup[[#This Row],[Lesson]]="F",_xlfn.CONCAT("Test feedback: "&LessonLookup[[#This Row],[TopicID]]&" "&LessonLookup[[#This Row],[TopicTitle]]),"")))
A8: =_xlfn.XLOOKUP(LessonLookup[[#This Row],[TopicID]],TopicLookup[TopicID],TopicLookup[SyllabusSubject]) -> Science | B8: =_xlfn.XLOOKUP(LessonLookup[[#This Row],[TopicID]],TopicLookup[TopicID],TopicLookup[SyllabusKeyStage]) -> 3 | C8: =_xlfn.XLOOKUP(LessonLookup[[#This Row],[TopicID]],topics!I:I,topics!D:D) -> KS3.Science | D8: =_xlfn.XLOOKUP(LessonLookup[[#This Row],[TopicID]],topics!I:I,topics!E:E) -> Y7.Science | E8: 7 | F8: B | G8: 1 | H8: 7 | I8: =IF(OR(LessonLookup[[#This Row],[TopicStage]]=7,LessonLookup[[#This Row],[TopicStage]]=8),_xlfn.CONCAT(LessonLookup[[#This Row],[TopicStage]],LessonLookup[[#This Row],[TopicSubjectCode]],LessonLookup[[#This Row],[Topic]]),IF(LessonLookup[[#This Row],[TopicStage]]="G",_xlfn.CONCAT(LessonLookup[[#This Row],[TopicSubjectCode]],LessonLookup[[#This Row],[Topic]]),IF(LessonLookup[[#This Row],[TopicStage]]="A",_xlfn.CONCAT(LessonLookup[[#This Row],[TopicStage]],LessonLookup[[#This Row],[TopicSubjectCode]],".",LessonLookup[[#This Row],[Topic]]),_xlfn.CONCAT(LessonLookup[[#This Row],[TopicStage]],".",LessonLookup[[#This Row],[TopicSubjectCode]],".",LessonLookup[[#This Row],[Topic]])))) -> 7B1 | J8: =IF(OR(LessonLookup[[#This Row],[TopicStage]]=7,LessonLookup[[#This Row],[TopicStage]]=8),_xlfn.CONCAT(LessonLookup[[#This Row],[TopicStage]],LessonLookup[[#This Row],[TopicSubjectCode]],LessonLookup[[#This Row],[Topic]],".",LessonLookup[[#This Row],[Lesson]]),IF(LessonLookup[[#This Row],[TopicStage]]="G",_xlfn.CONCAT(LessonLookup[[#This Row],[TopicSubjectCode]],LessonLookup[[#This Row],[Topic]],".",LessonLookup[[#This Row],[Lesson]]),IF(LessonLookup[[#This Row],[TopicStage]]="A",_xlfn.CONCAT(LessonLookup[[#This Row],[TopicStage]]&LessonLookup[[#This Row],[TopicSubjectCode]]&"."&LessonLookup[[#This Row],[Topic]]&"."&LessonLookup[[#This Row],[Lesson]]),_xlfn.CONCAT(LessonLookup[[#This Row],[TopicStage]],".",LessonLookup[[#This Row],[TopicSubjectCode]],LessonLookup[[#This Row],[Topic]],".",LessonLookup[[#This Row],[Lesson]])))) -> 7B1.7 | K8: =IF(LessonLookup[[#This Row],[LessonTitleAuto]]="",LessonLookup[[#This Row],[LessonTitleEnter]],LessonLookup[[#This Row],[LessonTitleAuto]]) -> Organ Systems in Plants | L8: Organ Systems in Plants | M8: Standard | N8: =COUNTIF(StatementLookup[LessonID],LessonLookup[[#This Row],[LessonID]]) -> 3 | O8: 1 | P8: Describe the structure and function of organ systems in plants | Q8: Define organ system. Look at diagrams of plants - identify tissues, organs and systems. No need to go into a lot of detail – this will be covered later in Key Stage 3 | T8: =IF(ISERROR(_xlfn.XLOOKUP(LessonLookup[[#This Row],[TopicID]],TopicLookup[TopicID],TopicLookup[TopicTitle])),"",_xlfn.XLOOKUP(LessonLookup[[#This Row],[TopicID]],TopicLookup[TopicID],TopicLookup[TopicTitle])) -> Life Processes | U8: =IF(LessonLookup[[#This Row],[Lesson]]="R",_xlfn.CONCAT("Revision of topic "&LessonLookup[[#This Row],[TopicID]]&" "&LessonLookup[[#This Row],[TopicTitle]]),IF(LessonLookup[[#This Row],[Lesson]]="T",_xlfn.CONCAT("Topic test: "&LessonLookup[[#This Row],[TopicID]]&" "&LessonLookup[[#This Row],[TopicTitle]]), IF(LessonLookup[[#This Row],[Lesson]]="F",_xlfn.CONCAT("Test feedback: "&LessonLookup[[#This Row],[TopicID]]&" "&LessonLookup[[#This Row],[TopicTitle]]),"")))
A9: =_xlfn.XLOOKUP(LessonLookup[[#This Row],[TopicID]],TopicLookup[TopicID],TopicLookup[SyllabusSubject]) -> Science | B9: =_xlfn.XLOOKUP(LessonLookup[[#This Row],[TopicID]],TopicLookup[TopicID],TopicLookup[SyllabusKeyStage]) -> 3 | C9: =_xlfn.XLOOKUP(LessonLookup[[#This Row],[TopicID]],topics!I:I,topics!D:D) -> KS3.Science | D9: =_xlfn.XLOOKUP(LessonLookup[[#This Row],[TopicID]],topics!I:I,topics!E:E) -> Y7.Science | E9: 7 | F9: B | G9: 1 | H9: 8 | I9: =IF(OR(LessonLookup[[#This Row],[TopicStage]]=7,LessonLookup[[#This Row],[TopicStage]]=8),_xlfn.CONCAT(LessonLookup[[#This Row],[TopicStage]],LessonLookup[[#This Row],[TopicSubjectCode]],LessonLookup[[#This Row],[Topic]]),IF(LessonLookup[[#This Row],[TopicStage]]="G",_xlfn.CONCAT(LessonLookup[[#This Row],[TopicSubjectCode]],LessonLookup[[#This Row],[Topic]]),IF(LessonLookup[[#This Row],[TopicStage]]="A",_xlfn.CONCAT(LessonLookup[[#This Row],[TopicStage]],LessonLookup[[#This Row],[TopicSubjectCode]],".",LessonLookup[[#This Row],[Topic]]),_xlfn.CONCAT(LessonLookup[[#This Row],[TopicStage]],".",LessonLookup[[#This Row],[TopicSubjectCode]],".",LessonLookup[[#This Row],[Topic]])))) -> 7B1 | J9: =IF(OR(LessonLookup[[#This Row],[TopicStage]]=7,LessonLookup[[#This Row],[TopicStage]]=8),_xlfn.CONCAT(LessonLookup[[#This Row],[TopicStage]],LessonLookup[[#This Row],[TopicSubjectCode]],LessonLookup[[#This Row],[Topic]],".",LessonLookup[[#This Row],[Lesson]]),IF(LessonLookup[[#This Row],[TopicStage]]="G",_xlfn.CONCAT(LessonLookup[[#This Row],[TopicSubjectCode]],LessonLookup[[#This Row],[Topic]],".",LessonLookup[[#This Row],[Lesson]]),IF(LessonLookup[[#This Row],[TopicStage]]="A",_xlfn.CONCAT(LessonLookup[[#This Row],[TopicStage]]&LessonLookup[[#This Row],[TopicSubjectCode]]&"."&LessonLookup[[#This Row],[Topic]]&"."&LessonLookup[[#This Row],[Lesson]]),_xlfn.CONCAT(LessonLookup[[#This Row],[TopicStage]],".",LessonLookup[[#This Row],[TopicSubjectCode]],LessonLookup[[#This Row],[Topic]],".",LessonLookup[[#This Row],[Lesson]])))) -> 7B1.8 | K9: =IF(LessonLookup[[#This Row],[LessonTitleAuto]]="",LessonLookup[[#This Row],[LessonTitleEnter]],LessonLookup[[#This Row],[LessonTitleAuto]]) -> Organ Systems in Animals | L9: Organ Systems in Animals | M9: Standard | N9: =COUNTIF(StatementLookup[LessonID],LessonLookup[[#This Row],[LessonID]]) -> 3 | O9: 1 | P9: Describe the structure and function of organ systems in animals | Q9: Demo: Show human torsoIdentify main organs, then group them into ‘systems’. Name the different systems (digestive, circulatory, breathing). Label onto human body map. No need to go into a lot of detail – this will be covered later in Key Stage 3Discuss organ transplant. Ethical issues.Worksheets: 7Ae4 | T9: =IF(ISERROR(_xlfn.XLOOKUP(LessonLookup[[#This Row],[TopicID]],TopicLookup[TopicID],TopicLookup[TopicTitle])),"",_xlfn.XLOOKUP(LessonLookup[[#This Row],[TopicID]],TopicLookup[TopicID],TopicLookup[TopicTitle])) -> Life Processes | U9: =IF(LessonLookup[[#This Row],[Lesson]]="R",_xlfn.CONCAT("Revision of topic "&LessonLookup[[#This Row],[TopicID]]&" "&LessonLookup[[#This Row],[TopicTitle]]),IF(LessonLookup[[#This Row],[Lesson]]="T",_xlfn.CONCAT("Topic test: "&LessonLookup[[#This Row],[TopicID]]&" "&LessonLookup[[#This Row],[TopicTitle]]), IF(LessonLookup[[#This Row],[Lesson]]="F",_xlfn.CONCAT("Test feedback: "&LessonLookup[[#This Row],[TopicID]]&" "&LessonLookup[[#This Row],[TopicTitle]]),"")))
A10: =_xlfn.XLOOKUP(LessonLookup[[#This Row],[TopicID]],TopicLookup[TopicID],TopicLookup[SyllabusSubject]) -> Science | B10: =_xlfn.XLOOKUP(LessonLookup[[#This Row],[TopicID]],TopicLookup[TopicID],TopicLookup[SyllabusKeyStage]) -> 3 | C10: =_xlfn.XLOOKUP(LessonLookup[[#This Row],[TopicID]],topics!I:I,topics!D:D) -> KS3.Science | D10: =_xlfn.XLOOKUP(LessonLookup[[#This Row],[TopicID]],topics!I:I,topics!E:E) -> Y7.Science | E10: 7 | F10: B | G10: 1 | H10: F | I10: =IF(OR(LessonLookup[[#This Row],[TopicStage]]=7,LessonLookup[[#This Row],[TopicStage]]=8),_xlfn.CONCAT(LessonLookup[[#This Row],[TopicStage]],LessonLookup[[#This Row],[TopicSubjectCode]],LessonLookup[[#This Row],[Topic]]),IF(LessonLookup[[#This Row],[TopicStage]]="G",_xlfn.CONCAT(LessonLookup[[#This Row],[TopicSubjectCode]],LessonLookup[[#This Row],[Topic]]),IF(LessonLookup[[#This Row],[TopicStage]]="A",_xlfn.CONCAT(LessonLookup[[#This Row],[TopicStage]],LessonLookup[[#This Row],[TopicSubjectCode]],".",LessonLookup[[#This Row],[Topic]]),_xlfn.CONCAT(LessonLookup[[#This Row],[TopicStage]],".",LessonLookup[[#This Row],[TopicSubjectCode]],".",LessonLookup[[#This Row],[Topic]])))) -> 7B1 | J10: =IF(OR(LessonLookup[[#This Row],[TopicStage]]=7,LessonLookup[[#This Row],[TopicStage]]=8),_xlfn.CONCAT(LessonLookup[[#This Row],[TopicStage]],LessonLookup[[#This Row],[TopicSubjectCode]],LessonLookup[[#This Row],[Topic]],".",LessonLookup[[#This Row],[Lesson]]),IF(LessonLookup[[#This Row],[TopicStage]]="G",_xlfn.CONCAT(LessonLookup[[#This Row],[TopicSubjectCode]],LessonLookup[[#This Row],[Topic]],".",LessonLookup[[#This Row],[Lesson]]),IF(LessonLookup[[#This Row],[TopicStage]]="A",_xlfn.CONCAT(LessonLookup[[#This Row],[TopicStage]]&LessonLookup[[#This Row],[TopicSubjectCode]]&"."&LessonLookup[[#This Row],[Topic]]&"."&LessonLookup[[#This Row],[Lesson]]),_xlfn.CONCAT(LessonLookup[[#This Row],[TopicStage]],".",LessonLookup[[#This Row],[TopicSubjectCode]],LessonLookup[[#This Row],[Topic]],".",LessonLookup[[#This Row],[Lesson]])))) -> 7B1.F | K10: =IF(LessonLookup[[#This Row],[LessonTitleAuto]]="",LessonLookup[[#This Row],[LessonTitleEnter]],LessonLookup[[#This Row],[LessonTitleAuto]]) -> Test feedback: 7B1 Life Processes | L10: Null | M10: Feedback | N10: =COUNTIF(StatementLookup[LessonID],LessonLookup[[#This Row],[LessonID]]) -> 1 | O10: 1 | T10: =IF(ISERROR(_xlfn.XLOOKUP(LessonLookup[[#This Row],[TopicID]],TopicLookup[TopicID],TopicLookup[TopicTitle])),"",_xlfn.XLOOKUP(LessonLookup[[#This Row],[TopicID]],TopicLookup[TopicID],TopicLookup[TopicTitle])) -> Life Processes | U10: =IF(LessonLookup[[#This Row],[Lesson]]="R",_xlfn.CONCAT("Revision of topic "&LessonLookup[[#This Row],[TopicID]]&" "&LessonLookup[[#This Row],[TopicTitle]]),IF(LessonLookup[[#This Row],[Lesson]]="T",_xlfn.CONCAT("Topic test: "&LessonLookup[[#This Row],[TopicID]]&" "&LessonLookup[[#This Row],[TopicTitle]]), IF(LessonLookup[[#This Row],[Lesson]]="F",_xlfn.CONCAT("Test feedback: "&LessonLookup[[#This Row],[TopicID]]&" "&LessonLookup[[#This Row],[TopicTitle]]),""))) -> Test feedback: 7B1 Life Processes
A11: =_xlfn.XLOOKUP(LessonLookup[[#This Row],[TopicID]],TopicLookup[TopicID],TopicLookup[SyllabusSubject]) -> Science | B11: =_xlfn.XLOOKUP(LessonLookup[[#This Row],[TopicID]],TopicLookup[TopicID],TopicLookup[SyllabusKeyStage]) -> 3 | C11: =_xlfn.XLOOKUP(LessonLookup[[#This Row],[TopicID]],topics!I:I,topics!D:D) -> KS3.Science | D11: =_xlfn.XLOOKUP(LessonLookup[[#This Row],[TopicID]],topics!I:I,topics!E:E) -> Y7.Science | E11: 7 | F11: B | G11: 1 | H11: R | I11: =IF(OR(LessonLookup[[#This Row],[TopicStage]]=7,LessonLookup[[#This Row],[TopicStage]]=8),_xlfn.CONCAT(LessonLookup[[#This Row],[TopicStage]],LessonLookup[[#This Row],[TopicSubjectCode]],LessonLookup[[#This Row],[Topic]]),IF(LessonLookup[[#This Row],[TopicStage]]="G",_xlfn.CONCAT(LessonLookup[[#This Row],[TopicSubjectCode]],LessonLookup[[#This Row],[Topic]]),IF(LessonLookup[[#This Row],[TopicStage]]="A",_xlfn.CONCAT(LessonLookup[[#This Row],[TopicStage]],LessonLookup[[#This Row],[TopicSubjectCode]],".",LessonLookup[[#This Row],[Topic]]),_xlfn.CONCAT(LessonLookup[[#This Row],[TopicStage]],".",LessonLookup[[#This Row],[TopicSubjectCode]],".",LessonLookup[[#This Row],[Topic]])))) -> 7B1 | J11: =IF(OR(LessonLookup[[#This Row],[TopicStage]]=7,LessonLookup[[#This Row],[TopicStage]]=8),_xlfn.CONCAT(LessonLookup[[#This Row],[TopicStage]],LessonLookup[[#This Row],[TopicSubjectCode]],LessonLookup[[#This Row],[Topic]],".",LessonLookup[[#This Row],[Lesson]]),IF(LessonLookup[[#This Row],[TopicStage]]="G",_xlfn.CONCAT(LessonLookup[[#This Row],[TopicSubjectCode]],LessonLookup[[#This Row],[Topic]],".",LessonLookup[[#This Row],[Lesson]]),IF(LessonLookup[[#This Row],[TopicStage]]="A",_xlfn.CONCAT(LessonLookup[[#This Row],[TopicStage]]&LessonLookup[[#This Row],[TopicSubjectCode]]&"."&LessonLookup[[#This Row],[Topic]]&"."&LessonLookup[[#This Row],[Lesson]]),_xlfn.CONCAT(LessonLookup[[#This Row],[TopicStage]],".",LessonLookup[[#This Row],[TopicSubjectCode]],LessonLookup[[#This Row],[Topic]],".",LessonLookup[[#This Row],[Lesson]])))) -> 7B1.R | K11: =IF(LessonLookup[[#This Row],[LessonTitleAuto]]="",LessonLookup[[#This Row],[LessonTitleEnter]],LessonLookup[[#This Row],[LessonTitleAuto]]) -> Revision of topic 7B1 Life Processes | L11: Null | M11: Review | N11: =COUNTIF(StatementLookup[LessonID],LessonLookup[[#This Row],[LessonID]]) -> 1 | O11: 1 | T11: =IF(ISERROR(_xlfn.XLOOKUP(LessonLookup[[#This Row],[TopicID]],TopicLookup[TopicID],TopicLookup[TopicTitle])),"",_xlfn.XLOOKUP(LessonLookup[[#This Row],[TopicID]],TopicLookup[TopicID],TopicLookup[TopicTitle])) -> Life Processes | U11: =IF(LessonLookup[[#This Row],[Lesson]]="R",_xlfn.CONCAT("Revision of topic "&LessonLookup[[#This Row],[TopicID]]&" "&LessonLookup[[#This Row],[TopicTitle]]),IF(LessonLookup[[#This Row],[Lesson]]="T",_xlfn.CONCAT("Topic test: "&LessonLookup[[#This Row],[TopicID]]&" "&LessonLookup[[#This Row],[TopicTitle]]), IF(LessonLookup[[#This Row],[Lesson]]="F",_xlfn.CONCAT("Test feedback: "&LessonLookup[[#This Row],[TopicID]]&" "&LessonLookup[[#This Row],[TopicTitle]]),""))) -> Revision of topic 7B1 Life Processes
A12: =_xlfn.XLOOKUP(LessonLookup[[#This Row],[TopicID]],TopicLookup[TopicID],TopicLookup[SyllabusSubject]) -> Science | B12: =_xlfn.XLOOKUP(LessonLookup[[#This Row],[TopicID]],TopicLookup[TopicID],TopicLookup[SyllabusKeyStage]) -> 3 | C12: =_xlfn.XLOOKUP(LessonLookup[[#This Row],[TopicID]],topics!I:I,topics!D:D) -> KS3.Science | D12: =_xlfn.XLOOKUP(LessonLookup[[#This Row],[TopicID]],topics!I:I,topics!E:E) -> Y7.Science | E12: 7 | F12: B | G12: 1 | H12: T | I12: =IF(OR(LessonLookup[[#This Row],[TopicStage]]=7,LessonLookup[[#This Row],[TopicStage]]=8),_xlfn.CONCAT(LessonLookup[[#This Row],[TopicStage]],LessonLookup[[#This Row],[TopicSubjectCode]],LessonLookup[[#This Row],[Topic]]),IF(LessonLookup[[#This Row],[TopicStage]]="G",_xlfn.CONCAT(LessonLookup[[#This Row],[TopicSubjectCode]],LessonLookup[[#This Row],[Topic]]),IF(LessonLookup[[#This Row],[TopicStage]]="A",_xlfn.CONCAT(LessonLookup[[#This Row],[TopicStage]],LessonLookup[[#This Row],[TopicSubjectCode]],".",LessonLookup[[#This Row],[Topic]]),_xlfn.CONCAT(LessonLookup[[#This Row],[TopicStage]],".",LessonLookup[[#This Row],[TopicSubjectCode]],".",LessonLookup[[#This Row],[Topic]])))) -> 7B1 | J12: =IF(OR(LessonLookup[[#This Row],[TopicStage]]=7,LessonLookup[[#This Row],[TopicStage]]=8),_xlfn.CONCAT(LessonLookup[[#This Row],[TopicStage]],LessonLookup[[#This Row],[TopicSubjectCode]],LessonLookup[[#This Row],[Topic]],".",LessonLookup[[#This Row],[Lesson]]),IF(LessonLookup[[#This Row],[TopicStage]]="G",_xlfn.CONCAT(LessonLookup[[#This Row],[TopicSubjectCode]],LessonLookup[[#This Row],[Topic]],".",LessonLookup[[#This Row],[Lesson]]),IF(LessonLookup[[#This Row],[TopicStage]]="A",_xlfn.CONCAT(LessonLookup[[#This Row],[TopicStage]]&LessonLookup[[#This Row],[TopicSubjectCode]]&"."&LessonLookup[[#This Row],[Topic]]&"."&LessonLookup[[#This Row],[Lesson]]),_xlfn.CONCAT(LessonLookup[[#This Row],[TopicStage]],".",LessonLookup[[#This Row],[TopicSubjectCode]],LessonLookup[[#This Row],[Topic]],".",LessonLookup[[#This Row],[Lesson]])))) -> 7B1.T | K12: =IF(LessonLookup[[#This Row],[LessonTitleAuto]]="",LessonLookup[[#This Row],[LessonTitleEnter]],LessonLookup[[#This Row],[LessonTitleAuto]]) -> Topic test: 7B1 Life Processes | L12: Null | M12: Assessment | N12: =COUNTIF(StatementLookup[LessonID],LessonLookup[[#This Row],[LessonID]]) -> 1 | O12: 1 | T12: =IF(ISERROR(_xlfn.XLOOKUP(LessonLookup[[#This Row],[TopicID]],TopicLookup[TopicID],TopicLookup[TopicTitle])),"",_xlfn.XLOOKUP(LessonLookup[[#This Row],[TopicID]],TopicLookup[TopicID],TopicLookup[TopicTitle])) -> Life Processes | U12: =IF(LessonLookup[[#This Row],[Lesson]]="R",_xlfn.CONCAT("Revision of topic "&LessonLookup[[#This Row],[TopicID]]&" "&LessonLookup[[#This Row],[TopicTitle]]),IF(LessonLookup[[#This Row],[Lesson]]="T",_xlfn.CONCAT("Topic test: "&LessonLookup[[#This Row],[TopicID]]&" "&LessonLookup[[#This Row],[TopicTitle]]), IF(LessonLookup[[#This Row],[Lesson]]="F",_xlfn.CONCAT("Test feedback: "&LessonLookup[[#This Row],[TopicID]]&" "&LessonLookup[[#This Row],[TopicTitle]]),""))) -> Topic test: 7B1 Life Processes
A13: =_xlfn.XLOOKUP(LessonLookup[[#This Row],[TopicID]],TopicLookup[TopicID],TopicLookup[SyllabusSubject]) -> Science | B13: =_xlfn.XLOOKUP(LessonLookup[[#This Row],[TopicID]],TopicLookup[TopicID],TopicLookup[SyllabusKeyStage]) -> 3 | C13: =_xlfn.XLOOKUP(LessonLookup[[#This Row],[TopicID]],topics!I:I,topics!D:D) -> KS3.Science | D13: =_xlfn.XLOOKUP(LessonLookup[[#This Row],[TopicID]],topics!I:I,topics!E:E) -> Y7.Science | E13: 7 | F13: B | G13: 2 | H13: 1 | I13: =IF(OR(LessonLookup[[#This Row],[TopicStage]]=7,LessonLookup[[#This Row],[TopicStage]]=8),_xlfn.CONCAT(LessonLookup[[#This Row],[TopicStage]],LessonLookup[[#This Row],[TopicSubjectCode]],LessonLookup[[#This Row],[Topic]]),IF(LessonLookup[[#This Row],[TopicStage]]="G",_xlfn.CONCAT(LessonLookup[[#This Row],[TopicSubjectCode]],LessonLookup[[#This Row],[Topic]]),IF(LessonLookup[[#This Row],[TopicStage]]="A",_xlfn.CONCAT(LessonLookup[[#This Row],[TopicStage]],LessonLookup[[#This Row],[TopicSubjectCode]],".",LessonLookup[[#This Row],[Topic]]),_xlfn.CONCAT(LessonLookup[[#This Row],[TopicStage]],".",LessonLookup[[#This Row],[TopicSubjectCode]],".",LessonLookup[[#This Row],[Topic]])))) -> 7B2 | J13: =IF(OR(LessonLookup[[#This Row],[TopicStage]]=7,LessonLookup[[#This Row],[TopicStage]]=8),_xlfn.CONCAT(LessonLookup[[#This Row],[TopicStage]],LessonLookup[[#This Row],[TopicSubjectCode]],LessonLookup[[#This Row],[Topic]],".",LessonLookup[[#This Row],[Lesson]]),IF(LessonLookup[[#This Row],[TopicStage]]="G",_xlfn.CONCAT(LessonLookup[[#This Row],[TopicSubjectCode]],LessonLookup[[#This Row],[Topic]],".",LessonLookup[[#This Row],[Lesson]]),IF(LessonLookup[[#This Row],[TopicStage]]="A",_xlfn.CONCAT(LessonLookup[[#This Row],[TopicStage]]&LessonLookup[[#This Row],[TopicSubjectCode]]&"."&LessonLookup[[#This Row],[Topic]]&"."&LessonLookup[[#This Row],[Lesson]]),_xlfn.CONCAT(LessonLookup[[#This Row],[TopicStage]],".",LessonLookup[[#This Row],[TopicSubjectCode]],LessonLookup[[#This Row],[Topic]],".",LessonLookup[[#This Row],[Lesson]])))) -> 7B2.1 | K13: =IF(LessonLookup[[#This Row],[LessonTitleAuto]]="",LessonLookup[[#This Row],[LessonTitleEnter]],LessonLookup[[#This Row],[LessonTitleAuto]]) -> Aerobic Respiration | L13: Aerobic Respiration | M13: Standard | N13: =COUNTIF(StatementLookup[LessonID],LessonLookup[[#This Row],[LessonID]]) -> 3 | O13: 1 | P13: Be able to describe what happens during respiration | Q13: Brain dump: Students write down prior knowledge – opportunity to deal with misconceptions (see starter slide). Demo: Screaming jelly baby | T13: =IF(ISERROR(_xlfn.XLOOKUP(LessonLookup[[#This Row],[TopicID]],TopicLookup[TopicID],TopicLookup[TopicTitle])),"",_xlfn.XLOOKUP(LessonLookup[[#This Row],[TopicID]],TopicLookup[TopicID],TopicLookup[TopicTitle])) -> Respiration And Circulation | U13: =IF(LessonLookup[[#This Row],[Lesson]]="R",_xlfn.CONCAT("Revision of topic "&LessonLookup[[#This Row],[TopicID]]&" "&LessonLookup[[#This Row],[TopicTitle]]),IF(LessonLookup[[#This Row],[Lesson]]="T",_xlfn.CONCAT("Topic test: "&LessonLookup[[#This Row],[TopicID]]&" "&LessonLookup[[#This Row],[TopicTitle]]), IF(LessonLookup[[#This Row],[Lesson]]="F",_xlfn.CONCAT("Test feedback: "&LessonLookup[[#This Row],[TopicID]]&" "&LessonLookup[[#This Row],[TopicTitle]]),"")))
A14: =_xlfn.XLOOKUP(LessonLookup[[#This Row],[TopicID]],TopicLookup[TopicID],TopicLookup[SyllabusSubject]) -> Science | B14: =_xlfn.XLOOKUP(LessonLookup[[#This Row],[TopicID]],TopicLookup[TopicID],TopicLookup[SyllabusKeyStage]) -> 3 | C14: =_xlfn.XLOOKUP(LessonLookup[[#This Row],[TopicID]],topics!I:I,topics!D:D) -> KS3.Science | D14: =_xlfn.XLOOKUP(LessonLookup[[#This Row],[TopicID]],topics!I:I,topics!E:E) -> Y7.Science | E14: 7 | F14: B | G14: 2 | H14: 2 | I14: =IF(OR(LessonLookup[[#This Row],[TopicStage]]=7,LessonLookup[[#This Row],[TopicStage]]=8),_xlfn.CONCAT(LessonLookup[[#This Row],[TopicStage]],LessonLookup[[#This Row],[TopicSubjectCode]],LessonLookup[[#This Row],[Topic]]),IF(LessonLookup[[#This Row],[TopicStage]]="G",_xlfn.CONCAT(LessonLookup[[#This Row],[TopicSubjectCode]],LessonLookup[[#This Row],[Topic]]),IF(LessonLookup[[#This Row],[TopicStage]]="A",_xlfn.CONCAT(LessonLookup[[#This Row],[TopicStage]],LessonLookup[[#This Row],[TopicSubjectCode]],".",LessonLookup[[#This Row],[Topic]]),_xlfn.CONCAT(LessonLookup[[#This Row],[TopicStage]],".",LessonLookup[[#This Row],[TopicSubjectCode]],".",LessonLookup[[#This Row],[Topic]])))) -> 7B2 | J14: =IF(OR(LessonLookup[[#This Row],[TopicStage]]=7,LessonLookup[[#This Row],[TopicStage]]=8),_xlfn.CONCAT(LessonLookup[[#This Row],[TopicStage]],LessonLookup[[#This Row],[TopicSubjectCode]],LessonLookup[[#This Row],[Topic]],".",LessonLookup[[#This Row],[Lesson]]),IF(LessonLookup[[#This Row],[TopicStage]]="G",_xlfn.CONCAT(LessonLookup[[#This Row],[TopicSubjectCode]],LessonLookup[[#This Row],[Topic]],".",LessonLookup[[#This Row],[Lesson]]),IF(LessonLookup[[#This Row],[TopicStage]]="A",_xlfn.CONCAT(LessonLookup[[#This Row],[TopicStage]]&LessonLookup[[#This Row],[TopicSubjectCode]]&"."&LessonLookup[[#This Row],[Topic]]&"."&LessonLookup[[#This Row],[Lesson]]),_xlfn.CONCAT(LessonLookup[[#This Row],[TopicStage]],".",LessonLookup[[#This Row],[TopicSubjectCode]],LessonLookup[[#This Row],[Topic]],".",LessonLookup[[#This Row],[Lesson]])))) -> 7B2.2 | K14: =IF(LessonLookup[[#This Row],[LessonTitleAuto]]="",LessonLookup[[#This Row],[LessonTitleEnter]],LessonLookup[[#This Row],[LessonTitleAuto]]) -> Anaerobic respiration | L14: Anaerobic respiration | M14: Standard | N14: =COUNTIF(StatementLookup[LessonID],LessonLookup[[#This Row],[LessonID]]) -> 3 | O14: 1 | P14: Describe what happens in anaerobic respiration in humans | Q14: Explain how and why anaerobic respiration happens in humans. Extend into fermentation. Class Prac: Investigate the rate of anaerobic respiration in yeast. Compare pros and cons of aerobic and anaerobic respiration Worksheets: 8Db-2 | T14: =IF(ISERROR(_xlfn.XLOOKUP(LessonLookup[[#This Row],[TopicID]],TopicLookup[TopicID],TopicLookup[TopicTitle])),"",_xlfn.XLOOKUP(LessonLookup[[#This Row],[TopicID]],TopicLookup[TopicID],TopicLookup[TopicTitle])) -> Respiration And Circulation | U14: =IF(LessonLookup[[#This Row],[Lesson]]="R",_xlfn.CONCAT("Revision of topic "&LessonLookup[[#This Row],[TopicID]]&" "&LessonLookup[[#This Row],[TopicTitle]]),IF(LessonLookup[[#This Row],[Lesson]]="T",_xlfn.CONCAT("Topic test: "&LessonLookup[[#This Row],[TopicID]]&" "&LessonLookup[[#This Row],[TopicTitle]]), IF(LessonLookup[[#This Row],[Lesson]]="F",_xlfn.CONCAT("Test feedback: "&LessonLookup[[#This Row],[TopicID]]&" "&LessonLookup[[#This Row],[TopicTitle]]),"")))
A15: =_xlfn.XLOOKUP(LessonLookup[[#This Row],[TopicID]],TopicLookup[TopicID],TopicLookup[SyllabusSubject]) -> Science | B15: =_xlfn.XLOOKUP(LessonLookup[[#This Row],[TopicID]],TopicLookup[TopicID],TopicLookup[SyllabusKeyStage]) -> 3 | C15: =_xlfn.XLOOKUP(LessonLookup[[#This Row],[TopicID]],topics!I:I,topics!D:D) -> KS3.Science | D15: =_xlfn.XLOOKUP(LessonLookup[[#This Row],[TopicID]],topics!I:I,topics!E:E) -> Y7.Science | E15: 7 | F15: B | G15: 2 | H15: 3 | I15: =IF(OR(LessonLookup[[#This Row],[TopicStage]]=7,LessonLookup[[#This Row],[TopicStage]]=8),_xlfn.CONCAT(LessonLookup[[#This Row],[TopicStage]],LessonLookup[[#This Row],[TopicSubjectCode]],LessonLookup[[#This Row],[Topic]]),IF(LessonLookup[[#This Row],[TopicStage]]="G",_xlfn.CONCAT(LessonLookup[[#This Row],[TopicSubjectCode]],LessonLookup[[#This Row],[Topic]]),IF(LessonLookup[[#This Row],[TopicStage]]="A",_xlfn.CONCAT(LessonLookup[[#This Row],[TopicStage]],LessonLookup[[#This Row],[TopicSubjectCode]],".",LessonLookup[[#This Row],[Topic]]),_xlfn.CONCAT(LessonLookup[[#This Row],[TopicStage]],".",LessonLookup[[#This Row],[TopicSubjectCode]],".",LessonLookup[[#This Row],[Topic]])))) -> 7B2 | J15: =IF(OR(LessonLookup[[#This Row],[TopicStage]]=7,LessonLookup[[#This Row],[TopicStage]]=8),_xlfn.CONCAT(LessonLookup[[#This Row],[TopicStage]],LessonLookup[[#This Row],[TopicSubjectCode]],LessonLookup[[#This Row],[Topic]],".",LessonLookup[[#This Row],[Lesson]]),IF(LessonLookup[[#This Row],[TopicStage]]="G",_xlfn.CONCAT(LessonLookup[[#This Row],[TopicSubjectCode]],LessonLookup[[#This Row],[Topic]],".",LessonLookup[[#This Row],[Lesson]]),IF(LessonLookup[[#This Row],[TopicStage]]="A",_xlfn.CONCAT(LessonLookup[[#This Row],[TopicStage]]&LessonLookup[[#This Row],[TopicSubjectCode]]&"."&LessonLookup[[#This Row],[Topic]]&"."&LessonLookup[[#This Row],[Lesson]]),_xlfn.CONCAT(LessonLookup[[#This Row],[TopicStage]],".",LessonLookup[[#This Row],[TopicSubjectCode]],LessonLookup[[#This Row],[Topic]],".",LessonLookup[[#This Row],[Lesson]])))) -> 7B2.3 | K15: =IF(LessonLookup[[#This Row],[LessonTitleAuto]]="",LessonLookup[[#This Row],[LessonTitleEnter]],LessonLookup[[#This Row],[LessonTitleAuto]]) -> Lungs and Breathing | L15: Lungs and Breathing | M15: Standard | N15: =COUNTIF(StatementLookup[LessonID],LessonLookup[[#This Row],[LessonID]]) -> 3 | O15: 2 | P15: Describe the structure and function of the lungs | Q15: Correctly use the terms: breathing, breathing rate, ventilation, inhalation, exhalation Demo: Torso and Bell jar lungs Class Prac: Measuring lung volume [bbc.co.uk/bitesize/topics/zvrrd2p/articles/zm3xh39] Explain how specialised cells keep the lungs clean (mucus production and ciliated epithelial cells).Note: Mention about asthma at this point and how it affects the bronchioles Worksheets: 7ca1, 7ca6 | T15: =IF(ISERROR(_xlfn.XLOOKUP(LessonLookup[[#This Row],[TopicID]],TopicLookup[TopicID],TopicLookup[TopicTitle])),"",_xlfn.XLOOKUP(LessonLookup[[#This Row],[TopicID]],TopicLookup[TopicID],TopicLookup[TopicTitle])) -> Respiration And Circulation | U15: =IF(LessonLookup[[#This Row],[Lesson]]="R",_xlfn.CONCAT("Revision of topic "&LessonLookup[[#This Row],[TopicID]]&" "&LessonLookup[[#This Row],[TopicTitle]]),IF(LessonLookup[[#This Row],[Lesson]]="T",_xlfn.CONCAT("Topic test: "&LessonLookup[[#This Row],[TopicID]]&" "&LessonLookup[[#This Row],[TopicTitle]]), IF(LessonLookup[[#This Row],[Lesson]]="F",_xlfn.CONCAT("Test feedback: "&LessonLookup[[#This Row],[TopicID]]&" "&LessonLookup[[#This Row],[TopicTitle]]),"")))
A16: =_xlfn.XLOOKUP(LessonLookup[[#This Row],[TopicID]],TopicLookup[TopicID],TopicLookup[SyllabusSubject]) -> Science | B16: =_xlfn.XLOOKUP(LessonLookup[[#This Row],[TopicID]],TopicLookup[TopicID],TopicLookup[SyllabusKeyStage]) -> 3 | C16: =_xlfn.XLOOKUP(LessonLookup[[#This Row],[TopicID]],topics!I:I,topics!D:D) -> KS3.Science | D16: =_xlfn.XLOOKUP(LessonLookup[[#This Row],[TopicID]],topics!I:I,topics!E:E) -> Y7.Science | E16: 7 | F16: B | G16: 2 | H16: 4 | I16: =IF(OR(LessonLookup[[#This Row],[TopicStage]]=7,LessonLookup[[#This Row],[TopicStage]]=8),_xlfn.CONCAT(LessonLookup[[#This Row],[TopicStage]],LessonLookup[[#This Row],[TopicSubjectCode]],LessonLookup[[#This Row],[Topic]]),IF(LessonLookup[[#This Row],[TopicStage]]="G",_xlfn.CONCAT(LessonLookup[[#This Row],[TopicSubjectCode]],LessonLookup[[#This Row],[Topic]]),IF(LessonLookup[[#This Row],[TopicStage]]="A",_xlfn.CONCAT(LessonLookup[[#This Row],[TopicStage]],LessonLookup[[#This Row],[TopicSubjectCode]],".",LessonLookup[[#This Row],[Topic]]),_xlfn.CONCAT(LessonLookup[[#This Row],[TopicStage]],".",LessonLookup[[#This Row],[TopicSubjectCode]],".",LessonLookup[[#This Row],[Topic]])))) -> 7B2 | J16: =IF(OR(LessonLookup[[#This Row],[TopicStage]]=7,LessonLookup[[#This Row],[TopicStage]]=8),_xlfn.CONCAT(LessonLookup[[#This Row],[TopicStage]],LessonLookup[[#This Row],[TopicSubjectCode]],LessonLookup[[#This Row],[Topic]],".",LessonLookup[[#This Row],[Lesson]]),IF(LessonLookup[[#This Row],[TopicStage]]="G",_xlfn.CONCAT(LessonLookup[[#This Row],[TopicSubjectCode]],LessonLookup[[#This Row],[Topic]],".",LessonLookup[[#This Row],[Lesson]]),IF(LessonLookup[[#This Row],[TopicStage]]="A",_xlfn.CONCAT(LessonLookup[[#This Row],[TopicStage]]&LessonLookup[[#This Row],[TopicSubjectCode]]&"."&LessonLookup[[#This Row],[Topic]]&"."&LessonLookup[[#This Row],[Lesson]]),_xlfn.CONCAT(LessonLookup[[#This Row],[TopicStage]],".",LessonLookup[[#This Row],[TopicSubjectCode]],LessonLookup[[#This Row],[Topic]],".",LessonLookup[[#This Row],[Lesson]])))) -> 7B2.4 | K16: =IF(LessonLookup[[#This Row],[LessonTitleAuto]]="",LessonLookup[[#This Row],[LessonTitleEnter]],LessonLookup[[#This Row],[LessonTitleAuto]]) -> The heart | L16: The heart | M16: Standard | N16: =COUNTIF(StatementLookup[LessonID],LessonLookup[[#This Row],[LessonID]]) -> 3 | O16: 1 | P16: Describe the structure of the heart | Q16: Discussion: What does the heart do? How does it work? Does everyone’s heart beat at the same rate? Does a person’s heartbeat rate ever change? Why? Evidence? How can you check? Demo: Heart Dissection | T16: =IF(ISERROR(_xlfn.XLOOKUP(LessonLookup[[#This Row],[TopicID]],TopicLookup[TopicID],TopicLookup[TopicTitle])),"",_xlfn.XLOOKUP(LessonLookup[[#This Row],[TopicID]],TopicLookup[TopicID],TopicLookup[TopicTitle])) -> Respiration And Circulation | U16: =IF(LessonLookup[[#This Row],[Lesson]]="R",_xlfn.CONCAT("Revision of topic "&LessonLookup[[#This Row],[TopicID]]&" "&LessonLookup[[#This Row],[TopicTitle]]),IF(LessonLookup[[#This Row],[Lesson]]="T",_xlfn.CONCAT("Topic test: "&LessonLookup[[#This Row],[TopicID]]&" "&LessonLookup[[#This Row],[TopicTitle]]), IF(LessonLookup[[#This Row],[Lesson]]="F",_xlfn.CONCAT("Test feedback: "&LessonLookup[[#This Row],[TopicID]]&" "&LessonLookup[[#This Row],[TopicTitle]]),"")))
A17: =_xlfn.XLOOKUP(LessonLookup[[#This Row],[TopicID]],TopicLookup[TopicID],TopicLookup[SyllabusSubject]) -> Science | B17: =_xlfn.XLOOKUP(LessonLookup[[#This Row],[TopicID]],TopicLookup[TopicID],TopicLookup[SyllabusKeyStage]) -> 3 | C17: =_xlfn.XLOOKUP(LessonLookup[[#This Row],[TopicID]],topics!I:I,topics!D:D) -> KS3.Science | D17: =_xlfn.XLOOKUP(LessonLookup[[#This Row],[TopicID]],topics!I:I,topics!E:E) -> Y7.Science | E17: 7 | F17: B | G17: 2 | H17: 5 | I17: =IF(OR(LessonLookup[[#This Row],[TopicStage]]=7,LessonLookup[[#This Row],[TopicStage]]=8),_xlfn.CONCAT(LessonLookup[[#This Row],[TopicStage]],LessonLookup[[#This Row],[TopicSubjectCode]],LessonLookup[[#This Row],[Topic]]),IF(LessonLookup[[#This Row],[TopicStage]]="G",_xlfn.CONCAT(LessonLookup[[#This Row],[TopicSubjectCode]],LessonLookup[[#This Row],[Topic]]),IF(LessonLookup[[#This Row],[TopicStage]]="A",_xlfn.CONCAT(LessonLookup[[#This Row],[TopicStage]],LessonLookup[[#This Row],[TopicSubjectCode]],".",LessonLookup[[#This Row],[Topic]]),_xlfn.CONCAT(LessonLookup[[#This Row],[TopicStage]],".",LessonLookup[[#This Row],[TopicSubjectCode]],".",LessonLookup[[#This Row],[Topic]])))) -> 7B2 | J17: =IF(OR(LessonLookup[[#This Row],[TopicStage]]=7,LessonLookup[[#This Row],[TopicStage]]=8),_xlfn.CONCAT(LessonLookup[[#This Row],[TopicStage]],LessonLookup[[#This Row],[TopicSubjectCode]],LessonLookup[[#This Row],[Topic]],".",LessonLookup[[#This Row],[Lesson]]),IF(LessonLookup[[#This Row],[TopicStage]]="G",_xlfn.CONCAT(LessonLookup[[#This Row],[TopicSubjectCode]],LessonLookup[[#This Row],[Topic]],".",LessonLookup[[#This Row],[Lesson]]),IF(LessonLookup[[#This Row],[TopicStage]]="A",_xlfn.CONCAT(LessonLookup[[#This Row],[TopicStage]]&LessonLookup[[#This Row],[TopicSubjectCode]]&"."&LessonLookup[[#This Row],[Topic]]&"."&LessonLookup[[#This Row],[Lesson]]),_xlfn.CONCAT(LessonLookup[[#This Row],[TopicStage]],".",LessonLookup[[#This Row],[TopicSubjectCode]],LessonLookup[[#This Row],[Topic]],".",LessonLookup[[#This Row],[Lesson]])))) -> 7B2.5 | K17: =IF(LessonLookup[[#This Row],[LessonTitleAuto]]="",LessonLookup[[#This Row],[LessonTitleEnter]],LessonLookup[[#This Row],[LessonTitleAuto]]) -> Blood and the Circulatory system | L17: Blood and the Circulatory system | M17: Standard | N17: =COUNTIF(StatementLookup[LessonID],LessonLookup[[#This Row],[LessonID]]) -> 3 | O17: 1 | P17: Describe the parts of the blood and its journey through our bodies | Q17: Worksheets: 7Cb-1, 7Cb-3, 7Cb-6, 7Cb-7 | T17: =IF(ISERROR(_xlfn.XLOOKUP(LessonLookup[[#This Row],[TopicID]],TopicLookup[TopicID],TopicLookup[TopicTitle])),"",_xlfn.XLOOKUP(LessonLookup[[#This Row],[TopicID]],TopicLookup[TopicID],TopicLookup[TopicTitle])) -> Respiration And Circulation | U17: =IF(LessonLookup[[#This Row],[Lesson]]="R",_xlfn.CONCAT("Revision of topic "&LessonLookup[[#This Row],[TopicID]]&" "&LessonLookup[[#This Row],[TopicTitle]]),IF(LessonLookup[[#This Row],[Lesson]]="T",_xlfn.CONCAT("Topic test: "&LessonLookup[[#This Row],[TopicID]]&" "&LessonLookup[[#This Row],[TopicTitle]]), IF(LessonLookup[[#This Row],[Lesson]]="F",_xlfn.CONCAT("Test feedback: "&LessonLookup[[#This Row],[TopicID]]&" "&LessonLookup[[#This Row],[TopicTitle]]),"")))
A18: =_xlfn.XLOOKUP(LessonLookup[[#This Row],[TopicID]],TopicLookup[TopicID],TopicLookup[SyllabusSubject]) -> Science | B18: =_xlfn.XLOOKUP(LessonLookup[[#This Row],[TopicID]],TopicLookup[TopicID],TopicLookup[SyllabusKeyStage]) -> 3 | C18: =_xlfn.XLOOKUP(LessonLookup[[#This Row],[TopicID]],topics!I:I,topics!D:D) -> KS3.Science | D18: =_xlfn.XLOOKUP(LessonLookup[[#This Row],[TopicID]],topics!I:I,topics!E:E) -> Y7.Science | E18: 7 | F18: B | G18: 2 | H18: 6 | I18: =IF(OR(LessonLookup[[#This Row],[TopicStage]]=7,LessonLookup[[#This Row],[TopicStage]]=8),_xlfn.CONCAT(LessonLookup[[#This Row],[TopicStage]],LessonLookup[[#This Row],[TopicSubjectCode]],LessonLookup[[#This Row],[Topic]]),IF(LessonLookup[[#This Row],[TopicStage]]="G",_xlfn.CONCAT(LessonLookup[[#This Row],[TopicSubjectCode]],LessonLookup[[#This Row],[Topic]]),IF(LessonLookup[[#This Row],[TopicStage]]="A",_xlfn.CONCAT(LessonLookup[[#This Row],[TopicStage]],LessonLookup[[#This Row],[TopicSubjectCode]],".",LessonLookup[[#This Row],[Topic]]),_xlfn.CONCAT(LessonLookup[[#This Row],[TopicStage]],".",LessonLookup[[#This Row],[TopicSubjectCode]],".",LessonLookup[[#This Row],[Topic]])))) -> 7B2 | J18: =IF(OR(LessonLookup[[#This Row],[TopicStage]]=7,LessonLookup[[#This Row],[TopicStage]]=8),_xlfn.CONCAT(LessonLookup[[#This Row],[TopicStage]],LessonLookup[[#This Row],[TopicSubjectCode]],LessonLookup[[#This Row],[Topic]],".",LessonLookup[[#This Row],[Lesson]]),IF(LessonLookup[[#This Row],[TopicStage]]="G",_xlfn.CONCAT(LessonLookup[[#This Row],[TopicSubjectCode]],LessonLookup[[#This Row],[Topic]],".",LessonLookup[[#This Row],[Lesson]]),IF(LessonLookup[[#This Row],[TopicStage]]="A",_xlfn.CONCAT(LessonLookup[[#This Row],[TopicStage]]&LessonLookup[[#This Row],[TopicSubjectCode]]&"."&LessonLookup[[#This Row],[Topic]]&"."&LessonLookup[[#This Row],[Lesson]]),_xlfn.CONCAT(LessonLookup[[#This Row],[TopicStage]],".",LessonLookup[[#This Row],[TopicSubjectCode]],LessonLookup[[#This Row],[Topic]],".",LessonLookup[[#This Row],[Lesson]])))) -> 7B2.6 | K18: =IF(LessonLookup[[#This Row],[LessonTitleAuto]]="",LessonLookup[[#This Row],[LessonTitleEnter]],LessonLookup[[#This Row],[LessonTitleAuto]]) -> Gas exchange system | L18: Gas exchange system | M18: Standard | N18: =COUNTIF(StatementLookup[LessonID],LessonLookup[[#This Row],[LessonID]]) -> 3 | O18: 1 | P18: Describe how and where gas exchange occurs | Q18: Focus on how the alveoli are adapted for efficient gas exchange.Demo: Ink dropped into beaker of water to show diffusionWorksheets: 8Ca-1, 8Cc-4, 7Ca-1, 7Ca-6, 7Ca-8 | T18: =IF(ISERROR(_xlfn.XLOOKUP(LessonLookup[[#This Row],[TopicID]],TopicLookup[TopicID],TopicLookup[TopicTitle])),"",_xlfn.XLOOKUP(LessonLookup[[#This Row],[TopicID]],TopicLookup[TopicID],TopicLookup[TopicTitle])) -> Respiration And Circulation | U18: =IF(LessonLookup[[#This Row],[Lesson]]="R",_xlfn.CONCAT("Revision of topic "&LessonLookup[[#This Row],[TopicID]]&" "&LessonLookup[[#This Row],[TopicTitle]]),IF(LessonLookup[[#This Row],[Lesson]]="T",_xlfn.CONCAT("Topic test: "&LessonLookup[[#This Row],[TopicID]]&" "&LessonLookup[[#This Row],[TopicTitle]]), IF(LessonLookup[[#This Row],[Lesson]]="F",_xlfn.CONCAT("Test feedback: "&LessonLookup[[#This Row],[TopicID]]&" "&LessonLookup[[#This Row],[TopicTitle]]),"")))
A19: =_xlfn.XLOOKUP(LessonLookup[[#This Row],[TopicID]],TopicLookup[TopicID],TopicLookup[SyllabusSubject]) -> Science | B19: =_xlfn.XLOOKUP(LessonLookup[[#This Row],[TopicID]],TopicLookup[TopicID],TopicLookup[SyllabusKeyStage]) -> 3 | C19: =_xlfn.XLOOKUP(LessonLookup[[#This Row],[TopicID]],topics!I:I,topics!D:D) -> KS3.Science | D19: =_xlfn.XLOOKUP(LessonLookup[[#This Row],[TopicID]],topics!I:I,topics!E:E) -> Y7.Science | E19: 7 | F19: B | G19: 2 | H19: 7 | I19: =IF(OR(LessonLookup[[#This Row],[TopicStage]]=7,LessonLookup[[#This Row],[TopicStage]]=8),_xlfn.CONCAT(LessonLookup[[#This Row],[TopicStage]],LessonLookup[[#This Row],[TopicSubjectCode]],LessonLookup[[#This Row],[Topic]]),IF(LessonLookup[[#This Row],[TopicStage]]="G",_xlfn.CONCAT(LessonLookup[[#This Row],[TopicSubjectCode]],LessonLookup[[#This Row],[Topic]]),IF(LessonLookup[[#This Row],[TopicStage]]="A",_xlfn.CONCAT(LessonLookup[[#This Row],[TopicStage]],LessonLookup[[#This Row],[TopicSubjectCode]],".",LessonLookup[[#This Row],[Topic]]),_xlfn.CONCAT(LessonLookup[[#This Row],[TopicStage]],".",LessonLookup[[#This Row],[TopicSubjectCode]],".",LessonLookup[[#This Row],[Topic]])))) -> 7B2 | J19: =IF(OR(LessonLookup[[#This Row],[TopicStage]]=7,LessonLookup[[#This Row],[TopicStage]]=8),_xlfn.CONCAT(LessonLookup[[#This Row],[TopicStage]],LessonLookup[[#This Row],[TopicSubjectCode]],LessonLookup[[#This Row],[Topic]],".",LessonLookup[[#This Row],[Lesson]]),IF(LessonLookup[[#This Row],[TopicStage]]="G",_xlfn.CONCAT(LessonLookup[[#This Row],[TopicSubjectCode]],LessonLookup[[#This Row],[Topic]],".",LessonLookup[[#This Row],[Lesson]]),IF(LessonLookup[[#This Row],[TopicStage]]="A",_xlfn.CONCAT(LessonLookup[[#This Row],[TopicStage]]&LessonLookup[[#This Row],[TopicSubjectCode]]&"."&LessonLookup[[#This Row],[Topic]]&"."&LessonLookup[[#This Row],[Lesson]]),_xlfn.CONCAT(LessonLookup[[#This Row],[TopicStage]],".",LessonLookup[[#This Row],[TopicSubjectCode]],LessonLookup[[#This Row],[Topic]],".",LessonLookup[[#This Row],[Lesson]])))) -> 7B2.7 | K19: =IF(LessonLookup[[#This Row],[LessonTitleAuto]]="",LessonLookup[[#This Row],[LessonTitleEnter]],LessonLookup[[#This Row],[LessonTitleAuto]]) -> Effects of exercise | L19: Effects of exercise | M19: Standard | N19: =COUNTIF(StatementLookup[LessonID],LessonLookup[[#This Row],[LessonID]]) -> 3 | O19: 1 | P19: Describe how breathing rate and heart rate are affected by exercise | Q19: Focus on production of and removal of lactic acid from the body. Discuss oxygen debt.Class Practical: Stamina testing practical : 7Cb-3 How breathing rate and heart rate are affected by exercise. | T19: =IF(ISERROR(_xlfn.XLOOKUP(LessonLookup[[#This Row],[TopicID]],TopicLookup[TopicID],TopicLookup[TopicTitle])),"",_xlfn.XLOOKUP(LessonLookup[[#This Row],[TopicID]],TopicLookup[TopicID],TopicLookup[TopicTitle])) -> Respiration And Circulation | U19: =IF(LessonLookup[[#This Row],[Lesson]]="R",_xlfn.CONCAT("Revision of topic "&LessonLookup[[#This Row],[TopicID]]&" "&LessonLookup[[#This Row],[TopicTitle]]),IF(LessonLookup[[#This Row],[Lesson]]="T",_xlfn.CONCAT("Topic test: "&LessonLookup[[#This Row],[TopicID]]&" "&LessonLookup[[#This Row],[TopicTitle]]), IF(LessonLookup[[#This Row],[Lesson]]="F",_xlfn.CONCAT("Test feedback: "&LessonLookup[[#This Row],[TopicID]]&" "&LessonLookup[[#This Row],[TopicTitle]]),"")))
A20: =_xlfn.XLOOKUP(LessonLookup[[#This Row],[TopicID]],TopicLookup[TopicID],TopicLookup[SyllabusSubject]) -> Science | B20: =_xlfn.XLOOKUP(LessonLookup[[#This Row],[TopicID]],TopicLookup[TopicID],TopicLookup[SyllabusKeyStage]) -> 3 | C20: =_xlfn.XLOOKUP(LessonLookup[[#This Row],[TopicID]],topics!I:I,topics!D:D) -> KS3.Science | D20: =_xlfn.XLOOKUP(LessonLookup[[#This Row],[TopicID]],topics!I:I,topics!E:E) -> Y7.Science | E20: 7 | F20: B | G20: 2 | H20: F | I20: =IF(OR(LessonLookup[[#This Row],[TopicStage]]=7,LessonLookup[[#This Row],[TopicStage]]=8),_xlfn.CONCAT(LessonLookup[[#This Row],[TopicStage]],LessonLookup[[#This Row],[TopicSubjectCode]],LessonLookup[[#This Row],[Topic]]),IF(LessonLookup[[#This Row],[TopicStage]]="G",_xlfn.CONCAT(LessonLookup[[#This Row],[TopicSubjectCode]],LessonLookup[[#This Row],[Topic]]),IF(LessonLookup[[#This Row],[TopicStage]]="A",_xlfn.CONCAT(LessonLookup[[#This Row],[TopicStage]],LessonLookup[[#This Row],[TopicSubjectCode]],".",LessonLookup[[#This Row],[Topic]]),_xlfn.CONCAT(LessonLookup[[#This Row],[TopicStage]],".",LessonLookup[[#This Row],[TopicSubjectCode]],".",LessonLookup[[#This Row],[Topic]])))) -> 7B2 | J20: =IF(OR(LessonLookup[[#This Row],[TopicStage]]=7,LessonLookup[[#This Row],[TopicStage]]=8),_xlfn.CONCAT(LessonLookup[[#This Row],[TopicStage]],LessonLookup[[#This Row],[TopicSubjectCode]],LessonLookup[[#This Row],[Topic]],".",LessonLookup[[#This Row],[Lesson]]),IF(LessonLookup[[#This Row],[TopicStage]]="G",_xlfn.CONCAT(LessonLookup[[#This Row],[TopicSubjectCode]],LessonLookup[[#This Row],[Topic]],".",LessonLookup[[#This Row],[Lesson]]),IF(LessonLookup[[#This Row],[TopicStage]]="A",_xlfn.CONCAT(LessonLookup[[#This Row],[TopicStage]]&LessonLookup[[#This Row],[TopicSubjectCode]]&"."&LessonLookup[[#This Row],[Topic]]&"."&LessonLookup[[#This Row],[Lesson]]),_xlfn.CONCAT(LessonLookup[[#This Row],[TopicStage]],".",LessonLookup[[#This Row],[TopicSubjectCode]],LessonLookup[[#This Row],[Topic]],".",LessonLookup[[#This Row],[Lesson]])))) -> 7B2.F | K20: =IF(LessonLookup[[#This Row],[LessonTitleAuto]]="",LessonLookup[[#This Row],[LessonTitleEnter]],LessonLookup[[#This Row],[LessonTitleAuto]]) -> Test feedback: 7B2 Respiration And Circulation | L20: Null | M20: Feedback | N20: =COUNTIF(StatementLookup[LessonID],LessonLookup[[#This Row],[LessonID]]) -> 1 | O20: 1 | T20: =IF(ISERROR(_xlfn.XLOOKUP(LessonLookup[[#This Row],[TopicID]],TopicLookup[TopicID],TopicLookup[TopicTitle])),"",_xlfn.XLOOKUP(LessonLookup[[#This Row],[TopicID]],TopicLookup[TopicID],TopicLookup[TopicTitle])) -> Respiration And Circulation | U20: =IF(LessonLookup[[#This Row],[Lesson]]="R",_xlfn.CONCAT("Revision of topic "&LessonLookup[[#This Row],[TopicID]]&" "&LessonLookup[[#This Row],[TopicTitle]]),IF(LessonLookup[[#This Row],[Lesson]]="T",_xlfn.CONCAT("Topic test: "&LessonLookup[[#This Row],[TopicID]]&" "&LessonLookup[[#This Row],[TopicTitle]]), IF(LessonLookup[[#This Row],[Lesson]]="F",_xlfn.CONCAT("Test feedback: "&LessonLookup[[#This Row],[TopicID]]&" "&LessonLookup[[#This Row],[TopicTitle]]),""))) -> Test feedback: 7B2 Respiration And Circulation
A21: =_xlfn.XLOOKUP(LessonLookup[[#This Row],[TopicID]],TopicLookup[TopicID],TopicLookup[SyllabusSubject]) -> Science | B21: =_xlfn.XLOOKUP(LessonLookup[[#This Row],[TopicID]],TopicLookup[TopicID],TopicLookup[SyllabusKeyStage]) -> 3 | C21: =_xlfn.XLOOKUP(LessonLookup[[#This Row],[TopicID]],topics!I:I,topics!D:D) -> KS3.Science | D21: =_xlfn.XLOOKUP(LessonLookup[[#This Row],[TopicID]],topics!I:I,topics!E:E) -> Y7.Science | E21: 7 | F21: B | G21: 2 | H21: R | I21: =IF(OR(LessonLookup[[#This Row],[TopicStage]]=7,LessonLookup[[#This Row],[TopicStage]]=8),_xlfn.CONCAT(LessonLookup[[#This Row],[TopicStage]],LessonLookup[[#This Row],[TopicSubjectCode]],LessonLookup[[#This Row],[Topic]]),IF(LessonLookup[[#This Row],[TopicStage]]="G",_xlfn.CONCAT(LessonLookup[[#This Row],[TopicSubjectCode]],LessonLookup[[#This Row],[Topic]]),IF(LessonLookup[[#This Row],[TopicStage]]="A",_xlfn.CONCAT(LessonLookup[[#This Row],[TopicStage]],LessonLookup[[#This Row],[TopicSubjectCode]],".",LessonLookup[[#This Row],[Topic]]),_xlfn.CONCAT(LessonLookup[[#This Row],[TopicStage]],".",LessonLookup[[#This Row],[TopicSubjectCode]],".",LessonLookup[[#This Row],[Topic]])))) -> 7B2 | J21: =IF(OR(LessonLookup[[#This Row],[TopicStage]]=7,LessonLookup[[#This Row],[TopicStage]]=8),_xlfn.CONCAT(LessonLookup[[#This Row],[TopicStage]],LessonLookup[[#This Row],[TopicSubjectCode]],LessonLookup[[#This Row],[Topic]],".",LessonLookup[[#This Row],[Lesson]]),IF(LessonLookup[[#This Row],[TopicStage]]="G",_xlfn.CONCAT(LessonLookup[[#This Row],[TopicSubjectCode]],LessonLookup[[#This Row],[Topic]],".",LessonLookup[[#This Row],[Lesson]]),IF(LessonLookup[[#This Row],[TopicStage]]="A",_xlfn.CONCAT(LessonLookup[[#This Row],[TopicStage]]&LessonLookup[[#This Row],[TopicSubjectCode]]&"."&LessonLookup[[#This Row],[Topic]]&"."&LessonLookup[[#This Row],[Lesson]]),_xlfn.CONCAT(LessonLookup[[#This Row],[TopicStage]],".",LessonLookup[[#This Row],[TopicSubjectCode]],LessonLookup[[#This Row],[Topic]],".",LessonLookup[[#This Row],[Lesson]])))) -> 7B2.R | K21: =IF(LessonLookup[[#This Row],[LessonTitleAuto]]="",LessonLookup[[#This Row],[LessonTitleEnter]],LessonLookup[[#This Row],[LessonTitleAuto]]) -> Revision of topic 7B2 Respiration And Circulation | L21: Null | M21: Review | N21: =COUNTIF(StatementLookup[LessonID],LessonLookup[[#This Row],[LessonID]]) -> 1 | O21: 1 | T21: =IF(ISERROR(_xlfn.XLOOKUP(LessonLookup[[#This Row],[TopicID]],TopicLookup[TopicID],TopicLookup[TopicTitle])),"",_xlfn.XLOOKUP(LessonLookup[[#This Row],[TopicID]],TopicLookup[TopicID],TopicLookup[TopicTitle])) -> Respiration And Circulation | U21: =IF(LessonLookup[[#This Row],[Lesson]]="R",_xlfn.CONCAT("Revision of topic "&LessonLookup[[#This Row],[TopicID]]&" "&LessonLookup[[#This Row],[TopicTitle]]),IF(LessonLookup[[#This Row],[Lesson]]="T",_xlfn.CONCAT("Topic test: "&LessonLookup[[#This Row],[TopicID]]&" "&LessonLookup[[#This Row],[TopicTitle]]), IF(LessonLookup[[#This Row],[Lesson]]="F",_xlfn.CONCAT("Test feedback: "&LessonLookup[[#This Row],[TopicID]]&" "&LessonLookup[[#This Row],[TopicTitle]]),""))) -> Revision of topic 7B2 Respiration And Circulation
A22: =_xlfn.XLOOKUP(LessonLookup[[#This Row],[TopicID]],TopicLookup[TopicID],TopicLookup[SyllabusSubject]) -> Science | B22: =_xlfn.XLOOKUP(LessonLookup[[#This Row],[TopicID]],TopicLookup[TopicID],TopicLookup[SyllabusKeyStage]) -> 3 | C22: =_xlfn.XLOOKUP(LessonLookup[[#This Row],[TopicID]],topics!I:I,topics!D:D) -> KS3.Science | D22: =_xlfn.XLOOKUP(LessonLookup[[#This Row],[TopicID]],topics!I:I,topics!E:E) -> Y7.Science | E22: 7 | F22: B | G22: 2 | H22: T | I22: =IF(OR(LessonLookup[[#This Row],[TopicStage]]=7,LessonLookup[[#This Row],[TopicStage]]=8),_xlfn.CONCAT(LessonLookup[[#This Row],[TopicStage]],LessonLookup[[#This Row],[TopicSubjectCode]],LessonLookup[[#This Row],[Topic]]),IF(LessonLookup[[#This Row],[TopicStage]]="G",_xlfn.CONCAT(LessonLookup[[#This Row],[TopicSubjectCode]],LessonLookup[[#This Row],[Topic]]),IF(LessonLookup[[#This Row],[TopicStage]]="A",_xlfn.CONCAT(LessonLookup[[#This Row],[TopicStage]],LessonLookup[[#This Row],[TopicSubjectCode]],".",LessonLookup[[#This Row],[Topic]]),_xlfn.CONCAT(LessonLookup[[#This Row],[TopicStage]],".",LessonLookup[[#This Row],[TopicSubjectCode]],".",LessonLookup[[#This Row],[Topic]])))) -> 7B2 | J22: =IF(OR(LessonLookup[[#This Row],[TopicStage]]=7,LessonLookup[[#This Row],[TopicStage]]=8),_xlfn.CONCAT(LessonLookup[[#This Row],[TopicStage]],LessonLookup[[#This Row],[TopicSubjectCode]],LessonLookup[[#This Row],[Topic]],".",LessonLookup[[#This Row],[Lesson]]),IF(LessonLookup[[#This Row],[TopicStage]]="G",_xlfn.CONCAT(LessonLookup[[#This Row],[TopicSubjectCode]],LessonLookup[[#This Row],[Topic]],".",LessonLookup[[#This Row],[Lesson]]),IF(LessonLookup[[#This Row],[TopicStage]]="A",_xlfn.CONCAT(LessonLookup[[#This Row],[TopicStage]]&LessonLookup[[#This Row],[TopicSubjectCode]]&"."&LessonLookup[[#This Row],[Topic]]&"."&LessonLookup[[#This Row],[Lesson]]),_xlfn.CONCAT(LessonLookup[[#This Row],[TopicStage]],".",LessonLookup[[#This Row],[TopicSubjectCode]],LessonLookup[[#This Row],[Topic]],".",LessonLookup[[#This Row],[Lesson]])))) -> 7B2.T | K22: =IF(LessonLookup[[#This Row],[LessonTitleAuto]]="",LessonLookup[[#This Row],[LessonTitleEnter]],LessonLookup[[#This Row],[LessonTitleAuto]]) -> Topic test: 7B2 Respiration And Circulation | L22: Null | M22: Assessment | N22: =COUNTIF(StatementLookup[LessonID],LessonLookup[[#This Row],[LessonID]]) -> 1 | O22: 1 | T22: =IF(ISERROR(_xlfn.XLOOKUP(LessonLookup[[#This Row],[TopicID]],TopicLookup[TopicID],TopicLookup[TopicTitle])),"",_xlfn.XLOOKUP(LessonLookup[[#This Row],[TopicID]],TopicLookup[TopicID],TopicLookup[TopicTitle])) -> Respiration And Circulation | U22: =IF(LessonLookup[[#This Row],[Lesson]]="R",_xlfn.CONCAT("Revision of topic "&LessonLookup[[#This Row],[TopicID]]&" "&LessonLookup[[#This Row],[TopicTitle]]),IF(LessonLookup[[#This Row],[Lesson]]="T",_xlfn.CONCAT("Topic test: "&LessonLookup[[#This Row],[TopicID]]&" "&LessonLookup[[#This Row],[TopicTitle]]), IF(LessonLookup[[#This Row],[Lesson]]="F",_xlfn.CONCAT("Test feedback: "&LessonLookup[[#This Row],[TopicID]]&" "&LessonLookup[[#This Row],[TopicTitle]]),""))) -> Topic test: 7B2 Respiration And Circulation
A23: =_xlfn.XLOOKUP(LessonLookup[[#This Row],[TopicID]],TopicLookup[TopicID],TopicLookup[SyllabusSubject]) -> Science | B23: =_xlfn.XLOOKUP(LessonLookup[[#This Row],[TopicID]],TopicLookup[TopicID],TopicLookup[SyllabusKeyStage]) -> 3 | C23: =_xlfn.XLOOKUP(LessonLookup[[#This Row],[TopicID]],topics!I:I,topics!D:D) -> KS3.Science | D23: =_xlfn.XLOOKUP(LessonLookup[[#This Row],[TopicID]],topics!I:I,topics!E:E) -> Y7.Science | E23: 7 | F23: B | G23: 3 | H23: 1 | I23: =IF(OR(LessonLookup[[#This Row],[TopicStage]]=7,LessonLookup[[#This Row],[TopicStage]]=8),_xlfn.CONCAT(LessonLookup[[#This Row],[TopicStage]],LessonLookup[[#This Row],[TopicSubjectCode]],LessonLookup[[#This Row],[Topic]]),IF(LessonLookup[[#This Row],[TopicStage]]="G",_xlfn.CONCAT(LessonLookup[[#This Row],[TopicSubjectCode]],LessonLookup[[#This Row],[Topic]]),IF(LessonLookup[[#This Row],[TopicStage]]="A",_xlfn.CONCAT(LessonLookup[[#This Row],[TopicStage]],LessonLookup[[#This Row],[TopicSubjectCode]],".",LessonLookup[[#This Row],[Topic]]),_xlfn.CONCAT(LessonLookup[[#This Row],[TopicStage]],".",LessonLookup[[#This Row],[TopicSubjectCode]],".",LessonLookup[[#This Row],[Topic]])))) -> 7B3 | J23: =IF(OR(LessonLookup[[#This Row],[TopicStage]]=7,LessonLookup[[#This Row],[TopicStage]]=8),_xlfn.CONCAT(LessonLookup[[#This Row],[TopicStage]],LessonLookup[[#This Row],[TopicSubjectCode]],LessonLookup[[#This Row],[Topic]],".",LessonLookup[[#This Row],[Lesson]]),IF(LessonLookup[[#This Row],[TopicStage]]="G",_xlfn.CONCAT(LessonLookup[[#This Row],[TopicSubjectCode]],LessonLookup[[#This Row],[Topic]],".",LessonLookup[[#This Row],[Lesson]]),IF(LessonLookup[[#This Row],[TopicStage]]="A",_xlfn.CONCAT(LessonLookup[[#This Row],[TopicStage]]&LessonLookup[[#This Row],[TopicSubjectCode]]&"."&LessonLookup[[#This Row],[Topic]]&"."&LessonLookup[[#This Row],[Lesson]]),_xlfn.CONCAT(LessonLookup[[#This Row],[TopicStage]],".",LessonLookup[[#This Row],[TopicSubjectCode]],LessonLookup[[#This Row],[Topic]],".",LessonLookup[[#This Row],[Lesson]])))) -> 7B3.1 | K23: =IF(LessonLookup[[#This Row],[LessonTitleAuto]]="",LessonLookup[[#This Row],[LessonTitleEnter]],LessonLookup[[#This Row],[LessonTitleAuto]]) -> Variation | L23: Variation | M23: Standard | N23: =COUNTIF(StatementLookup[LessonID],LessonLookup[[#This Row],[LessonID]]) -> 3 | O23: 1 | P23: Describe continuous and discontinuous variation | Q23: Discussion: Make a list of many ways that humans vary as possibly. Ask students how they would measure each one.Class Prac: Draw up tables of class height and class eye colour. Draw appropriate graphs. Use graphs to highlight the difference between continuous and discontinuous variation. (Note: discrete and continuous data was covered in 7C1, check which data was graphed and pick different variables here)Plenary: Worksheets: 7Da-6, 7Da-7 | T23: =IF(ISERROR(_xlfn.XLOOKUP(LessonLookup[[#This Row],[TopicID]],TopicLookup[TopicID],TopicLookup[TopicTitle])),"",_xlfn.XLOOKUP(LessonLookup[[#This Row],[TopicID]],TopicLookup[TopicID],TopicLookup[TopicTitle])) -> Variation | U23: =IF(LessonLookup[[#This Row],[Lesson]]="R",_xlfn.CONCAT("Revision of topic "&LessonLookup[[#This Row],[TopicID]]&" "&LessonLookup[[#This Row],[TopicTitle]]),IF(LessonLookup[[#This Row],[Lesson]]="T",_xlfn.CONCAT("Topic test: "&LessonLookup[[#This Row],[TopicID]]&" "&LessonLookup[[#This Row],[TopicTitle]]), IF(LessonLookup[[#This Row],[Lesson]]="F",_xlfn.CONCAT("Test feedback: "&LessonLookup[[#This Row],[TopicID]]&" "&LessonLookup[[#This Row],[TopicTitle]]),"")))
A24: =_xlfn.XLOOKUP(LessonLookup[[#This Row],[TopicID]],TopicLookup[TopicID],TopicLookup[SyllabusSubject]) -> Science | B24: =_xlfn.XLOOKUP(LessonLookup[[#This Row],[TopicID]],TopicLookup[TopicID],TopicLookup[SyllabusKeyStage]) -> 3 | C24: =_xlfn.XLOOKUP(LessonLookup[[#This Row],[TopicID]],topics!I:I,topics!D:D) -> KS3.Science | D24: =_xlfn.XLOOKUP(LessonLookup[[#This Row],[TopicID]],topics!I:I,topics!E:E) -> Y7.Science | E24: 7 | F24: B | G24: 3 | H24: 2 | I24: =IF(OR(LessonLookup[[#This Row],[TopicStage]]=7,LessonLookup[[#This Row],[TopicStage]]=8),_xlfn.CONCAT(LessonLookup[[#This Row],[TopicStage]],LessonLookup[[#This Row],[TopicSubjectCode]],LessonLookup[[#This Row],[Topic]]),IF(LessonLookup[[#This Row],[TopicStage]]="G",_xlfn.CONCAT(LessonLookup[[#This Row],[TopicSubjectCode]],LessonLookup[[#This Row],[Topic]]),IF(LessonLookup[[#This Row],[TopicStage]]="A",_xlfn.CONCAT(LessonLookup[[#This Row],[TopicStage]],LessonLookup[[#This Row],[TopicSubjectCode]],".",LessonLookup[[#This Row],[Topic]]),_xlfn.CONCAT(LessonLookup[[#This Row],[TopicStage]],".",LessonLookup[[#This Row],[TopicSubjectCode]],".",LessonLookup[[#This Row],[Topic]])))) -> 7B3 | J24: =IF(OR(LessonLookup[[#This Row],[TopicStage]]=7,LessonLookup[[#This Row],[TopicStage]]=8),_xlfn.CONCAT(LessonLookup[[#This Row],[TopicStage]],LessonLookup[[#This Row],[TopicSubjectCode]],LessonLookup[[#This Row],[Topic]],".",LessonLookup[[#This Row],[Lesson]]),IF(LessonLookup[[#This Row],[TopicStage]]="G",_xlfn.CONCAT(LessonLookup[[#This Row],[TopicSubjectCode]],LessonLookup[[#This Row],[Topic]],".",LessonLookup[[#This Row],[Lesson]]),IF(LessonLookup[[#This Row],[TopicStage]]="A",_xlfn.CONCAT(LessonLookup[[#This Row],[TopicStage]]&LessonLookup[[#This Row],[TopicSubjectCode]]&"."&LessonLookup[[#This Row],[Topic]]&"."&LessonLookup[[#This Row],[Lesson]]),_xlfn.CONCAT(LessonLookup[[#This Row],[TopicStage]],".",LessonLookup[[#This Row],[TopicSubjectCode]],LessonLookup[[#This Row],[Topic]],".",LessonLookup[[#This Row],[Lesson]])))) -> 7B3.2 | K24: =IF(LessonLookup[[#This Row],[LessonTitleAuto]]="",LessonLookup[[#This Row],[LessonTitleEnter]],LessonLookup[[#This Row],[LessonTitleAuto]]) -> Habitats and ecosystems | L24: Habitats and ecosystems | M24: Standard | N24: =COUNTIF(StatementLookup[LessonID],LessonLookup[[#This Row],[LessonID]]) -> 3 | O24: 1 | P24: Describe different ecosystems and habitats | Q24: Class Discussion: Give each group a different habitat 1) Describe physical environmental factors 2) Discuss how factors will change in their habitat at different times of day and in different seasons3) Compare with other groups4) Why do the different habitats support different organisms? | T24: =IF(ISERROR(_xlfn.XLOOKUP(LessonLookup[[#This Row],[TopicID]],TopicLookup[TopicID],TopicLookup[TopicTitle])),"",_xlfn.XLOOKUP(LessonLookup[[#This Row],[TopicID]],TopicLookup[TopicID],TopicLookup[TopicTitle])) -> Variation | U24: =IF(LessonLookup[[#This Row],[Lesson]]="R",_xlfn.CONCAT("Revision of topic "&LessonLookup[[#This Row],[TopicID]]&" "&LessonLookup[[#This Row],[TopicTitle]]),IF(LessonLookup[[#This Row],[Lesson]]="T",_xlfn.CONCAT("Topic test: "&LessonLookup[[#This Row],[TopicID]]&" "&LessonLookup[[#This Row],[TopicTitle]]), IF(LessonLookup[[#This Row],[Lesson]]="F",_xlfn.CONCAT("Test feedback: "&LessonLookup[[#This Row],[TopicID]]&" "&LessonLookup[[#This Row],[TopicTitle]]),"")))
A25: =_xlfn.XLOOKUP(LessonLookup[[#This Row],[TopicID]],TopicLookup[TopicID],TopicLookup[SyllabusSubject]) -> Science | B25: =_xlfn.XLOOKUP(LessonLookup[[#This Row],[TopicID]],TopicLookup[TopicID],TopicLookup[SyllabusKeyStage]) -> 3 | C25: =_xlfn.XLOOKUP(LessonLookup[[#This Row],[TopicID]],topics!I:I,topics!D:D) -> KS3.Science | D25: =_xlfn.XLOOKUP(LessonLookup[[#This Row],[TopicID]],topics!I:I,topics!E:E) -> Y7.Science | E25: 7 | F25: B | G25: 3 | H25: 3 | I25: =IF(OR(LessonLookup[[#This Row],[TopicStage]]=7,LessonLookup[[#This Row],[TopicStage]]=8),_xlfn.CONCAT(LessonLookup[[#This Row],[TopicStage]],LessonLookup[[#This Row],[TopicSubjectCode]],LessonLookup[[#This Row],[Topic]]),IF(LessonLookup[[#This Row],[TopicStage]]="G",_xlfn.CONCAT(LessonLookup[[#This Row],[TopicSubjectCode]],LessonLookup[[#This Row],[Topic]]),IF(LessonLookup[[#This Row],[TopicStage]]="A",_xlfn.CONCAT(LessonLookup[[#This Row],[TopicStage]],LessonLookup[[#This Row],[TopicSubjectCode]],".",LessonLookup[[#This Row],[Topic]]),_xlfn.CONCAT(LessonLookup[[#This Row],[TopicStage]],".",LessonLookup[[#This Row],[TopicSubjectCode]],".",LessonLookup[[#This Row],[Topic]])))) -> 7B3 | J25: =IF(OR(LessonLookup[[#This Row],[TopicStage]]=7,LessonLookup[[#This Row],[TopicStage]]=8),_xlfn.CONCAT(LessonLookup[[#This Row],[TopicStage]],LessonLookup[[#This Row],[TopicSubjectCode]],LessonLookup[[#This Row],[Topic]],".",LessonLookup[[#This Row],[Lesson]]),IF(LessonLookup[[#This Row],[TopicStage]]="G",_xlfn.CONCAT(LessonLookup[[#This Row],[TopicSubjectCode]],LessonLookup[[#This Row],[Topic]],".",LessonLookup[[#This Row],[Lesson]]),IF(LessonLookup[[#This Row],[TopicStage]]="A",_xlfn.CONCAT(LessonLookup[[#This Row],[TopicStage]]&LessonLookup[[#This Row],[TopicSubjectCode]]&"."&LessonLookup[[#This Row],[Topic]]&"."&LessonLookup[[#This Row],[Lesson]]),_xlfn.CONCAT(LessonLookup[[#This Row],[TopicStage]],".",LessonLookup[[#This Row],[TopicSubjectCode]],LessonLookup[[#This Row],[Topic]],".",LessonLookup[[#This Row],[Lesson]])))) -> 7B3.3 | K25: =IF(LessonLookup[[#This Row],[LessonTitleAuto]]="",LessonLookup[[#This Row],[LessonTitleEnter]],LessonLookup[[#This Row],[LessonTitleAuto]]) -> Adaptations | L25: Adaptations | M25: Standard | N25: =COUNTIF(StatementLookup[LessonID],LessonLookup[[#This Row],[LessonID]]) -> 3 | O25: 1 | P25: Explain how and why animals are adapted to their environment | Q25: Class Discussion: Match the organism to its habitat. Categorize habitats and organisms (cold, hot, dry, wet) Identify similarities between organisms. Link to survivalClass Prac: Woodlice choice chambersWorksheets: 7Db-5 | T25: =IF(ISERROR(_xlfn.XLOOKUP(LessonLookup[[#This Row],[TopicID]],TopicLookup[TopicID],TopicLookup[TopicTitle])),"",_xlfn.XLOOKUP(LessonLookup[[#This Row],[TopicID]],TopicLookup[TopicID],TopicLookup[TopicTitle])) -> Variation | U25: =IF(LessonLookup[[#This Row],[Lesson]]="R",_xlfn.CONCAT("Revision of topic "&LessonLookup[[#This Row],[TopicID]]&" "&LessonLookup[[#This Row],[TopicTitle]]),IF(LessonLookup[[#This Row],[Lesson]]="T",_xlfn.CONCAT("Topic test: "&LessonLookup[[#This Row],[TopicID]]&" "&LessonLookup[[#This Row],[TopicTitle]]), IF(LessonLookup[[#This Row],[Lesson]]="F",_xlfn.CONCAT("Test feedback: "&LessonLookup[[#This Row],[TopicID]]&" "&LessonLookup[[#This Row],[TopicTitle]]),"")))
A26: =_xlfn.XLOOKUP(LessonLookup[[#This Row],[TopicID]],TopicLookup[TopicID],TopicLookup[SyllabusSubject]) -> Science | B26: =_xlfn.XLOOKUP(LessonLookup[[#This Row],[TopicID]],TopicLookup[TopicID],TopicLookup[SyllabusKeyStage]) -> 3 | C26: =_xlfn.XLOOKUP(LessonLookup[[#This Row],[TopicID]],topics!I:I,topics!D:D) -> KS3.Science | D26: =_xlfn.XLOOKUP(LessonLookup[[#This Row],[TopicID]],topics!I:I,topics!E:E) -> Y7.Science | E26: 7 | F26: B | G26: 3 | H26: 4 | I26: =IF(OR(LessonLookup[[#This Row],[TopicStage]]=7,LessonLookup[[#This Row],[TopicStage]]=8),_xlfn.CONCAT(LessonLookup[[#This Row],[TopicStage]],LessonLookup[[#This Row],[TopicSubjectCode]],LessonLookup[[#This Row],[Topic]]),IF(LessonLookup[[#This Row],[TopicStage]]="G",_xlfn.CONCAT(LessonLookup[[#This Row],[TopicSubjectCode]],LessonLookup[[#This Row],[Topic]]),IF(LessonLookup[[#This Row],[TopicStage]]="A",_xlfn.CONCAT(LessonLookup[[#This Row],[TopicStage]],LessonLookup[[#This Row],[TopicSubjectCode]],".",LessonLookup[[#This Row],[Topic]]),_xlfn.CONCAT(LessonLookup[[#This Row],[TopicStage]],".",LessonLookup[[#This Row],[TopicSubjectCode]],".",LessonLookup[[#This Row],[Topic]])))) -> 7B3 | J26: =IF(OR(LessonLookup[[#This Row],[TopicStage]]=7,LessonLookup[[#This Row],[TopicStage]]=8),_xlfn.CONCAT(LessonLookup[[#This Row],[TopicStage]],LessonLookup[[#This Row],[TopicSubjectCode]],LessonLookup[[#This Row],[Topic]],".",LessonLookup[[#This Row],[Lesson]]),IF(LessonLookup[[#This Row],[TopicStage]]="G",_xlfn.CONCAT(LessonLookup[[#This Row],[TopicSubjectCode]],LessonLookup[[#This Row],[Topic]],".",LessonLookup[[#This Row],[Lesson]]),IF(LessonLookup[[#This Row],[TopicStage]]="A",_xlfn.CONCAT(LessonLookup[[#This Row],[TopicStage]]&LessonLookup[[#This Row],[TopicSubjectCode]]&"."&LessonLookup[[#This Row],[Topic]]&"."&LessonLookup[[#This Row],[Lesson]]),_xlfn.CONCAT(LessonLookup[[#This Row],[TopicStage]],".",LessonLookup[[#This Row],[TopicSubjectCode]],LessonLookup[[#This Row],[Topic]],".",LessonLookup[[#This Row],[Lesson]])))) -> 7B3.4 | K26: =IF(LessonLookup[[#This Row],[LessonTitleAuto]]="",LessonLookup[[#This Row],[LessonTitleEnter]],LessonLookup[[#This Row],[LessonTitleAuto]]) -> Food chains and Food webs | L26: Food chains and Food webs | M26: Standard | N26: =COUNTIF(StatementLookup[LessonID],LessonLookup[[#This Row],[LessonID]]) -> 3 | O26: 2 | P26: Create and explain the parts of a food chain and a food web | Q26: Focus on activities and food chains/webs which allow pupils to build key word glossaries for feeding terms Worksheet: 7Dd-5 | T26: =IF(ISERROR(_xlfn.XLOOKUP(LessonLookup[[#This Row],[TopicID]],TopicLookup[TopicID],TopicLookup[TopicTitle])),"",_xlfn.XLOOKUP(LessonLookup[[#This Row],[TopicID]],TopicLookup[TopicID],TopicLookup[TopicTitle])) -> Variation | U26: =IF(LessonLookup[[#This Row],[Lesson]]="R",_xlfn.CONCAT("Revision of topic "&LessonLookup[[#This Row],[TopicID]]&" "&LessonLookup[[#This Row],[TopicTitle]]),IF(LessonLookup[[#This Row],[Lesson]]="T",_xlfn.CONCAT("Topic test: "&LessonLookup[[#This Row],[TopicID]]&" "&LessonLookup[[#This Row],[TopicTitle]]), IF(LessonLookup[[#This Row],[Lesson]]="F",_xlfn.CONCAT("Test feedback: "&LessonLookup[[#This Row],[TopicID]]&" "&LessonLookup[[#This Row],[TopicTitle]]),"")))
A27: =_xlfn.XLOOKUP(LessonLookup[[#This Row],[TopicID]],TopicLookup[TopicID],TopicLookup[SyllabusSubject]) -> Science | B27: =_xlfn.XLOOKUP(LessonLookup[[#This Row],[TopicID]],TopicLookup[TopicID],TopicLookup[SyllabusKeyStage]) -> 3 | C27: =_xlfn.XLOOKUP(LessonLookup[[#This Row],[TopicID]],topics!I:I,topics!D:D) -> KS3.Science | D27: =_xlfn.XLOOKUP(LessonLookup[[#This Row],[TopicID]],topics!I:I,topics!E:E) -> Y7.Science | E27: 7 | F27: B | G27: 3 | H27: 5 | I27: =IF(OR(LessonLookup[[#This Row],[TopicStage]]=7,LessonLookup[[#This Row],[TopicStage]]=8),_xlfn.CONCAT(LessonLookup[[#This Row],[TopicStage]],LessonLookup[[#This Row],[TopicSubjectCode]],LessonLookup[[#This Row],[Topic]]),IF(LessonLookup[[#This Row],[TopicStage]]="G",_xlfn.CONCAT(LessonLookup[[#This Row],[TopicSubjectCode]],LessonLookup[[#This Row],[Topic]]),IF(LessonLookup[[#This Row],[TopicStage]]="A",_xlfn.CONCAT(LessonLookup[[#This Row],[TopicStage]],LessonLookup[[#This Row],[TopicSubjectCode]],".",LessonLookup[[#This Row],[Topic]]),_xlfn.CONCAT(LessonLookup[[#This Row],[TopicStage]],".",LessonLookup[[#This Row],[TopicSubjectCode]],".",LessonLookup[[#This Row],[Topic]])))) -> 7B3 | J27: =IF(OR(LessonLookup[[#This Row],[TopicStage]]=7,LessonLookup[[#This Row],[TopicStage]]=8),_xlfn.CONCAT(LessonLookup[[#This Row],[TopicStage]],LessonLookup[[#This Row],[TopicSubjectCode]],LessonLookup[[#This Row],[Topic]],".",LessonLookup[[#This Row],[Lesson]]),IF(LessonLookup[[#This Row],[TopicStage]]="G",_xlfn.CONCAT(LessonLookup[[#This Row],[TopicSubjectCode]],LessonLookup[[#This Row],[Topic]],".",LessonLookup[[#This Row],[Lesson]]),IF(LessonLookup[[#This Row],[TopicStage]]="A",_xlfn.CONCAT(LessonLookup[[#This Row],[TopicStage]]&LessonLookup[[#This Row],[TopicSubjectCode]]&"."&LessonLookup[[#This Row],[Topic]]&"."&LessonLookup[[#This Row],[Lesson]]),_xlfn.CONCAT(LessonLookup[[#This Row],[TopicStage]],".",LessonLookup[[#This Row],[TopicSubjectCode]],LessonLookup[[#This Row],[Topic]],".",LessonLookup[[#This Row],[Lesson]])))) -> 7B3.5 | K27: =IF(LessonLookup[[#This Row],[LessonTitleAuto]]="",LessonLookup[[#This Row],[LessonTitleEnter]],LessonLookup[[#This Row],[LessonTitleAuto]]) -> Pyramids of numbers and biomass | L27: Pyramids of numbers and biomass | M27: Standard | N27: =COUNTIF(StatementLookup[LessonID],LessonLookup[[#This Row],[LessonID]]) -> 3 | O27: 1 | P27: Compare pyramids of number and pyramids of biomass | Q27: Ensure that pupils can work between food chains, food webs, pyramids of numbers and of biomass and understand the links between these.Worksheet: 7De-7, 8De-9 | T27: =IF(ISERROR(_xlfn.XLOOKUP(LessonLookup[[#This Row],[TopicID]],TopicLookup[TopicID],TopicLookup[TopicTitle])),"",_xlfn.XLOOKUP(LessonLookup[[#This Row],[TopicID]],TopicLookup[TopicID],TopicLookup[TopicTitle])) -> Variation | U27: =IF(LessonLookup[[#This Row],[Lesson]]="R",_xlfn.CONCAT("Revision of topic "&LessonLookup[[#This Row],[TopicID]]&" "&LessonLookup[[#This Row],[TopicTitle]]),IF(LessonLookup[[#This Row],[Lesson]]="T",_xlfn.CONCAT("Topic test: "&LessonLookup[[#This Row],[TopicID]]&" "&LessonLookup[[#This Row],[TopicTitle]]), IF(LessonLookup[[#This Row],[Lesson]]="F",_xlfn.CONCAT("Test feedback: "&LessonLookup[[#This Row],[TopicID]]&" "&LessonLookup[[#This Row],[TopicTitle]]),"")))
A28: =_xlfn.XLOOKUP(LessonLookup[[#This Row],[TopicID]],TopicLookup[TopicID],TopicLookup[SyllabusSubject]) -> Science | B28: =_xlfn.XLOOKUP(LessonLookup[[#This Row],[TopicID]],TopicLookup[TopicID],TopicLookup[SyllabusKeyStage]) -> 3 | C28: =_xlfn.XLOOKUP(LessonLookup[[#This Row],[TopicID]],topics!I:I,topics!D:D) -> KS3.Science | D28: =_xlfn.XLOOKUP(LessonLookup[[#This Row],[TopicID]],topics!I:I,topics!E:E) -> Y7.Science | E28: 7 | F28: B | G28: 3 | H28: 6 | I28: =IF(OR(LessonLookup[[#This Row],[TopicStage]]=7,LessonLookup[[#This Row],[TopicStage]]=8),_xlfn.CONCAT(LessonLookup[[#This Row],[TopicStage]],LessonLookup[[#This Row],[TopicSubjectCode]],LessonLookup[[#This Row],[Topic]]),IF(LessonLookup[[#This Row],[TopicStage]]="G",_xlfn.CONCAT(LessonLookup[[#This Row],[TopicSubjectCode]],LessonLookup[[#This Row],[Topic]]),IF(LessonLookup[[#This Row],[TopicStage]]="A",_xlfn.CONCAT(LessonLookup[[#This Row],[TopicStage]],LessonLookup[[#This Row],[TopicSubjectCode]],".",LessonLookup[[#This Row],[Topic]]),_xlfn.CONCAT(LessonLookup[[#This Row],[TopicStage]],".",LessonLookup[[#This Row],[TopicSubjectCode]],".",LessonLookup[[#This Row],[Topic]])))) -> 7B3 | J28: =IF(OR(LessonLookup[[#This Row],[TopicStage]]=7,LessonLookup[[#This Row],[TopicStage]]=8),_xlfn.CONCAT(LessonLookup[[#This Row],[TopicStage]],LessonLookup[[#This Row],[TopicSubjectCode]],LessonLookup[[#This Row],[Topic]],".",LessonLookup[[#This Row],[Lesson]]),IF(LessonLookup[[#This Row],[TopicStage]]="G",_xlfn.CONCAT(LessonLookup[[#This Row],[TopicSubjectCode]],LessonLookup[[#This Row],[Topic]],".",LessonLookup[[#This Row],[Lesson]]),IF(LessonLookup[[#This Row],[TopicStage]]="A",_xlfn.CONCAT(LessonLookup[[#This Row],[TopicStage]]&LessonLookup[[#This Row],[TopicSubjectCode]]&"."&LessonLookup[[#This Row],[Topic]]&"."&LessonLookup[[#This Row],[Lesson]]),_xlfn.CONCAT(LessonLookup[[#This Row],[TopicStage]],".",LessonLookup[[#This Row],[TopicSubjectCode]],LessonLookup[[#This Row],[Topic]],".",LessonLookup[[#This Row],[Lesson]])))) -> 7B3.6 | K28: =IF(LessonLookup[[#This Row],[LessonTitleAuto]]="",LessonLookup[[#This Row],[LessonTitleEnter]],LessonLookup[[#This Row],[LessonTitleAuto]]) -> Human impact on food webs | L28: Human impact on food webs | M28: Standard | N28: =COUNTIF(StatementLookup[LessonID],LessonLookup[[#This Row],[LessonID]]) -> 3 | O28: 1 | P28: Investigate and evaluate the impact that humans have on ecosystems and on species within food webs | Q28: Plenary: All pests should be made extinct. Plus – we would never need to use pesticides again Minus – we would be destroying the food of other animals and this would damage food websInteresting – How do you classify something as a ‘pest’? Worksheet: 7De-4 | T28: =IF(ISERROR(_xlfn.XLOOKUP(LessonLookup[[#This Row],[TopicID]],TopicLookup[TopicID],TopicLookup[TopicTitle])),"",_xlfn.XLOOKUP(LessonLookup[[#This Row],[TopicID]],TopicLookup[TopicID],TopicLookup[TopicTitle])) -> Variation | U28: =IF(LessonLookup[[#This Row],[Lesson]]="R",_xlfn.CONCAT("Revision of topic "&LessonLookup[[#This Row],[TopicID]]&" "&LessonLookup[[#This Row],[TopicTitle]]),IF(LessonLookup[[#This Row],[Lesson]]="T",_xlfn.CONCAT("Topic test: "&LessonLookup[[#This Row],[TopicID]]&" "&LessonLookup[[#This Row],[TopicTitle]]), IF(LessonLookup[[#This Row],[Lesson]]="F",_xlfn.CONCAT("Test feedback: "&LessonLookup[[#This Row],[TopicID]]&" "&LessonLookup[[#This Row],[TopicTitle]]),"")))
A29: =_xlfn.XLOOKUP(LessonLookup[[#This Row],[TopicID]],TopicLookup[TopicID],TopicLookup[SyllabusSubject]) -> Science | B29: =_xlfn.XLOOKUP(LessonLookup[[#This Row],[TopicID]],TopicLookup[TopicID],TopicLookup[SyllabusKeyStage]) -> 3 | C29: =_xlfn.XLOOKUP(LessonLookup[[#This Row],[TopicID]],topics!I:I,topics!D:D) -> KS3.Science | D29: =_xlfn.XLOOKUP(LessonLookup[[#This Row],[TopicID]],topics!I:I,topics!E:E) -> Y7.Science | E29: 7 | F29: B | G29: 3 | H29: 7 | I29: =IF(OR(LessonLookup[[#This Row],[TopicStage]]=7,LessonLookup[[#This Row],[TopicStage]]=8),_xlfn.CONCAT(LessonLookup[[#This Row],[TopicStage]],LessonLookup[[#This Row],[TopicSubjectCode]],LessonLookup[[#This Row],[Topic]]),IF(LessonLookup[[#This Row],[TopicStage]]="G",_xlfn.CONCAT(LessonLookup[[#This Row],[TopicSubjectCode]],LessonLookup[[#This Row],[Topic]]),IF(LessonLookup[[#This Row],[TopicStage]]="A",_xlfn.CONCAT(LessonLookup[[#This Row],[TopicStage]],LessonLookup[[#This Row],[TopicSubjectCode]],".",LessonLookup[[#This Row],[Topic]]),_xlfn.CONCAT(LessonLookup[[#This Row],[TopicStage]],".",LessonLookup[[#This Row],[TopicSubjectCode]],".",LessonLookup[[#This Row],[Topic]])))) -> 7B3 | J29: =IF(OR(LessonLookup[[#This Row],[TopicStage]]=7,LessonLookup[[#This Row],[TopicStage]]=8),_xlfn.CONCAT(LessonLookup[[#This Row],[TopicStage]],LessonLookup[[#This Row],[TopicSubjectCode]],LessonLookup[[#This Row],[Topic]],".",LessonLookup[[#This Row],[Lesson]]),IF(LessonLookup[[#This Row],[TopicStage]]="G",_xlfn.CONCAT(LessonLookup[[#This Row],[TopicSubjectCode]],LessonLookup[[#This Row],[Topic]],".",LessonLookup[[#This Row],[Lesson]]),IF(LessonLookup[[#This Row],[TopicStage]]="A",_xlfn.CONCAT(LessonLookup[[#This Row],[TopicStage]]&LessonLookup[[#This Row],[TopicSubjectCode]]&"."&LessonLookup[[#This Row],[Topic]]&"."&LessonLookup[[#This Row],[Lesson]]),_xlfn.CONCAT(LessonLookup[[#This Row],[TopicStage]],".",LessonLookup[[#This Row],[TopicSubjectCode]],LessonLookup[[#This Row],[Topic]],".",LessonLookup[[#This Row],[Lesson]])))) -> 7B3.7 | K29: =IF(LessonLookup[[#This Row],[LessonTitleAuto]]="",LessonLookup[[#This Row],[LessonTitleEnter]],LessonLookup[[#This Row],[LessonTitleAuto]]) -> Conservation | L29: Conservation | M29: Standard | N29: =COUNTIF(StatementLookup[LessonID],LessonLookup[[#This Row],[LessonID]]) -> 3 | O29: 1 | P29: Describe some strategies for in-situ and ex-situ conservation | Q29: Pupils divide into groups and prepare presentations on the different threats to biodiversity and how these have been/can resolved: 1) Habitat destruction 2) Invading species 3) Population increase 4) Pollution 5) OverexploitationPupils present to the class. | T29: =IF(ISERROR(_xlfn.XLOOKUP(LessonLookup[[#This Row],[TopicID]],TopicLookup[TopicID],TopicLookup[TopicTitle])),"",_xlfn.XLOOKUP(LessonLookup[[#This Row],[TopicID]],TopicLookup[TopicID],TopicLookup[TopicTitle])) -> Variation | U29: =IF(LessonLookup[[#This Row],[Lesson]]="R",_xlfn.CONCAT("Revision of topic "&LessonLookup[[#This Row],[TopicID]]&" "&LessonLookup[[#This Row],[TopicTitle]]),IF(LessonLookup[[#This Row],[Lesson]]="T",_xlfn.CONCAT("Topic test: "&LessonLookup[[#This Row],[TopicID]]&" "&LessonLookup[[#This Row],[TopicTitle]]), IF(LessonLookup[[#This Row],[Lesson]]="F",_xlfn.CONCAT("Test feedback: "&LessonLookup[[#This Row],[TopicID]]&" "&LessonLookup[[#This Row],[TopicTitle]]),"")))
A30: =_xlfn.XLOOKUP(LessonLookup[[#This Row],[TopicID]],TopicLookup[TopicID],TopicLookup[SyllabusSubject]) -> Science | B30: =_xlfn.XLOOKUP(LessonLookup[[#This Row],[TopicID]],TopicLookup[TopicID],TopicLookup[SyllabusKeyStage]) -> 3 | C30: =_xlfn.XLOOKUP(LessonLookup[[#This Row],[TopicID]],topics!I:I,topics!D:D) -> KS3.Science | D30: =_xlfn.XLOOKUP(LessonLookup[[#This Row],[TopicID]],topics!I:I,topics!E:E) -> Y7.Science | E30: 7 | F30: B | G30: 3 | H30: F | I30: =IF(OR(LessonLookup[[#This Row],[TopicStage]]=7,LessonLookup[[#This Row],[TopicStage]]=8),_xlfn.CONCAT(LessonLookup[[#This Row],[TopicStage]],LessonLookup[[#This Row],[TopicSubjectCode]],LessonLookup[[#This Row],[Topic]]),IF(LessonLookup[[#This Row],[TopicStage]]="G",_xlfn.CONCAT(LessonLookup[[#This Row],[TopicSubjectCode]],LessonLookup[[#This Row],[Topic]]),IF(LessonLookup[[#This Row],[TopicStage]]="A",_xlfn.CONCAT(LessonLookup[[#This Row],[TopicStage]],LessonLookup[[#This Row],[TopicSubjectCode]],".",LessonLookup[[#This Row],[Topic]]),_xlfn.CONCAT(LessonLookup[[#This Row],[TopicStage]],".",LessonLookup[[#This Row],[TopicSubjectCode]],".",LessonLookup[[#This Row],[Topic]])))) -> 7B3 | J30: =IF(OR(LessonLookup[[#This Row],[TopicStage]]=7,LessonLookup[[#This Row],[TopicStage]]=8),_xlfn.CONCAT(LessonLookup[[#This Row],[TopicStage]],LessonLookup[[#This Row],[TopicSubjectCode]],LessonLookup[[#This Row],[Topic]],".",LessonLookup[[#This Row],[Lesson]]),IF(LessonLookup[[#This Row],[TopicStage]]="G",_xlfn.CONCAT(LessonLookup[[#This Row],[TopicSubjectCode]],LessonLookup[[#This Row],[Topic]],".",LessonLookup[[#This Row],[Lesson]]),IF(LessonLookup[[#This Row],[TopicStage]]="A",_xlfn.CONCAT(LessonLookup[[#This Row],[TopicStage]]&LessonLookup[[#This Row],[TopicSubjectCode]]&"."&LessonLookup[[#This Row],[Topic]]&"."&LessonLookup[[#This Row],[Lesson]]),_xlfn.CONCAT(LessonLookup[[#This Row],[TopicStage]],".",LessonLookup[[#This Row],[TopicSubjectCode]],LessonLookup[[#This Row],[Topic]],".",LessonLookup[[#This Row],[Lesson]])))) -> 7B3.F | K30: =IF(LessonLookup[[#This Row],[LessonTitleAuto]]="",LessonLookup[[#This Row],[LessonTitleEnter]],LessonLookup[[#This Row],[LessonTitleAuto]]) -> Test feedback: 7B3 Variation | L30: Null | M30: Feedback | N30: =COUNTIF(StatementLookup[LessonID],LessonLookup[[#This Row],[LessonID]]) -> 1 | O30: 1 | T30: =IF(ISERROR(_xlfn.XLOOKUP(LessonLookup[[#This Row],[TopicID]],TopicLookup[TopicID],TopicLookup[TopicTitle])),"",_xlfn.XLOOKUP(LessonLookup[[#This Row],[TopicID]],TopicLookup[TopicID],TopicLookup[TopicTitle])) -> Variation | U30: =IF(LessonLookup[[#This Row],[Lesson]]="R",_xlfn.CONCAT("Revision of topic "&LessonLookup[[#This Row],[TopicID]]&" "&LessonLookup[[#This Row],[TopicTitle]]),IF(LessonLookup[[#This Row],[Lesson]]="T",_xlfn.CONCAT("Topic test: "&LessonLookup[[#This Row],[TopicID]]&" "&LessonLookup[[#This Row],[TopicTitle]]), IF(LessonLookup[[#This Row],[Lesson]]="F",_xlfn.CONCAT("Test feedback: "&LessonLookup[[#This Row],[TopicID]]&" "&LessonLookup[[#This Row],[TopicTitle]]),""))) -> Test feedback: 7B3 Variation
A31: =_xlfn.XLOOKUP(LessonLookup[[#This Row],[TopicID]],TopicLookup[TopicID],TopicLookup[SyllabusSubject]) -> Science | B31: =_xlfn.XLOOKUP(LessonLookup[[#This Row],[TopicID]],TopicLookup[TopicID],TopicLookup[SyllabusKeyStage]) -> 3 | C31: =_xlfn.XLOOKUP(LessonLookup[[#This Row],[TopicID]],topics!I:I,topics!D:D) -> KS3.Science | D31: =_xlfn.XLOOKUP(LessonLookup[[#This Row],[TopicID]],topics!I:I,topics!E:E) -> Y7.Science | E31: 7 | F31: B | G31: 3 | H31: R | I31: =IF(OR(LessonLookup[[#This Row],[TopicStage]]=7,LessonLookup[[#This Row],[TopicStage]]=8),_xlfn.CONCAT(LessonLookup[[#This Row],[TopicStage]],LessonLookup[[#This Row],[TopicSubjectCode]],LessonLookup[[#This Row],[Topic]]),IF(LessonLookup[[#This Row],[TopicStage]]="G",_xlfn.CONCAT(LessonLookup[[#This Row],[TopicSubjectCode]],LessonLookup[[#This Row],[Topic]]),IF(LessonLookup[[#This Row],[TopicStage]]="A",_xlfn.CONCAT(LessonLookup[[#This Row],[TopicStage]],LessonLookup[[#This Row],[TopicSubjectCode]],".",LessonLookup[[#This Row],[Topic]]),_xlfn.CONCAT(LessonLookup[[#This Row],[TopicStage]],".",LessonLookup[[#This Row],[TopicSubjectCode]],".",LessonLookup[[#This Row],[Topic]])))) -> 7B3 | J31: =IF(OR(LessonLookup[[#This Row],[TopicStage]]=7,LessonLookup[[#This Row],[TopicStage]]=8),_xlfn.CONCAT(LessonLookup[[#This Row],[TopicStage]],LessonLookup[[#This Row],[TopicSubjectCode]],LessonLookup[[#This Row],[Topic]],".",LessonLookup[[#This Row],[Lesson]]),IF(LessonLookup[[#This Row],[TopicStage]]="G",_xlfn.CONCAT(LessonLookup[[#This Row],[TopicSubjectCode]],LessonLookup[[#This Row],[Topic]],".",LessonLookup[[#This Row],[Lesson]]),IF(LessonLookup[[#This Row],[TopicStage]]="A",_xlfn.CONCAT(LessonLookup[[#This Row],[TopicStage]]&LessonLookup[[#This Row],[TopicSubjectCode]]&"."&LessonLookup[[#This Row],[Topic]]&"."&LessonLookup[[#This Row],[Lesson]]),_xlfn.CONCAT(LessonLookup[[#This Row],[TopicStage]],".",LessonLookup[[#This Row],[TopicSubjectCode]],LessonLookup[[#This Row],[Topic]],".",LessonLookup[[#This Row],[Lesson]])))) -> 7B3.R | K31: =IF(LessonLookup[[#This Row],[LessonTitleAuto]]="",LessonLookup[[#This Row],[LessonTitleEnter]],LessonLookup[[#This Row],[LessonTitleAuto]]) -> Revision of topic 7B3 Variation | L31: Null | M31: Review | N31: =COUNTIF(StatementLookup[LessonID],LessonLookup[[#This Row],[LessonID]]) -> 1 | O31: 1 | T31: =IF(ISERROR(_xlfn.XLOOKUP(LessonLookup[[#This Row],[TopicID]],TopicLookup[TopicID],TopicLookup[TopicTitle])),"",_xlfn.XLOOKUP(LessonLookup[[#This Row],[TopicID]],TopicLookup[TopicID],TopicLookup[TopicTitle])) -> Variation | U31: =IF(LessonLookup[[#This Row],[Lesson]]="R",_xlfn.CONCAT("Revision of topic "&LessonLookup[[#This Row],[TopicID]]&" "&LessonLookup[[#This Row],[TopicTitle]]),IF(LessonLookup[[#This Row],[Lesson]]="T",_xlfn.CONCAT("Topic test: "&LessonLookup[[#This Row],[TopicID]]&" "&LessonLookup[[#This Row],[TopicTitle]]), IF(LessonLookup[[#This Row],[Lesson]]="F",_xlfn.CONCAT("Test feedback: "&LessonLookup[[#This Row],[TopicID]]&" "&LessonLookup[[#This Row],[TopicTitle]]),""))) -> Revision of topic 7B3 Variation
